Workbook
Name _____: #REF!
Name _____: #REF!
Name _____esc15: #REF!
Name _____esc15: #REF!
Name _____esc15: #REF!
Name _____esc4: #REF!
Name _____esc4: #REF!
Name _____esc4: #REF!
Name _____esc6: #REF!
Name _____esc6: #REF!
Name _____esc6: #REF!
Name ____esc15: #REF!
Name ____esc4: #REF!
Name ____esc6: #REF!
Name ___esc15: #REF!
Name ___esc15: #REF!
Name ___esc15: #REF!
Name ___esc4: #REF!
Name ___esc4: #REF!
Name ___esc4: #REF!
Name ___esc6: #REF!
Name ___esc6: #REF!
Name ___esc6: #REF!
Name __esc15: #REF!
Name __esc4: #REF!
Name __esc6: #REF!
Name _esc15: #REF!
Name _esc15: #REF!
Name _esc15: #REF!
Name _esc4: #REF!
Name _esc4: #REF!
Name _esc4: #REF!
Name _esc6: #REF!
Name _esc6: #REF!
Name _esc6: #REF!
Name ABC: #REF!
Name ABC: #REF!
Name Asf: #REF!
Name Asf: #REF!
Name Asf: #REF!
Name Asf: #REF!
Name Asf: #REF!
Name Asf_1: '[1]REDE COLETORA'!#REF!
Name Asf_1: '[1]REDE COLETORA'!#REF!
Name Asf_1: '[1]REDE COLETORA'!#REF!
Name Asf_1: '[1]REDE COLETORA'!#REF!
Name Asf_1: '[1]REDE COLETORA'!#REF!
Name Asf_2: '[1]REDE COLETORA'!#REF!
Name Asf_2: '[1]REDE COLETORA'!#REF!
Name Asf_2: '[1]REDE COLETORA'!#REF!
Name Asf_2: '[1]REDE COLETORA'!#REF!
Name Asf_2: '[1]REDE COLETORA'!#REF!
Name Asf_3: '[1]REDE COLETORA'!#REF!
Name Asf_3: '[1]REDE COLETORA'!#REF!
Name Cim: #REF!
Name Cim: #REF!
Name Cim: #REF!
Name Cim: #REF!
Name Cim: #REF!
Name Cim_1: '[1]REDE COLETORA'!#REF!

Sheet PLANILHA Fase I
B1: PLANILHA ORÇAMENTÁRIA | S1: 12582234
B2: PROJETO: | F2: SAE ITUIUTABA/MG - AMPLIAÇÃO DE CAPTAÇÃO DO RIO TIJUCO E ADUÇÃO DE ÁGUA BRUTA | P2: DATA: | Q2: 42825 | S2: 1398026
B3: Fonte de pesquisa dos custos unitários: | F3: SINAPI, Mercado | J3: REFERÊNCIA: FEV/2017 | M3: BDI FORN. | N3: ='BDI-Fornecimento '!AI13/100 -> 0.0012 | P3: BDI SERV. | Q3: ='BDI-Serviços '!AI13/100 -> 0.002594 | R3: =N466 -> #REF! | S3: =SUM(S1:S2) -> 13980260 | T3: =S3/R3 -> #REF!
B4: ITEM | C4: DESCRIÇÃO DO ITEM | L4: QUANT. | M4: UNIDADE | N4: CUSTO (R$) | R4: Código Fonte SINAPI, SETOP, ORÇAMENTO
N5: UNIT. S/ BDI | O5: BDI | P5: UNIT. C/ BDI | Q5: TOTAL
B6: 1 | C6: SERVIÇOS PRELIMINARES | Q6: =SUM(Q7:Q11) -> 52238.57
B7: 1.1 | C7: Placas de obras (3,0 m x1,5 m), em chapa galvanizada com pintura esmalte, com padrão estabelecido pelo agente financiador, 04 unidades. | L7: 2 | M7: m² | N7: 310.89 | O7: =(1+$Q$3) -> 1.002594 | P7: =ROUND(N7*O7,2) -> 311.7 | Q7: =ROUND(L7*P7,2) -> 623.4 | R7: 74209/001
B8: 1.2 | C8: Barracão de obras em chapa de madeira, cobertura em fibrocimento, com as seguintes áreas mínimas: escritório fisclaização 17 m², escritório contratada 17 m², vestiário 25 m², depósito e ferramentaria 20 m², Instalações sanitárias 10 m². | L8: =17+17+25+20+10 -> 89 | M8: m² | N8: =(17*530.99+17*530.99+25*491.39+20*389.05+10*491.39)/(17+17+25+20+10) -> 483.52034 | O8: =(1+$Q$3) -> 1.002594 | P8: =ROUND(N8*O8,2) -> 484.77 | Q8: =ROUND(L8*P8,2) -> 43144.53 | R8: 93207+93207+93212+93208+93212
B9: 1.3 | C9: Carga, manobra e descarga de materiais, para mobilização e desmobilização de obra. | L9: 11 | M9: t | N9: 8.5 | O9: =(1+$Q$3) -> 1.002594 | P9: =ROUND(N9*(O9),2) -> 8.52 | Q9: =ROUND(L9*P9,2) -> 93.72 | R9: 72850 | S9: =SUM(Q9:Q11)/2 -> 4235.32
B10: 1.4 | C10: Transporte com caminhão carroceria, 9 t , DMT = 500 km. | L10: =9*500 -> 4500 | M10: m³xkm | N10: 0.67 | O10: =(1+$Q$3) -> 1.002594 | P10: =ROUND(N10*(O10),2) -> 0.67 | Q10: =ROUND(L10*P10,2) -> 3015 | R10: 72884
B11: 1.5 | C11: Caminhão Munck, para mobilização e desmobilização de obra. | L11: 32 | M11: chp | N11: 167.13 | O11: =(1+$Q$3) -> 1.002594 | P11: =ROUND(N11*(O11),2) -> 167.56 | Q11: =ROUND(L11*P11,2) -> 5361.92 | R11: 89876
B12: 1.6 | C12: Motorista operador de munck com encargos com complementares | L12: 32 | M12: h | N12: 13.81 | O12: =(1+$Q$3) -> 1.002594 | P12: =ROUND(N12*(O12),2) -> 13.85 | Q12: =ROUND(L12*P12,2) -> 443.2 | R12: 88286
B13: 2 | C13: AMPLIAÇÃO DA CAPTAÇÃO RIO TIJUCO | Q13: =SUM(Q14:Q149) -> #REF!
B14: 2.1 | C14: Limpeza de terreno com raspagem da vegetação superficial em área de terraplanagem com acréscimo de 5 m em bordas laterais de pés de taludes | L14: =457.39 -> 457.39 | M14: m² | N14: 0.46 | O14: =(1+$Q$3) -> 1.002594 | P14: =ROUND(N14*O14,2) -> 0.46 | Q14: =ROUND(L14*P14,2) -> 210.4 | R14: 73822/002
B15: 2.2 | C15: Locação da unidade em tabeiras | L15: =L21 -> 311.81 | M15: m² | N15: 4.66 | O15: =(1+$Q$3) -> 1.002594 | P15: =ROUND(N15*O15,2) -> 4.67 | Q15: =ROUND(L15*P15,2) -> 1456.15 | R15: 74077/003
B16: 2.3 | C16: Demolição de alvenaria estrutural de blocos de concreto | L16: =7.98*6+53.17 -> 101.05 | M16: m³ | N16: 46.56 | O16: =(1+$Q$3) -> 1.002594 | P16: =ROUND(N16*O16,2) -> 46.68 | Q16: =ROUND(L16*P16,2) -> 4717.01 | R16: 72214
B17: 2.4 | C17: Escavação mecânica em material de 1A categoria até 3,50 m de profundidade | L17: =457.39*3.5 -> 1600.865 | M17: m³ | N17: 2.59 | O17: =(1+$Q$3) -> 1.002594 | P17: =ROUND(N17*O17,2) -> 2.6 | Q17: =ROUND(L17*P17,2) -> 4162.25 | R17: 79480
B18: 2.5 | C18: Escavação mecânica em material de 2A categoria de 3,50 até 4,50 m de profundidade | L18: =457.39*1 -> 457.39 | M18: m³ | N18: 10.62 | O18: =(1+$Q$3) -> 1.002594 | P18: =ROUND(N18*O18,2) -> 10.65 | Q18: =ROUND(L18*P18,2) -> 4871.2 | R18: 72917
B19: 2.6 | C19: Escavação em material de 3A categoria com explosivos | L19: =457.39*3.1 -> 1417.909 | M19: m³ | N19: 66.42 | O19: =(1+$Q$3) -> 1.002594 | P19: =ROUND(N19*O19,2) -> 66.59 | Q19: =ROUND(L19*P19,2) -> 94418.56 | R19: 65000198
B20: 2.7 | C20: Escoramento continuo de valas | L20: =325.16*2 -> 650.32 | M20: m² | N20: 44.93 | O20: =(1+$Q$3) -> 1.002594 | P20: =ROUND(N20*O20,2) -> 45.05 | Q20: =ROUND(L20*P20,2) -> 29296.92 | R20: 73877/001
B21: 2.8 | C21: Nivelamento e compactação de fundo de escavação | L21: =311.81 -> 311.81 | M21: m² | N21: 1.83 | O21: =(1+$Q$3) -> 1.002594 | P21: =ROUND(N21*O21,2) -> 1.83 | Q21: =ROUND(L21*P21,2) -> 570.61 | R21: 94099
B22: 2.9 | C22: Injeção de concreto magro em fissura de rochas | L22: 2 | M22: m³ | N22: 209.01 | O22: =(1+$Q$3) -> 1.002594 | P22: =ROUND(N22*O22,2) -> 209.55 | Q22: =ROUND(L22*P22,2) -> 419.1 | R22: 94962 | U22: =3611.02+78.82*2 -> 3768.66
B23: 2.10 | C23: Lastro de brita corrida,10 cm | L23: =L21 -> 311.81 | M23: m³ | N23: 108.12 | O23: =(1+$Q$3) -> 1.002594 | P23: =ROUND(N23*O23,2) -> 108.4 | Q23: =ROUND(L23*P23,2) -> 33800.2 | R23: 94118 | U23: =3115*1.33+(3435.06+149.92*2)*1.4 -> 9371.81
B24: 2.11 | C24: Fornecimento e instalação de de lona 200 micras, para fundo das estruturas | L24: =L23 -> 311.81 | M24: m² | N24: 4.33 | O24: =(1+$Q$3) -> 1.002594 | P24: =ROUND(N24*O24,2) -> 4.34 | Q24: =ROUND(L24*P24,2) -> 1353.26 | R24: 68053 | U24: =SUM(U22:U23) -> 13140.47
B25: 2.12 | C25: Reaterro com compactação mecânica | L25: =L17+L19-(L21*7.6) -> 649.018 | M25: m³ | N25: 17.69 | O25: =(1+$Q$3) -> 1.002594 | P25: =ROUND(N25*O25,2) -> 17.74 | Q25: =ROUND(L25*P25,2) -> 11513.58 | R25: 93382
B26: 2.13 | C26: Carga e descarga mecânica, utilizando caminhão basculante e pá carregadeira, de material da raspação superficial e escavado, com empolamento de 30% | L26: =(L17+L19+L14*0.05)*1.3 -> 3954.1366 | M26: m³ | N26: 1.43 | O26: =(1+$Q$3) -> 1.002594 | P26: =ROUND(N26*O26,2) -> 1.43 | Q26: =ROUND(L26*P26,2) -> 5654.42 | R26: 74010/001
B27: 2.14 | C27: Transporte local com caminhão basculante, em rodovia com revestimento primário. DMT até 10 km, de material da raspação superficial e escavado, com empolamento de 30% | L27: =L26*10 -> 39541.365 | M27: m³xkm | N27: 0.79 | O27: =(1+$Q$3) -> 1.002594 | P27: =ROUND(N27*O27,2) -> 0.79 | Q27: =ROUND(L27*P27,2) -> 31237.68 | R27: 95303
B28: 2.15 | C28: Carga e descarga mecânica, utilizando caminhão basculante e pá carregadeira, de material de 1ª categoria para empréstimo, com empolamento de 30% | L28: =L25*1.3 -> 843.7234 | M28: m³ | N28: 1.43 | O28: =(1+$Q$3) -> 1.002594 | P28: =ROUND(N28*O28,2) -> 1.43 | Q28: =ROUND(L28*P28,2) -> 1206.52 | R28: 74010/001
B29: 2.16 | C29: Transporte local com caminhão basculante, em rodovia com revestimento primário DMT até 2,50 km, de material de 1ª categoria para empréstimo, com empolamento de 30%. | L29: =L28*2.5 -> 2109.3085 | M29: m³xkm | N29: 0.79 | O29: =(1+$Q$3) -> 1.002594 | P29: =ROUND(N29*O29,2) -> 0.79 | Q29: =ROUND(L29*P29,2) -> 1666.35 | R29: 95303
B30: 2.17 | C30: Rebaixamento de nível de água, profundidade mínima de 150 cm abaixo da cota mínima da estrutura, inclusive bombas, ponteiras, mangotes, etc. | L30: =24*30 -> 720 | M30: h | N30: 2.7 | O30: =(1+$Q$3) -> 1.002594 | P30: =ROUND(N30*O30,2) -> 2.71 | Q30: =ROUND(L30*P30,2) -> 1951.2 | R30: 1383
B31: 2.18 | C31: Concreto fck 25 MPa, preparo mecânico com betoneira | L31: =108.19+26.41+5.03 -> 139.63 | M31: m³ | N31: 264.39 | O31: =(1+$Q$3) -> 1.002594 | P31: =ROUND(N31*O31,2) -> 265.08 | Q31: =ROUND(L31*P31,2) -> 37013.12 | R31: 94971
B32: 2.19 | C32: Lançamento manual de concreto | L32: =L31 -> 139.63 | M32: m³ | N32: 79.75 | O32: =(1+$Q$3) -> 1.002594 | P32: =ROUND(N32*O32,2) -> 79.96 | Q32: =ROUND(L32*P32,2) -> 11164.81 | R32: 74157/004
B33: 2.20 | C33: Forma para concreto em tabua, inclusive desforma | L33: =879.07+316.92+35.25 -> 1231.24 | M33: m² | N33: 31.68 | O33: =(1+$Q$3) -> 1.002594 | P33: =ROUND(N33*O33,2) -> 31.76 | Q33: =ROUND(L33*P33,2) -> 39104.18 | R33: 5651 | S33: =879.07+316.92+35.25 -> 1231.24
B34: 2.22 | C34: Corte e dobra de acço CA-50, diâmetro de 6.3 mm, utilizado em estruturas diversas, exceto lajes. | L34: =117.3+719.7+66.8+129+151.7+136.2+210 -> 1530.7 | M34: kg | N34: 6.84 | O34: =(1+$Q$3) -> 1.002594 | P34: =ROUND(N34*O34,2) -> 6.86 | Q34: =ROUND(L34*P34,2) -> 10500.6 | R34: 92792
B35: 2.23 | C35: Corte e dobra de acço CA-50, diâmetro de 8.0 mm, utilizado em estruturas diversas, exceto lajes. | L35: =123.2+192.7+838.6+29.6+313.7+308+144.4 -> 1950.2 | M35: kg | N35: 7 | O35: =(1+$Q$3) -> 1.002594 | P35: =ROUND(N35*O35,2) -> 7.02 | Q35: =ROUND(L35*P35,2) -> 13690.4 | R35: 92793
B36: 2.24 | C36: Corte e dobra de acço CA-50, diâmetro de 10.0 mm, utilizado em estruturas diversas, exceto lajes. | L36: =441.1+4060.8+1725+1232.7+1388.8+1377+3257.1 -> 13482.5 | M36: kg | N36: 5.76 | O36: =(1+$Q$3) -> 1.002594 | P36: =ROUND(N36*O36,2) -> 5.77 | Q36: =ROUND(L36*P36,2) -> 77794.03 | R36: 92794
B37: 2.25 | C37: Corte e dobra de acço CA-50, diâmetro de 12.5 mm, utilizado em estruturas diversas, exceto lajes. | L37: =7439.3+18620.5+1276.1+5672.8+1943.2+325.8+390 -> 35667.7 | M37: kg | N37: 4.86 | O37: =(1+$Q$3) -> 1.002594 | P37: =ROUND(N37*O37,2) -> 4.87 | Q37: =ROUND(L37*P37,2) -> 173701.7 | R37: 92795
B38: 2.26 | C38: Corte e dobra de acço CA-50, diâmetro de 16.0 mm, utilizado em estruturas diversas, exceto lajes. | L38: =4323.9 -> 4323.9 | M38: kg | N38: 3.86 | O38: =(1+$Q$3) -> 1.002594 | P38: =ROUND(N38*O38,2) -> 3.87 | Q38: =ROUND(L38*P38,2) -> 16733.49 | R38: 92796
B39: 2.27 | C39: Corte e dobra de acço CA-60, diâmetro de 5.0 mm, utilizado em lajes. | L39: =28.2 -> 28.2 | M39: kg | N39: 5.18 | O39: =(1+$Q$3) -> 1.002594 | P39: =ROUND(N39*O39,2) -> 5.19 | Q39: =ROUND(L39*P39,2) -> 146.36 | R39: 92800
B40: 2.28 | C40: Corte e dobra de acço CA-50, diâmetro de 6.3 mm, utilizado em lajes. | L40: =3.1+16.4 -> 19.5 | M40: kg | N40: 4.91 | O40: =(1+$Q$3) -> 1.002594 | P40: =ROUND(N40*O40,2) -> 4.92 | Q40: =ROUND(L40*P40,2) -> 95.94 | R40: 92801
B41: 2.29 | C41: Corte e dobra de acço CA-50, diâmetro de 8.0 mm, utilizado em lajes. | L41: =22.4+24.5+60.7 -> 107.6 | M41: kg | N41: 5.17 | O41: =(1+$Q$3) -> 1.002594 | P41: =ROUND(N41*O41,2) -> 5.18 | Q41: =ROUND(L41*P41,2) -> 557.37 | R41: 92802
B42: 2.30 | C42: Corte e dobra de acço CA-50, diâmetro de 10.0 mm, utilizado em lajes. | L42: =1814.4+996.4+164 -> 2974.8 | M42: kg | N42: 4.22 | O42: =(1+$Q$3) -> 1.002594 | P42: =ROUND(N42*O42,2) -> 4.23 | Q42: =ROUND(L42*P42,2) -> 12583.4 | R42: 92803
B43: 2.31 | C43: Corte e dobra de acço CA-50, diâmetro de 12.5 mm, utilizado em lajes. | L43: =2188.1+1508.8+2844.7+73.7 -> 6615.3 | M43: kg | N43: 3.81 | O43: =(1+$Q$3) -> 1.002594 | P43: =ROUND(N43*O43,2) -> 3.82 | Q43: =ROUND(L43*P43,2) -> 25270.45 | R43: 92804
B44: 2.32 | C44: Corte e dobra de acço CA-50, diâmetro de 20.0 mm, utilizado em lajes. | L44: =108.8 -> 108.8 | M44: kg | N44: 3.53 | O44: =(1+$Q$3) -> 1.002594 | P44: =ROUND(N44*O44,2) -> 3.54 | Q44: =ROUND(L44*P44,2) -> 385.15 | R44: 92806
B45: 2.33 | C45: Enrocamento manual com pedra de mão de 20 a 50 cm, sem arrumação | L45: =(93.23+31.45+184.11+65.34+5.01)*0.1 -> 37.914 | M45: m³ | N45: 126.27 | O45: =(1+$Q$3) -> 1.002594 | P45: =ROUND(N45*O45,2) -> 126.6 | Q45: =ROUND(L45*P45,2) -> 4799.91 | R45: 73697
B46: 2.34 | C46: Fornecimento e plantio de gramíneas | L46: 551.94 | M46: m² | N46: 9.24 | O46: =(1+$Q$3) -> 1.002594 | P46: =ROUND(N46*O46,2) -> 9.26 | Q46: =ROUND(L46*P46,2) -> 5110.96 | R46: 74236/001
B47: 2.35 | C47: Comporta quadrada duplo sentido de fluxo, telar, tampa, guias e luva em ferro fundido dúctil NBR 6916 classe 42012, sedes, parafusos, haste e chumbadores em aço inox 18.8, cunhas ajustáveis em bronze ASTM B 147 liga 8A, DN 700 mm | L47: 4 | M47: un | N47: =COTAÇÃO!#REF! -> #REF! | O47: =(1+$N$3) -> 1.0012 | P47: =ROUND(N47*O47,2) -> #REF! | Q47: =ROUND(L47*P47,2) -> #REF! | R47: =COTAÇÃO!#REF! -> #REF!
B48: 2.36 | C48: Gradeamento em aço inoxidável 2"x1/4" espaçamento 3 cm, 612x320 cm, inclusive inserções e instalação (peso 1.820 kg). | L48: 1 | M48: un | N48: =1820*20.57 -> 37437.4 | O48: =(1+$N$3) -> 1.0012 | P48: =ROUND(N48*O48,2) -> 37482.32 | Q48: =ROUND(L48*P48,2) -> 37482.32 | R48: 00012760 (+20% de mão de obra)
B49: 2.37 | C49: Gradeamento em aço inoxidável 2"x1/4" espaçamento 10,27 cm, 612x320 cm, inclusive inserções e instalação (peso 530 kg). | L49: 1 | M49: un | N49: =530*20.57 -> 10902.1 | O49: =(1+$N$3) -> 1.0012 | P49: =ROUND(N49*O49,2) -> 10915.18 | Q49: =ROUND(L49*P49,2) -> 10915.18 | R49: 00012760 (+20% de mão de obra)
B50: 2.38 | C50: Rastelo para limpeza em tubo de aço DN 1. 1/2" com vergalhão de aço DN3/8" | L50: 1 | M50: un | N50: 300 | O50: =(1+$N$3) -> 1.0012 | P50: =ROUND(N50*O50,2) -> 300.36 | Q50: =ROUND(L50*P50,2) -> 300.36 | R50: Mercado
B51: 2.39 | C51: Curva 90° com flanges - Linha Clássica DN 600 PN 25 - 348 kg | L51: 1 | M51: un | N51: =COTAÇÃO!#REF! -> #REF! | O51: =(1+$N$3) -> 1.0012 | P51: =ROUND(N51*O51,2) -> #REF! | Q51: =ROUND(L51*P51,2) -> #REF! | R51: =COTAÇÃO!#REF! -> #REF!
B52: 2.40 | C52: Assentamento de conexões e acessórios | L52: =348*L51 -> 348 | M52: kg | N52: 0.79 | O52: =(1+$Q$3) -> 1.002594 | P52: =ROUND(N52*O52,2) -> 0.79 | Q52: =ROUND(L52*P52,2) -> 274.92 | R52: 83725
B53: 2.41 | C53: Curva 90° com flanges - Linha Clássica DN 150 PN 25 | L53: 1 | M53: un | N53: =COTAÇÃO!#REF! -> #REF! | O53: =(1+$N$3) -> 1.0012 | P53: =ROUND(N53*O53,2) -> #REF! | Q53: =ROUND(L53*P53,2) -> #REF! | R53: =COTAÇÃO!#REF! -> #REF!
B54: 2.42 | C54: Assentamento de conexões e acessórios | L54: =20*L53 -> 20 | M54: kg | N54: 1.29 | O54: =(1+$Q$3) -> 1.002594 | P54: =ROUND(N54*O54,2) -> 1.29 | Q54: =ROUND(L54*P54,2) -> 25.8 | R54: 83724
B55: 2.43 | C55: Redução com flanges concêntrica - Linha Clássica DN 600/400 PN 25 | L55: 3 | M55: un | N55: =COTAÇÃO!#REF! -> #REF! | O55: =(1+$N$3) -> 1.0012 | P55: =ROUND(N55*O55,2) -> #REF! | Q55: =ROUND(L55*P55,2) -> #REF! | R55: =COTAÇÃO!#REF! -> #REF!
B56: 2.44 | C56: Assentamento de conexões e acessórios | L56: =220*L55 -> 660 | M56: kg | N56: 0.79 | O56: =(1+$Q$3) -> 1.002594 | P56: =ROUND(N56*O56,2) -> 0.79 | Q56: =ROUND(L56*P56,2) -> 521.4 | R56: 83725
B57: 2.45 | C57: Redução com flanges concêntrica - Linha Clássica DN 400/250 PN 25 | L57: 1 | M57: un | N57: =COTAÇÃO!#REF! -> #REF! | O57: =(1+$N$3) -> 1.0012 | P57: =ROUND(N57*O57,2) -> #REF! | Q57: =ROUND(L57*P57,2) -> #REF! | R57: =COTAÇÃO!#REF! -> #REF!
B58: 2.46 | C58: Assentamento de conexões e acessórios | L58: =98*L57 -> 98 | M58: kg | N58: 0.79 | O58: =(1+$Q$3) -> 1.002594 | P58: =ROUND(N58*O58,2) -> 0.79 | Q58: =ROUND(L58*P58,2) -> 77.42 | R58: 83725
B59: 2.47 | C59: Redução com flanges concêntrica - Linha Clássica DN 250/150 PN 25 | L59: 1 | M59: un | N59: =COTAÇÃO!#REF! -> #REF! | O59: =(1+$N$3) -> 1.0012 | P59: =ROUND(N59*O59,2) -> #REF! | Q59: =ROUND(L59*P59,2) -> #REF! | R59: =COTAÇÃO!#REF! -> #REF!
B60: 2.48 | C60: Assentamento de conexões e acessórios | L60: =49*L59 -> 49 | M60: kg | N60: 1.29 | O60: =(1+$Q$3) -> 1.002594 | P60: =ROUND(N60*O60,2) -> 1.29 | Q60: =ROUND(L60*P60,2) -> 63.21 | R60: 83724
B61: 2.49 | C61: Toco com flanges e abas de vedação - Linha Clássica DN 600 PN 25 | L61: 4 | M61: un | N61: =COTAÇÃO!#REF! -> #REF! | O61: =(1+$N$3) -> 1.0012 | P61: =ROUND(N61*O61,2) -> #REF! | Q61: =ROUND(L61*P61,2) -> #REF! | R61: =COTAÇÃO!#REF! -> #REF! | W61: =5.34*0.166 -> 0.88644
B62: 2.50 | C62: Assentamento de tubos | L62: =337*L61 -> 1348 | M62: kg | N62: 0.79 | O62: =(1+$Q$3) -> 1.002594 | P62: =ROUND(N62*O62,2) -> 0.79 | Q62: =ROUND(L62*P62,2) -> 1064.92 | R62: 83725
B63: 2.51 | C63: Tubo com flanges - Linha Clássica DN 150 PN 10 C=166mm - 20,42kg | L63: 1 | M63: un | N63: =COTAÇÃO!#REF! -> #REF! | O63: =(1+$N$3) -> 1.0012 | P63: =ROUND(N63*O63,2) -> #REF! | Q63: =ROUND(L63*P63,2) -> #REF! | R63: =COTAÇÃO!#REF! -> #REF!
B64: 2.52 | C64: Assentamento de tubos | L64: 0.17 | M64: m | N64: 5.34 | O64: =(1+$Q$3) -> 1.002594 | P64: =ROUND(N64*O64,2) -> 5.35 | Q64: =ROUND(L64*P64,2) -> 0.91 | R64: 73887/003
B65: 2.53 | C65: Tubo com flanges - Linha Clássica DN 150 PN 10 C=530mm - 29,78 kg | L65: 1 | M65: un | N65: =COTAÇÃO!#REF! -> #REF! | O65: =(1+$N$3) -> 1.0012 | P65: =ROUND(N65*O65,2) -> #REF! | Q65: =ROUND(L65*P65,2) -> #REF! | R65: =COTAÇÃO!#REF! -> #REF!
B66: 2.54 | C66: Assentamento de tubos | L66: 0.53 | M66: m | N66: 5.34 | O66: =(1+$Q$3) -> 1.002594 | P66: =ROUND(N66*O66,2) -> 5.35 | Q66: =ROUND(L66*P66,2) -> 2.84 | R66: 73887/003
B67: 2.55 | C67: Tubo com flanges - Linha Clássica DN 600 PN 25 C=2071mm | L67: 1 | M67: un | N67: =COTAÇÃO!#REF! -> #REF! | O67: =(1+$N$3) -> 1.0012 | P67: =ROUND(N67*O67,2) -> #REF! | Q67: =ROUND(L67*P67,2) -> #REF! | R67: =COTAÇÃO!#REF! -> #REF!
B68: 2.56 | C68: Assentamento de tubos | L68: 2.071 | M68: m | N68: 18.65 | O68: =(1+$Q$3) -> 1.002594 | P68: =ROUND(N68*O68,2) -> 18.7 | Q68: =ROUND(L68*P68,2) -> 38.73 | R68: 73887/011
B69: 2.57 | C69: Tubo com flanges - Linha Clássica DN 600 PN 25 C=794mm | L69: 2 | M69: un | N69: =COTAÇÃO!#REF! -> #REF! | O69: =(1+$N$3) -> 1.0012 | P69: =ROUND(N69*O69,2) -> #REF! | Q69: =ROUND(L69*P69,2) -> #REF! | R69: =COTAÇÃO!#REF! -> #REF!
B70: 2.58 | C70: Assentamento de tubos | L70: 0.794 | M70: m | N70: 18.65 | O70: =(1+$Q$3) -> 1.002594 | P70: =ROUND(N70*O70,2) -> 18.7 | Q70: =ROUND(L70*P70,2) -> 14.85 | R70: 73887/011
B71: 2.59 | C71: Tubo com flanges - Linha Clássica DN 600 PN 25 C=350mm | L71: 2 | M71: un | N71: =COTAÇÃO!#REF! -> #REF! | O71: =(1+$N$3) -> 1.0012 | P71: =ROUND(N71*O71,2) -> #REF! | Q71: =ROUND(L71*P71,2) -> #REF! | R71: =COTAÇÃO!#REF! -> #REF!
B72: 2.60 | C72: Assentamento de tubos | L72: 0.35 | M72: m | N72: 18.65 | O72: =(1+$Q$3) -> 1.002594 | P72: =ROUND(N72*O72,2) -> 18.7 | Q72: =ROUND(L72*P72,2) -> 6.55 | R72: 73887/011
B73: 2.61 | C73: Tubo com flanges - Linha Clássica DN 600 PN 25 C=240mm | L73: 2 | M73: un | N73: =COTAÇÃO!#REF! -> #REF! | O73: =(1+$N$3) -> 1.0012 | P73: =ROUND(N73*O73,2) -> #REF! | Q73: =ROUND(L73*P73,2) -> #REF! | R73: =COTAÇÃO!#REF! -> #REF!
B74: 2.62 | C74: Assentamento de tubos | L74: 0.24 | M74: m | N74: 18.65 | O74: =(1+$Q$3) -> 1.002594 | P74: =ROUND(N74*O74,2) -> 18.7 | Q74: =ROUND(L74*P74,2) -> 4.49 | R74: 73887/011
B75: 2.63 | C75: Tubo com flanges - Linha Clássica DN 600 PN 25 C=335mm | L75: 3 | M75: un | N75: =COTAÇÃO!#REF! -> #REF! | O75: =(1+$N$3) -> 1.0012 | P75: =ROUND(N75*O75,2) -> #REF! | Q75: =ROUND(L75*P75,2) -> #REF! | R75: =COTAÇÃO!#REF! -> #REF!
B76: 2.64 | C76: Assentamento de tubos | L76: 0.335 | M76: m | N76: 18.65 | O76: =(1+$Q$3) -> 1.002594 | P76: =ROUND(N76*O76,2) -> 18.7 | Q76: =ROUND(L76*P76,2) -> 6.26 | R76: 73887/011
B77: 2.65 | C77: Tê com flanges - Linha Clássica DN 600 PN 25 | L77: 2 | M77: un | N77: =COTAÇÃO!#REF! -> #REF! | O77: =(1+$N$3) -> 1.0012 | P77: =ROUND(N77*O77,2) -> #REF! | Q77: =ROUND(L77*P77,2) -> #REF! | R77: =COTAÇÃO!#REF! -> #REF!
B78: 2.66 | C78: Assentamento de conexões e acessórios | L78: =474*L77 -> 948 | M78: kg | N78: 0.79 | O78: =(1+$Q$3) -> 1.002594 | P78: =ROUND(N78*O78,2) -> 0.79 | Q78: =ROUND(L78*P78,2) -> 748.92 | R78: 83725
B79: 2.67 | C79: Registro Oval c/ flanges e cunha metálica, com volante, s/ by pass e s/ redutor DN 600 PN 25 | L79: 2 | M79: un | N79: =COTAÇÃO!#REF! -> #REF! | O79: =(1+$N$3) -> 1.0012 | P79: =ROUND(N79*O79,2) -> #REF! | Q79: =ROUND(L79*P79,2) -> #REF! | R79: =COTAÇÃO!#REF! -> #REF!
B80: 2.68 | C80: Assentamento de conexões e acessórios | L80: =1340*L79 -> 2680 | M80: kg | N80: 0.79 | O80: =(1+$Q$3) -> 1.002594 | P80: =ROUND(N80*O80,2) -> 0.79 | Q80: =ROUND(L80*P80,2) -> 2117.2 | R80: 83725
B81: 2.69 | C81: Válvula de gaveta c/ flanges e cunha de borracha corpo curto c/ volante Euro 23 DN 150 | L81: 1 | M81: un | N81: =COTAÇÃO!#REF! -> #REF! | O81: =(1+$N$3) -> 1.0012 | P81: =ROUND(N81*O81,2) -> #REF! | Q81: =ROUND(L81*P81,2) -> #REF! | R81: =COTAÇÃO!#REF! -> #REF!
B82: 2.70 | C82: Assentamento de conexões e acessórios | L82: =33*L81 -> 33 | M82: kg | N82: 1.29 | O82: =(1+$Q$3) -> 1.002594 | P82: =ROUND(N82*O82,2) -> 1.29 | Q82: =ROUND(L82*P82,2) -> 42.57 | R82: 83724
B83: 2.71 | C83: Válvula de retenção DN600 PN 25 | L83: 2 | M83: un | N83: =COTAÇÃO!#REF! -> #REF! | O83: =(1+$N$3) -> 1.0012 | P83: =ROUND(N83*O83,2) -> #REF! | Q83: =ROUND(L83*P83,2) -> #REF! | R83: =COTAÇÃO!#REF! -> #REF!
B84: 2.72 | C84: Assentamento de conexões e acessórios | M84: kg | N84: 0.79 | O84: =(1+$Q$3) -> 1.002594 | P84: =ROUND(N84*O84,2) -> 0.79 | Q84: =ROUND(L84*P84,2) -> 0 | R84: 83725
B85: 2.73 | C85: Impermeabilização com cimento especial cristalizante, uma demão (Casa de bombas) | L85: =(4*2+8.1*2)*3.75 -> 90.75 | M85: m² | N85: 50.37 | O85: =(1+$Q$3) -> 1.002594 | P85: =ROUND(N85*O85,2) -> 50.5 | Q85: =ROUND(L85*P85,2) -> 4582.88 | R85: 73929/004
B86: 2.74 | C86: Adaptação das grades de piso existentes, inclusive cortes e soldas, com vistas ao seu aproveitamento na estrutura projetada. | L86: 32.41 | M86: m² | N86: ='Composição Fase I'!H5 -> 3161.5 | O86: =(1+$Q$3) -> 1.002594 | P86: =ROUND(N86*O86,2) -> 3169.7 | Q86: =ROUND(L86*P86,2) -> 102729.98 | R86: Composição 001
B87: 2.75 | C87: Lixamento de pintura de paredes, com escovamento, se necessário, para a retirada de desagregação, descascamento, bolhas e fissuras, eflorescências. | L87: =L92+L93 -> 369.3 | M87: m² | N87: 4.43 | O87: =(1+$Q$3) -> 1.002594 | P87: =ROUND(N87*O87,2) -> 4.44 | Q87: =ROUND(L87*P87,2) -> 1639.69 | R87: 84123
B88: 2.76 | C88: Lixamento de pintura de tetos, com escovamento, se necessário, para a retirada de desagregação, descascamento, bolhas e fissuras, eflorescências. | L88: =L94 -> 71.4 | M88: m² | N88: 4.43 | O88: =(1+$Q$3) -> 1.002594 | P88: =ROUND(N88*O88,2) -> 4.44 | Q88: =ROUND(L88*P88,2) -> 317.02 | R88: 84123
B89: 2.77 | C89: Lixamento de pintura de superfícies metálicas. | L89: =4*2.07*2.6+2.4*0.5+2*1.5*1.5+1.2*1.5+2.8*2.6+1.97*1*4+0.8*0.5+0.5*0.5*3+1.2*2.4+0.8*2.1*3 -> 53.258 | M89: m² | N89: 4.43 | O89: =(1+$Q$3) -> 1.002594 | P89: =ROUND(N89*O89,2) -> 4.44 | Q89: =ROUND(L89*P89,2) -> 236.47 | R89: 84123
B90: 2.78 | C90: Preparação para pintura em paredes, com fundo selador acrílico. | L90: =L92+L93+L94 -> 440.7 | M90: m² | N90: 1.74 | O90: =(1+$Q$3) -> 1.002594 | P90: =ROUND(N90*O90,2) -> 1.74 | Q90: =ROUND(L90*P90,2) -> 766.82 | R90: 88485
B91: 2.79 | C91: Pintura anticorrosiva a base de cromato de zinco, em superfícies metálicas. | L91: =L89 -> 53.258 | M91: m² | N91: 9.59 | O91: =(1+$Q$3) -> 1.002594 | P91: =ROUND(N91*O91,2) -> 9.61 | Q91: =ROUND(L91*P91,2) -> 511.81 | R91: 74064/002
B92: 2.80 | C92: Pintura de paredes internas, acrílica, 3 demãos, sem massa corrida, cor a definir pela fiscalização. | L92: =17.4*3+24.2*6+16.7*3 -> 247.5 | M92: m² | N92: 14.18 | O92: =(1+$Q$3) -> 1.002594 | P92: =ROUND(N92*O92,2) -> 14.22 | Q92: =ROUND(L92*P92,2) -> 3519.45 | R92: 79500/002
B93: 2.81 | C93: Pintura de paredes externas, acrílica, 3 demãos, sem massa corrida, cor a definir pela fiscalização. | L93: =23.5*3+17.1*3 -> 121.8 | M93: m² | N93: 14.18 | O93: =(1+$Q$3) -> 1.002594 | P93: =ROUND(N93*O93,2) -> 14.22 | Q93: =ROUND(L93*P93,2) -> 1732 | R93: 79500/002
B94: 2.82 | C94: Pintura de tetos, acrílica, sobre reboco, 3 demãos, sem massa corrida, cor branca. | L94: =17.1+32.4+21.9 -> 71.4 | M94: m² | N94: 14.18 | O94: =(1+$Q$3) -> 1.002594 | P94: =ROUND(N94*O94,2) -> 14.22 | Q94: =ROUND(L94*P94,2) -> 1015.31 | R94: 79500/002
B95: 2.83 | C95: Pintura esmalte sintético, 2 demãos, em estruturas de aço e ferro | L95: =L89 -> 53.258 | M95: m² | N95: 19.12 | O95: =(1+$Q$3) -> 1.002594 | P95: =ROUND(N95*O95,2) -> 19.17 | Q95: =ROUND(L95*P95,2) -> 1020.96 | R95: 73924/001
B96: 2.84 | C96: Placa de inauguração em alumínio fundido, 0,80x0,65 cm | L96: 1 | M96: un | N96: 723.8 | O96: =(1+$Q$3) -> 1.002594 | P96: =ROUND(N96*O96,2) -> 725.68 | Q96: =ROUND(L96*P96,2) -> 725.68 | R96: 10848
B97: 2.85 | C97: Pórtico Talha 5 T, 3 apoios, trole e talha manual, com dimensoes conforme projeto - Fornecimento e instalação | L97: 1 | M97: un | N97: ='Composição Fase I'!H26 -> #REF! | O97: =(1+$Q$3) -> 1.002594 | P97: =ROUND(N97*O97,2) -> #REF! | Q97: =ROUND(L97*P97,2) -> #REF! | R97: ='Composição Fase I'!A27 -> 005
B98: 2.86 | C98: Tela em inox malha quadrada, com 10 fios de 1/8" por decímetro, 706x204 cm, inclusive cantoneiras e chumbadores (+/-392 kg - Ver projeto) | L98: 1 | M98: un | N98: =392*20.57 -> 8063.44 | O98: =(1+$Q$3) -> 1.002594 | P98: =ROUND(N98*O98,2) -> 8084.36 | Q98: =ROUND(L98*P98,2) -> 8084.36 | R98: 00012760 (+20% de mão de obra)
B99: 2.87 | C99: Guarda-corpo em aço DN 1.1/2 polegadas, com pintura esmalte | L99: =44.02+18.85+18.85+18.85+18.85+6+1+3.2+14.7+1.4 -> 145.72 | M99: m | N99: 273.49 | O99: =(1+$Q$3) -> 1.002594 | P99: =ROUND(N99*O99,2) -> 274.2 | Q99: =ROUND(L99*P99,2) -> 39956.42 | R99: 73631
B100: 2.88 | C100: Concreto fck 25 MPa, preparo mecânico com betoneira, caixa de manobra | L100: 10.7 | M100: m³ | N100: 264.39 | O100: =(1+$Q$3) -> 1.002594 | P100: =ROUND(N100*O100,2) -> 265.08 | Q100: =ROUND(L100*P100,2) -> 2836.36 | R100: 94971
...

Sheet CRONOGRAMA Fase I
A1: CRONOGRAMA FÍSICO-FINANCEIRO
A2: PROJETO: | B2: ='PLANILHA Fase I'!F2 -> SAE ITUIUTABA/MG - AMPLIAÇÃO DE CAPTAÇÃO DO RIO TIJUCO E ADUÇÃO DE ÁGUA BRUTA
A3: FASE: | B3: PROJETO EXECUTIVO | I3: Data: | J3: ='PLANILHA Fase I'!Q2 -> 42825 | O3: Data: | P3: ='PLANILHA Fase I'!Q2 -> 42825
A4: ÍTEM | B4: DESCRIÇÃO DO SERVIÇO | C4: VALOR | D4: % | E4: MÊS 01 | F4: MÊS 02 | G4: MÊS 03 | H4: MÊS 04 | I4: MÊS 05 | J4: MÊS 06 | K4: MÊS 07 | L4: MÊS 08 | M4: MÊS 09 | N4: MÊS 10 | O4: MÊS 11 | P4: MÊS 12
A5: ='PLANILHA Fase I'!B6 -> 1 | B5: ='PLANILHA Fase I'!C6 -> SERVIÇOS PRELIMINARES | C5: ='PLANILHA Fase I'!Q6 -> 52238.57 | D5: =C5/$C$10 -> #REF! | E5: =1-J5 -> 0.9189 | J5: =ROUND(SUM('PLANILHA Fase I'!Q9:Q11)/2/'PLANILHA Fase I'!Q6,4) -> 0.0811
A6: ='PLANILHA Fase I'!B13 -> 2 | B6: ='PLANILHA Fase I'!C13 -> AMPLIAÇÃO DA CAPTAÇÃO RIO TIJUCO | C6: ='PLANILHA Fase I'!Q13 -> #REF! | D6: =C6/$C$10 -> #REF! | E6: 0.1 | F6: 0.15 | G6: 0.25 | H6: 0.25 | I6: 0.15 | J6: 0.1
A7: ='PLANILHA Fase I'!B150 -> 3 | B7: ='PLANILHA Fase I'!C150 -> AMPLIAÇÃO DA ADUTORA DE ÁGUA BRUTA - TIJUCO AO SÃO LOURENÇO | C7: ='PLANILHA Fase I'!Q150 -> #REF! | D7: =C7/$C$10 -> #REF! | E7: 0.15 | F7: 0.15 | G7: 0.2 | H7: 0.2 | I7: 0.15 | J7: 0.15
A8: ='PLANILHA Fase I'!B371 -> 4 | B8: ='PLANILHA Fase I'!C371 -> CAPTAÇÃO SÃO LOURENÇO | C8: ='PLANILHA Fase I'!Q371 -> #REF! | D8: =C8/$C$10 -> #REF! | H8: 0.1 | I8: 0.5 | J8: 0.4
A9: ='PLANILHA Fase I'!B459 -> 5 | B9: ='PLANILHA Fase I'!C459 -> ADMINISTRAÇÃO LOCAL DA OBRA | C9: ='PLANILHA Fase I'!Q459 -> 205350.6 | D9: =C9/$C$10 -> #REF! | E9: 0.16 | F9: 0.17 | G9: 0.17 | H9: 0.17 | I9: 0.17 | J9: 0.16
B10: TOTAIS PARCIAIS = | C10: =SUM(C5:C9) -> #REF! | D10: =SUM(D5:D9) -> #REF! | E10: =$C$5*E5+$C$6*E6+$C$7*E7+$C$8*E8+$C$9*E9 -> #REF! | F10: =$C$5*F5+$C$6*F6+$C$7*F7+$C$8*F8+$C$9*F9 -> #REF! | G10: =$C$5*G5+$C$6*G6+$C$7*G7+$C$8*G8+$C$9*G9 -> #REF! | H10: =$C$5*H5+$C$6*H6+$C$7*H7+$C$8*H8+$C$9*H9 -> #REF! | I10: =$C$5*I5+$C$6*I6+$C$7*I7+$C$8*I8+$C$9*I9 -> #REF! | J10: =$C$5*J5+$C$6*J6+$C$7*J7+$C$8*J8+$C$9*J9 -> #REF! | K10: =$C$5*K5+$C$6*K6+$C$7*K7+$C$8*K8+$C$9*K9 -> #REF! | L10: =$C$5*L5+$C$6*L6+$C$7*L7+$C$8*L8+$C$9*L9 -> #REF! | ... P10: =$C$5*P5+$C$6*P6+$C$7*P7+$C$8*P8+$C$9*P9 -> #REF!
E11: =E10/$C$10 -> #REF! | F11: =F10/$C$10 -> #REF! | G11: =G10/$C$10 -> #REF! | H11: =H10/$C$10 -> #REF! | I11: =I10/$C$10 -> #REF! | J11: =J10/$C$10 -> #REF! | K11: =K10/$C$10 -> #REF! | L11: =L10/$C$10 -> #REF! | ... P11: =P10/$C$10 -> #REF!
B12: TOTAIS ACUMULADOS = | C12: =C10 -> #REF! | D12: =D10 -> #REF! | E12: =E10 -> #REF! | F12: =E12+F10 -> #REF! | G12: =F12+G10 -> #REF! | H12: =G12+H10 -> #REF! | I12: =H12+I10 -> #REF! | J12: =I12+J10 -> #REF! | K12: =J12+K10 -> #REF! | L12: =K12+L10 -> #REF! | M12: =L12+M10 -> #REF! | ... P12: =O12+P10 -> #REF!
C16: Marlon Batista da Costa
C17: Eng. Civil / Sanitarista
C18: CREA 50744/D
G132: 11255
G133: 1600

Sheet BDI-Serviços 
E2: PLANILHA DE COMPOSIÇÃO DE BDI - SERVIÇOS
B7: Proponente | AD7: Orgão Financiador
B8: SAAE/PASSOS
B10: Empreendimento | W10: Município
B11: EXECUÇÃO DE OBRA DE SUBSTITUIÇÃO DE REDES E RAMAIS DE ÁGUA E ESGOTO EM DIVERSAS VIAS PÚBLICAS NA CIDADE DE PASSOS | W11: PASSOS/MG
B12: Regime de execução das obras: EMPREITADA POR PREÇO UNITÁRIO
B13: Composição do BDI sugerida | J13: Intervalos admissíveis sem justificativa | P13: Composição de BDI Adotada | X13: BDI Proposto: | AI13: =AL13 -> 0.2594 | AK13: =((1+V18+V16+V15)*(1+V17)*(1+V19)/((1-V20))) -> 1.2593549 | AL13: =ROUND(AK13-1,4) -> 0.2594
B15: 1 | C15: Garantia e Seguro (GS) | J15: De | K15: 0.0028 | M15: até | N15: 0.0075 | P15: Garantia: | V15: 0.015 | X15: BDI=((1+Ac+R+GS)×(1+Df)×(1+L))/((1-I))
B16: 2 | C16: Risco (R) | J16: De | K16: 0.01 | M16: até | N16: 0.0174 | P16: Risco: | V16: 0.015
B17: 3 | C17: Despesas financeiras (Df) | J17: De | K17: 0.0094 | M17: até | N17: 0.0117 | P17: Despesas financeiras: | V17: 0.01 | X17: Limites = 20,76% a 26,44%
B18: 4 | C18: Administração Central (Ac) | J18: De | K18: 0.0343 | M18: até | N18: 0.0671 | P18: Administração central: | V18: 0.0493 | X18: Observações:
B19: 5 | C19: Lucro (L) | J19: De | K19: 0.0674 | M19: até | N19: 0.094 | P19: Lucro: | V19: 0.09 | X19: i) Composição do BDI, intervalos admissíveis e fórmula de cálculo nos termos do Acórdão 2622/2013 do TCU.
B20: 6 | C20: Impostos (I) | J20: De | K20: =K21+K22+K23 -> 0.0465 | M20: até | N20: =N21+N22+N23 -> 0.0665 | P20: Tributos: | V20: =SUM(V21:W23) -> 0.0565
B21: 6.1 | C21: PIS | J21: De | K21: 0.0065 | M21: até | N21: 0.0065 | P21: =C21 -> PIS | V21: =(K21+N21)/2 -> 0.0065
B22: 6.2 | C22: COFINS | J22: De | K22: 0.03 | M22: até | N22: 0.03 | P22: =C22 -> COFINS | V22: =(K22+N22)/2 -> 0.03 | X22: ii) Tributos adotados = PIS + CONFINS+ ISS
B23: 6.3 | C23: ISS | J23: De | K23: 0.01 | M23: até | N23: 0.03 | P23: =C23 -> ISS | V23: 0.02

Sheet BDI-Fornecimento 
E2: PLANILHA DE COMPOSIÇÃO DE BDI - FORNECIMENTO DE MATERIAIS E EQUIPAMENTOS
B7: Proponente | AD7: Orgão Financiador
B8: SAAE/PASSOS
B10: Empreendimento | W10: Município
B11: EXECUÇÃO DE OBRA DE SUBSTITUIÇÃO DE REDES E RAMAIS DE ÁGUA E ESGOTO EM DIVERSAS VIAS PÚBLICAS NA CIDADE DE PASSOS | W11: PASSOS/MG
B12: Regime de execução das obras: EMPREITADA POR PREÇO UNITÁRIO
B13: Composição do BDI sugerida | J13: Intervalos admissíveis sem justificativa | P13: Composição de BDI Adotada | X13: BDI Proposto: | AI13: =ROUND(AL13,4) -> 0.12 | AK13: =((1+V14+V15+V17)*(1+V16)*(1+V18))/((1-V19)) -> 1.1199973 | AL13: =AK13-1 -> 0.11999735
B14: 1 | C14: Garantia e Seguro (GS) | J14: De | K14: 0.003 | M14: até | N14: 0.0082 | P14: Garantia: | V14: 0.003 | X14: BDI=((1+Ac+R+GS)×(1+Df)×(1+L))/((1-I))
B15: 2 | C15: Risco (R) | J15: De | K15: 0.0056 | M15: até | N15: 0.0089 | P15: Risco: | V15: 0.006
B16: 3 | C16: Despesas financeiras (Df) | J16: De | K16: 0.0085 | M16: até | N16: 0.0111 | P16: Despesas financeiras: | V16: 0.0108 | X16: Limites = 11,10% a 16,80%
B17: 4 | C17: Administração Central (Ac) | J17: De | K17: 0.015 | M17: até | N17: 0.0449 | P17: Administração central: | V17: 0.02 | X17: Observações:
B18: 5 | C18: Lucro (L) | J18: De | K18: 0.035 | M18: até | N18: 0.0622 | P18: Lucro: | V18: 0.0375 | X18: i) Composição do BDI, intervalos admissíveis e fórmula de cálculo nos termos do Acórdão 2622/2013 do TCU.
B19: 6 | C19: Impostos (I) | J19: De | K19: =K20+K21+K22 -> 0.0365 | M19: até | N19: =N20+N21+N22 -> 0.0365 | P19: Tributos: | V19: =SUM(V20:W22) -> 0.0365
B20: 6.1 | C20: PIS | J20: De | K20: 0.0065 | M20: até | N20: 0.0065 | P20: =C20 -> PIS | V20: =(K20+N20)/2 -> 0.0065
B21: 6.2 | C21: COFINS | J21: De | K21: 0.03 | M21: até | N21: 0.03 | P21: =C21 -> COFINS | V21: =(K21+N21)/2 -> 0.03 | X21: ii) Tributos adotados = PIS+CONFINS
B22: 6.3 | C22: ISS | J22: De | K22: 0 | M22: até | N22: 0 | P22: =C22 -> ISS | V22: 0
G27: Marlon Batista da Costa

Sheet COTAÇÃO
A1: RESUMO DAS COTAÇÕES
A2: ='Composições criadas'!A2:H2 -> #REF!
A5: CÓDIGO DO ITEM COTADO | D5: DESCRIÇÃO DO SERVIÇO OU FORNECIMENTO | E5: UNIDADE | F5: DATA BASE | I5: PREÇO REFERENCIAL
A6: 1 | D6: TE DE SERVIÇO INTEGRADO, EM POLIPROPILENO, PARA TUBOS PVC, 75 X 20 MM - LIGAÇÃO PREDIAL DE ÁGUA | E6: UNIDADE | I6: 47.23
A7: 2 | D7: ADAPTADOR PEAD AZUL PARA LIGAÇÃO RAMAL PREDIAL COM REGISTRO EM PVC 20MM X 3/4". PN 1,0 MPA. NBR - 11306 | E7: UNIDADE | I7: 22.1
A8: 3 | B8: SINAPI | C8: 3825 | D8: LUVA DE CORRER PVC JE PB DN 50 (DE 60), CLASSE 20 | E8: UNIDADE | I8: 17.82
A9: 4 | B9: SINAPI | C9: 3827 | D9: LUVA DE CORRER PVC PBA, JE, DN 75 / DE 85 MM, PARA REDE DE AGUA | E9: UNIDADE | I9: 38.93
A10: 5 | D10: TUBO P/ AGUA TK7JGS 250 6000 | E10: M | I10: 782.25

Sheet Composições criadas
A1: COMPOSIÇÕES
A2: =#REF! -> #REF!
H4: PREÇO REFERENCIAL
A5: CÓDIGO | D5: DESCRIÇÃO DO SERVIÇO OU FORNECIMENTO | E5: UNIDADE | F5: DATA BASE | G5: FONTE | H5: CUSTO TOTAL
A6: CC1 | D6: CANTEIRO DE OBRAS, COMPOSTO POR CONTÊINER PARA DEPÓSITO DE FERRAMENTAS (6,00x2,30x2,50) E BANHEIRO QUÍMICO, INCLUSIVE MANUTENÇÃO, MOBILIZAÇÃO E DESMOBILIZAÇÃO | E6: GLOBAL | H6: =SUM(H8:H10) -> 5246.63 | I6: 1
B7: FONTE | C7: CÓDIGO | D7: DESCRIÇÃO DO INSUMO | E7: UNIDADE | F7: COEFICIENTE | G7: CUSTO UNITÁRIO
B8: SETOP | C8: ED-50155 | D8: BANHEIRO QUÍMICO 110 X 120 X 230 CM COM MANUTENÇÃO | E8: MÊS | F8: 1 | G8: 1050 | H8: =G8*F8 -> 1050
B9: SETOP | C9: ED-16350 | D9: LOCAÇÃO DE CONTAINER COM ISOLAMENTO TÉRMICO, TIPO 3, PARA DEPÓSITO/FERRAMENTARIA DE OBRA, COM MEDIDAS REFERENCIAIS DE (6) METROS COMPRIMENTO, (2,3) METROS LARGURA E (2,5) METROS ALTURA ÚTIL INTERNA, INCLUSIVE LIGAÇÕES ELÉTRICAS INTERNAS, EXCLUSIVE MOBILIZAÇÃO/DESMOBILIZAÇÃO E LIGAÇÕES PROVISÓRIAS EXTERNAS | E9: MÊS | F9: 1 | G9: 858.71 | H9: =G9*F9 -> 858.71
B10: SETOP | C10: ED-50137 | D10: MOBILIZAÇÃO E DESMOBILIZAÇÃO DE CONTAINER, INCLUSIVE INSTALAÇÃO E TRANSPORTE COM CAMINHÃO GUINDAUTO (MUNCK) | E10: UNIDADE | F10: 2 | G10: 1668.96 | H10: =G10*F10 -> 3337.92
I14: 2
H25: PREÇO REFERENCIAL
A26: CÓDIGO | D26: DESCRIÇÃO DO SERVIÇO OU FORNECIMENTO | E26: UNIDADE | F26: DATA BASE | G26: FONTE | H26: CUSTO TOTAL
A27: CC3 | D27: RAMAL DOMICILIAR DE ÁGUA EM TUBO PEAD 20MM, INSTALAÇÃO, INCLUINDO ESCAVAÇÃO E REATERRO, EXCLUSIVE TUBO PEAD | E27: M | G27: SINAPI | H27: =SUM(H29:H34) -> 41.2904 | I27: 3
B28: FONTE | C28: CÓDIGO | D28: DESCRIÇÃO DO INSUMO | E28: UNIDADE | F28: COEFICIENTE | G28: CUSTO UNITÁRIO
B29: SINAPI | C29: 90099 | D29: =IF($B29="COT",VLOOKUP($C29,COTAÇÃO!$A$3:$I$4661,4,FALSE),IF($B29="SINAPI",VLOOKUP($C29,SINAPI!$A$7:$D$12422,2,FALSE),"ERRO")) -> ESCAVAÇÃO MECANIZADA DE VALA COM PROF. ATÉ 1,5 M (MÉDIA MONTANTE E JUSANTE/UMA COMPOSIÇÃO POR TRECHO), RETROESCAV. (0,26 M3), LARG. MENOR QUE 0,8 M, EM SOLO DE 1A CATEGORIA, EM LOCAIS COM ALTO NÍVEL DE INTERFERÊNCIA. AF_09/2024 | E29: =IF($B29="COT",VLOOKUP($C29,COTAÇÃO!$A$3:$I$4661,5,FALSE),IF($B29="SINAPI",VLOOKUP($C29,SINAPI!$A$7:$D$12422,3,FALSE),"ERRO")) -> M3 | F29: =1*0.4*1 -> 0.4 | G29: 17.21 | H29: =G29*F29 -> 6.884 | K29: ESCAVAÇÃO MECANIZADA DE VALA COM PROF. ATÉ 1,5 M (MÉDIA MONTANTE E JUSANTE/UMA COMPOSIÇÃO POR TRECHO), RETROESCAV. (0,26 M3), LARG. MENOR QUE 0,8 M, EM SOLO DE 1A CATEGORIA, EM LOCAIS COM ALTO NÍVEL DE INTERFERÊNCIA. AF_02/2021
B30: SINAPI | C30: 93358 | D30: =IF($B30="COT",VLOOKUP($C30,COTAÇÃO!$A$3:$I$4661,4,FALSE),IF($B30="SINAPI",VLOOKUP($C30,SINAPI!$A$7:$D$12422,2,FALSE),"ERRO")) -> ESCAVAÇÃO MANUAL DE VALA. AF_09/2024 | E30: =IF($B30="COT",VLOOKUP($C30,COTAÇÃO!$A$3:$I$4661,5,FALSE),IF($B30="SINAPI",VLOOKUP($C30,SINAPI!$A$7:$D$12422,3,FALSE),"ERRO")) -> M3 | F30: =1*0.4*0.4 -> 0.16 | G30: 98.41 | H30: =G30*F30 -> 15.7456 | K30: ESCAVAÇÃO MANUAL DE VALA COM PROFUNDIDADE MENOR OU IGUAL A 1,30 M. AF_02/2021
B31: SINAPI | C31: 101616 | D31: =IF($B31="COT",VLOOKUP($C31,COTAÇÃO!$A$3:$I$4661,4,FALSE),IF($B31="SINAPI",VLOOKUP($C31,SINAPI!$A$7:$D$12422,2,FALSE),"ERRO")) -> PREPARO DE FUNDO DE VALA COM LARGURA MENOR QUE 1,5 M (ACERTO DO SOLO NATURAL). AF_08/2020 | E31: =IF($B31="COT",VLOOKUP($C31,COTAÇÃO!$A$3:$I$4661,5,FALSE),IF($B31="SINAPI",VLOOKUP($C31,SINAPI!$A$7:$D$12422,3,FALSE),"ERRO")) -> M2 | F31: =1*0.4 -> 0.4 | G31: 8.8 | H31: =G31*F31 -> 3.52 | K31: PREPARO DE FUNDO DE VALA COM LARGURA MENOR QUE 1,5 M (ACERTO DO SOLO NATURAL). AF_08/2020
B32: SINAPI | C32: 93382 | D32: =IF($B32="COT",VLOOKUP($C32,COTAÇÃO!$A$3:$I$4661,4,FALSE),IF($B32="SINAPI",VLOOKUP($C32,SINAPI!$A$7:$D$12422,2,FALSE),"ERRO")) -> REATERRO MANUAL DE VALAS, COM COMPACTADOR DE SOLOS DE PERCUSSÃO. AF_08/2023 | E32: =IF($B32="COT",VLOOKUP($C32,COTAÇÃO!$A$3:$I$4661,5,FALSE),IF($B32="SINAPI",VLOOKUP($C32,SINAPI!$A$7:$D$12422,3,FALSE),"ERRO")) -> M3 | F32: 0.32 | G32: 30.82 | H32: =G32*F32 -> 9.8624 | K32: REATERRO MANUAL DE VALAS, COM COMPACTADOR DE SOLOS DE PERCUSSÃO. AF_08/2023
B33: SINAPI | C33: 88267 | D33: =IF($B33="COT",VLOOKUP($C33,COTAÇÃO!$A$3:$I$4661,4,FALSE),IF($B33="SINAPI",VLOOKUP($C33,SINAPI!$A$7:$D$12422,2,FALSE),"ERRO")) -> ENCANADOR OU BOMBEIRO HIDRÁULICO COM ENCARGOS COMPLEMENTARES | E33: =IF($B33="COT",VLOOKUP($C33,COTAÇÃO!$A$3:$I$4661,5,FALSE),IF($B33="SINAPI",VLOOKUP($C33,SINAPI!$A$7:$D$12422,3,FALSE),"ERRO")) -> H | F33: 0.16 | G33: 32.99 | H33: =G33*F33 -> 5.2784 | K33: ENCANADOR OU BOMBEIRO HIDRÁULICO COM ENCARGOS COMPLEMENTARES
H36: PREÇO REFERENCIAL
A37: CÓDIGO | D37: DESCRIÇÃO DO SERVIÇO OU FORNECIMENTO | E37: UNIDADE | F37: DATA BASE | G37: FONTE | H37: CUSTO TOTAL
A38: CC4 | D38: SERVIÇO DE LIGAÇÃO DOMICILIAR DE ÁGUA - REDE AO RAMAL / RAMAL AO PADRÃO - PADRÃO SAE | E38: UNID | G38: SINAPI | H38: =SUM(H40:H42) -> 13.3515 | I38: 4
B39: FONTE | C39: CÓDIGO | D39: DESCRIÇÃO DO INSUMO | E39: UNIDADE | F39: COEFICIENTE | G39: CUSTO UNITÁRIO
B40: SINAPI | C40: 3148 | D40: =IF($B40="COT",VLOOKUP($C40,COTAÇÃO!$A$3:$I$4661,4,FALSE),IF($B40="SINAPI",VLOOKUP($C40,SINAPI!$A$7:$D$12422,2,FALSE),"ERRO")) -> FITA VEDA ROSCA EM ROLOS DE 18 MM X 50 M (L X C) | E40: =IF($B40="COT",VLOOKUP($C40,COTAÇÃO!$A$3:$I$4661,5,FALSE),IF($B40="SINAPI",VLOOKUP($C40,SINAPI!$A$7:$D$12422,3,FALSE),"ERRO")) -> UN | F40: 0.4 | G40: 12.76 | H40: =G40*F40 -> 5.104 | J40: FITA VEDA ROSCA EM ROLOS DE 18 MM X 50 M (L X C)
B41: SINAPI | C41: 88267 | D41: =IF($B41="COT",VLOOKUP($C41,COTAÇÃO!$A$3:$I$4661,4,FALSE),IF($B41="SINAPI",VLOOKUP($C41,SINAPI!$A$7:$D$12422,2,FALSE),"ERRO")) -> ENCANADOR OU BOMBEIRO HIDRÁULICO COM ENCARGOS COMPLEMENTARES | E41: =IF($B41="COT",VLOOKUP($C41,COTAÇÃO!$A$3:$I$4661,5,FALSE),IF($B41="SINAPI",VLOOKUP($C41,SINAPI!$A$7:$D$12422,3,FALSE),"ERRO")) -> H | F41: 0.25 | G41: 32.99 | H41: =G41*F41 -> 8.2475 | J41: ENCANADOR OU BOMBEIRO HIDRÁULICO COM ENCARGOS COMPLEMENTARES
I46: 5
I54: 6
H61: PREÇO REFERENCIAL
A62: CÓDIGO | D62: DESCRIÇÃO DO SERVIÇO OU FORNECIMENTO | E62: UNIDADE | F62: DATA BASE | G62: FONTE | H62: CUSTO TOTAL
A63: CC7 | D63: EMBASAMENTO DE MATERIAL GRANULAR - PO DE PEDRA, ESPESSURA 10CM | E63: M3 | G63: SINAPI | H63: =SUM(H65:H67) -> 193.84 | I63: 7
B64: FONTE | C64: CÓDIGO | D64: DESCRIÇÃO DO INSUMO | E64: UNIDADE | F64: COEFICIENTE | G64: CUSTO UNITÁRIO
B65: SINAPI | C65: 4741 | D65: =IF($B65="COT",VLOOKUP($C65,COTAÇÃO!$A$3:$I$4661,4,FALSE),IF($B65="SINAPI",VLOOKUP($C65,SINAPI!$A$7:$D$11796,2,FALSE),"ERRO")) -> PO DE PEDRA (POSTO PEDREIRA/FORNECEDOR, SEM FRETE) | E65: =IF($B65="COT",VLOOKUP($C65,COTAÇÃO!$A$3:$I$4661,5,FALSE),IF($B65="SINAPI",VLOOKUP($C65,SINAPI!$A$7:$D$12422,3,FALSE),"ERRO")) -> M3 | F65: 1 | G65: 120.62 | H65: =G65*F65 -> 120.62
B66: SINAPI | C66: 88316 | D66: =IF($B66="COT",VLOOKUP($C66,COTAÇÃO!$A$3:$I$4661,4,FALSE),IF($B66="SINAPI",VLOOKUP($C66,SINAPI!$A$7:$D$11796,2,FALSE),"ERRO")) -> SERVENTE COM ENCARGOS COMPLEMENTARES | E66: =IF($B66="COT",VLOOKUP($C66,COTAÇÃO!$A$3:$I$4661,5,FALSE),IF($B66="SINAPI",VLOOKUP($C66,SINAPI!$A$7:$D$12422,3,FALSE),"ERRO")) -> H | F66: 1 | G66: 24.88 | H66: =G66*F66 -> 24.88
B67: SINAPI | C67: 91533 | D67: =IF($B67="COT",VLOOKUP($C67,COTAÇÃO!$A$3:$I$4661,4,FALSE),IF($B67="SINAPI",VLOOKUP($C67,SINAPI!$A$7:$D$11796,2,FALSE),"ERRO")) -> COMPACTADOR DE SOLOS DE PERCUSSÃO (SOQUETE) COM MOTOR A GASOLINA 4 TEMPOS, POTÊNCIA 4 CV - CHP DIURNO. AF_08/2015 | E67: =IF($B67="COT",VLOOKUP($C67,COTAÇÃO!$A$3:$I$4661,5,FALSE),IF($B67="SINAPI",VLOOKUP($C67,SINAPI!$A$7:$D$12422,3,FALSE),"ERRO")) -> CHP | F67: 1 | G67: 48.34 | H67: =G67*F67 -> 48.34
H70: PREÇO REFERENCIAL
A71: CÓDIGO | D71: DESCRIÇÃO DO SERVIÇO OU FORNECIMENTO | E71: UNIDADE | F71: DATA BASE | G71: FONTE | H71: CUSTO TOTAL
A72: CC8 | D72: RECOMPOSIÇÃO ASFÁLTICA CBUQ CAMADA DE 5 CM (130KG CBUQ POR M2) DESCARREGAMENTO MANUAL DO CAMINHÃO COM PÁ E ENXADA, COMPACTAÇÃO COM PLACA VIBRATÓRIA E APLICAÇÃO DE EMULSÃO 0,8L/M2 PARA ADERÊNCIA | E72: M2 | G72: SINAPI | H72: =SUM(H74:H81) -> 124.1108 | I72: 8
B73: FONTE | C73: CÓDIGO | D73: DESCRIÇÃO DO INSUMO | E73: UNIDADE | F73: COEFICIENTE | G73: CUSTO UNITÁRIO
B74: SINAPI | C74: 1518 | D74: =IF($B74="COT",VLOOKUP($C74,COTAÇÃO!$A$3:$I$4661,4,FALSE),IF($B74="SINAPI",VLOOKUP($C74,SINAPI!$A$7:$D$11796,2,FALSE),"ERRO")) -> CONCRETO BETUMINOSO USINADO A QUENTE (CBUQ) PARA PAVIMENTACAO ASFALTICA, PADRAO DNIT, FAIXA C, COM CAP 50/70 - AQUISICAO POSTO USINA | E74: ton | F74: 0.13 | G74: 618.17 | H74: =G74*F74 -> 80.3621
B75: SINAPI | C75: 88314 | D75: =IF($B75="COT",VLOOKUP($C75,COTAÇÃO!$A$3:$I$4661,4,FALSE),IF($B75="SINAPI",VLOOKUP($C75,SINAPI!$A$7:$D$11796,2,FALSE),"ERRO")) -> RASTELEIRO COM ENCARGOS COMPLEMENTARES | E75: =IF($B75="COT",VLOOKUP($C75,COTAÇÃO!$A$3:$I$4661,5,FALSE),IF($B75="SINAPI",VLOOKUP($C75,SINAPI!$A$7:$D$11796,3,FALSE),"ERRO")) -> H | F75: 0.1 | G75: 24.47 | H75: =G75*F75 -> 2.447
B76: SINAPI | C76: 88316 | D76: =IF($B76="COT",VLOOKUP($C76,COTAÇÃO!$A$3:$I$4661,4,FALSE),IF($B76="SINAPI",VLOOKUP($C76,SINAPI!$A$7:$D$11796,2,FALSE),"ERRO")) -> SERVENTE COM ENCARGOS COMPLEMENTARES | E76: =IF($B76="COT",VLOOKUP($C76,COTAÇÃO!$A$3:$I$4661,5,FALSE),IF($B76="SINAPI",VLOOKUP($C76,SINAPI!$A$7:$D$11796,3,FALSE),"ERRO")) -> H | F76: 0.3 | G76: 24.88 | H76: =G76*F76 -> 7.464
B77: SINAPI | C77: 511 | D77: =IF($B77="COT",VLOOKUP($C77,COTAÇÃO!$A$3:$I$4661,4,FALSE),IF($B77="SINAPI",VLOOKUP($C77,SINAPI!$A$7:$D$11796,2,FALSE),"ERRO")) -> PRIMER PARA MANTA ASFALTICA A BASE DE ASFALTO MODIFICADO DILUIDO EM SOLVENTE, APLICACAO A FRIO | E77: =IF($B77="COT",VLOOKUP($C77,COTAÇÃO!$A$3:$I$4661,5,FALSE),IF($B77="SINAPI",VLOOKUP($C77,SINAPI!$A$7:$D$11796,3,FALSE),"ERRO")) -> L | F77: 0.8 | G77: 8.84 | H77: =G77*F77 -> 7.072
B78: SINAPI | C78: 91277 | D78: =IF($B78="COT",VLOOKUP($C78,COTAÇÃO!$A$3:$I$4661,4,FALSE),IF($B78="SINAPI",VLOOKUP($C78,SINAPI!$A$7:$D$11796,2,FALSE),"ERRO")) -> PLACA VIBRATÓRIA REVERSÍVEL COM MOTOR 4 TEMPOS A GASOLINA, FORÇA CENTRÍFUGA DE 25 KN (2500 KGF), POTÊNCIA 5,5 CV - CHP DIURNO. AF_08/2015 | E78: =IF($B78="COT",VLOOKUP($C78,COTAÇÃO!$A$3:$I$4661,5,FALSE),IF($B78="SINAPI",VLOOKUP($C78,SINAPI!$A$7:$D$11796,3,FALSE),"ERRO")) -> CHP | F78: 0.07 | G78: 10.02 | H78: =G78*F78 -> 0.7014
B79: SINAPI | C79: 91278 | D79: =IF($B79="COT",VLOOKUP($C79,COTAÇÃO!$A$3:$I$4661,4,FALSE),IF($B79="SINAPI",VLOOKUP($C79,SINAPI!$A$7:$D$11796,2,FALSE),"ERRO")) -> PLACA VIBRATÓRIA REVERSÍVEL COM MOTOR 4 TEMPOS A GASOLINA, FORÇA CENTRÍFUGA DE 25 KN (2500 KGF), POTÊNCIA 5,5 CV - CHI DIURNO. AF_08/2015 | E79: =IF($B79="COT",VLOOKUP($C79,COTAÇÃO!$A$3:$I$4661,5,FALSE),IF($B79="SINAPI",VLOOKUP($C79,SINAPI!$A$7:$D$11796,3,FALSE),"ERRO")) -> CHI | F79: 0.07 | G79: 0.54 | H79: =G79*F79 -> 0.0378
B80: SINAPI | C80: 91386 | D80: =IF($B80="COT",VLOOKUP($C80,COTAÇÃO!$A$3:$I$4661,4,FALSE),IF($B80="SINAPI",VLOOKUP($C80,SINAPI!$A$7:$D$11796,2,FALSE),"ERRO")) -> CAMINHÃO BASCULANTE 10 M3, TRUCADO CABINE SIMPLES, PESO BRUTO TOTAL 23.000 KG, CARGA ÚTIL MÁXIMA 15.935 KG, DISTÂNCIA ENTRE EIXOS 4,80 M, POTÊNCIA 230 CV INCLUSIVE CAÇAMBA METÁLICA - CHP DIURNO. AF_06/2014 | E80: =IF($B80="COT",VLOOKUP($C80,COTAÇÃO!$A$3:$I$4661,5,FALSE),IF($B80="SINAPI",VLOOKUP($C80,SINAPI!$A$7:$D$11796,3,FALSE),"ERRO")) -> CHP | F80: 0.05 | G80: 274.59 | H80: =G80*F80 -> 13.7295
B81: SINAPI | C81: 91387 | D81: =IF($B81="COT",VLOOKUP($C81,COTAÇÃO!$A$3:$I$4661,4,FALSE),IF($B81="SINAPI",VLOOKUP($C81,SINAPI!$A$7:$D$11796,2,FALSE),"ERRO")) -> CAMINHÃO BASCULANTE 10 M3, TRUCADO CABINE SIMPLES, PESO BRUTO TOTAL 23.000 KG, CARGA ÚTIL MÁXIMA 15.935 KG, DISTÂNCIA ENTRE EIXOS 4,80 M, POTÊNCIA 230 CV INCLUSIVE CAÇAMBA METÁLICA - CHI DIURNO. AF_06/2014 | E81: =IF($B81="COT",VLOOKUP($C81,COTAÇÃO!$A$3:$I$4661,5,FALSE),IF($B81="SINAPI",VLOOKUP($C81,SINAPI!$A$7:$D$11796,3,FALSE),"ERRO")) -> CHI | F81: =3*0.05 -> 0.15 | G81: 81.98 | H81: =G81*F81 -> 12.297
H83: PREÇO REFERENCIAL
A84: CÓDIGO | D84: DESCRIÇÃO DO SERVIÇO OU FORNECIMENTO | E84: UNIDADE | F84: DATA BASE | G84: FONTE | H84: CUSTO TOTAL
A85: CC9 | D85: LAVAGEM DE RUA E PASSEIOS COM JATO DE ÁGUA, COM UTILIZAÇÃO DE CAMINHÃO PIPA | E85: M2 | G85: SINAPI | H85: =SUM(H87:H89) -> 1.42 | I85: 9
B86: FONTE | C86: CÓDIGO | D86: DESCRIÇÃO DO INSUMO | E86: UNIDADE | F86: COEFICIENTE | G86: CUSTO UNITÁRIO
B87: SINAPI | C87: 6259 | D87: =IF($B87="COT",VLOOKUP($C87,COTAÇÃO!$A$3:$I$4661,4,FALSE),IF($B87="SINAPI",VLOOKUP($C87,SINAPI!$A$7:$D$11796,2,FALSE),"ERRO")) -> CAMINHÃO PIPA 6.000 L, PESO BRUTO TOTAL 13.000 KG, DISTÂNCIA ENTRE EIXOS 4,80 M, POTÊNCIA 189 CV INCLUSIVE TANQUE DE AÇO PARA TRANSPORTE DE ÁGUA, CAPACIDADE 6 M3 - CHP DIURNO. AF_06/2014 | E87: =IF($B87="COT",VLOOKUP($C87,COTAÇÃO!$A$3:$I$4661,5,FALSE),IF($B87="SINAPI",VLOOKUP($C87,SINAPI!$A$7:$D$11796,3,FALSE),"ERRO")) -> CHP | F87: 0.005 | G87: 260.79 | H87: =ROUND((G87*F87),2) -> 1.3
B88: SINAPI | C88: 88316 | D88: =IF($B88="COT",VLOOKUP($C88,COTAÇÃO!$A$3:$I$4661,4,FALSE),IF($B88="SINAPI",VLOOKUP($C88,SINAPI!$A$7:$D$12422,2,FALSE),"ERRO")) -> SERVENTE COM ENCARGOS COMPLEMENTARES | E88: =IF($B88="COT",VLOOKUP($C88,COTAÇÃO!$A$3:$I$4661,5,FALSE),IF($B88="SINAPI",VLOOKUP($C88,SINAPI!$A$7:$D$12422,3,FALSE),"ERRO")) -> H | F88: 0.005 | G88: 24.88 | H88: =ROUND((G88*F88),2) -> 0.12
B89: Obs.: Coeficientes extraídos da composição SINAPI 74253/1
H92: PREÇO REFERENCIAL
A93: CÓDIGO | D93: DESCRIÇÃO DO SERVIÇO OU FORNECIMENTO | E93: UNIDADE | F93: DATA BASE | G93: FONTE | H93: CUSTO TOTAL
A94: CC10 | D94: ADMINISTRAÇÃO LOCAL DE OBRAS - ENCARREGADO GERAL, TÉCNICO DE SEGURANÇA E ENGENHEIRO RT EXECUÇÃO | E94: GLOBAL | G94: SINAPI | H94: =SUM(H96:H98) -> 48760.9 | I94: 10
B95: FONTE | C95: CÓDIGO | D95: DESCRIÇÃO DO INSUMO | E95: UNIDADE | F95: COEFICIENTE | G95: CUSTO UNITÁRIO
B96: SINAPI | C96: 100309 | D96: =IF($B96="COT",VLOOKUP($C96,COTAÇÃO!$A$3:$I$4661,4,FALSE),IF($B96="SINAPI",VLOOKUP($C96,SINAPI!$A$7:$D$11796,2,FALSE),"ERRO")) -> TÉCNICO EM SEGURANÇA DO TRABALHO COM ENCARGOS COMPLEMENTARES | E96: =IF($B96="COT",VLOOKUP($C96,COTAÇÃO!$A$3:$I$4661,5,FALSE),IF($B96="SINAPI",VLOOKUP($C96,SINAPI!$A$7:$D$12422,3,FALSE),"ERRO")) -> H | F96: 200 | G96: 49.52 | H96: =ROUND((G96*F96),2) -> 9904
B97: SINAPI | C97: 90776 | D97: =IF($B97="COT",VLOOKUP($C97,COTAÇÃO!$A$3:$I$4661,4,FALSE),IF($B97="SINAPI",VLOOKUP($C97,SINAPI!$A$7:$D$11796,2,FALSE),"ERRO")) -> ENCARREGADO GERAL COM ENCARGOS COMPLEMENTARES | E97: =IF($B97="COT",VLOOKUP($C97,COTAÇÃO!$A$3:$I$4661,5,FALSE),IF($B97="SINAPI",VLOOKUP($C97,SINAPI!$A$7:$D$12422,3,FALSE),"ERRO")) -> H | F97: 450 | G97: 66.73 | H97: =ROUND((G97*F97),2) -> 30028.5
B98: SINAPI | C98: 90778 | D98: =IF($B98="COT",VLOOKUP($C98,COTAÇÃO!$A$3:$I$4661,4,FALSE),IF($B98="SINAPI",VLOOKUP($C98,SINAPI!$A$7:$D$11796,2,FALSE),"ERRO")) -> ENGENHEIRO CIVIL DE OBRA PLENO COM ENCARGOS COMPLEMENTARES | E98: =IF($B98="COT",VLOOKUP($C98,COTAÇÃO!$A$3:$I$4661,5,FALSE),IF($B98="SINAPI",VLOOKUP($C98,SINAPI!$A$7:$D$12422,3,FALSE),"ERRO")) -> H | F98: 60 | G98: 147.14 | H98: =ROUND((G98*F98),2) -> 8828.4
H101: PREÇO REFERENCIAL
A102: CÓDIGO | D102: DESCRIÇÃO DO SERVIÇO OU FORNECIMENTO | E102: UNIDADE | F102: DATA BASE | G102: FONTE | H102: CUSTO TOTAL
A103: CC11 | D103: RAMAL DOMICILIAR DE ESGOTO PVC DN 100MM PAREDE MACIÇA, PADRÃO SAAE, FORNECIMENTO E INSTALAÇÃO, INCLUINDO ESCAVAÇÃO E REATERRO | E103: M | G103: SINAPI | H103: =SUM(H105:H109) -> 88.63
B104: FONTE | C104: CÓDIGO | D104: DESCRIÇÃO DO INSUMO | E104: UNIDADE | F104: COEFICIENTE | G104: CUSTO UNITÁRIO
B105: SINAPI | C105: 90099 | D105: =IF($B105="COT",VLOOKUP($C105,COTAÇÃO!$A$3:$I$4661,4,FALSE),IF($B105="SINAPI",VLOOKUP($C105,SINAPI!$A$7:$D$11796,2,FALSE),"ERRO")) -> ESCAVAÇÃO MECANIZADA DE VALA COM PROF. ATÉ 1,5 M (MÉDIA MONTANTE E JUSANTE/UMA COMPOSIÇÃO POR TRECHO), RETROESCAV. (0,26 M3), LARG. MENOR QUE 0,8 M, EM SOLO DE 1A CATEGORIA, EM LOCAIS COM ALTO NÍVEL DE INTERFERÊNCIA. AF_09/2024 | E105: =IF($B105="COT",VLOOKUP($C105,COTAÇÃO!$A$3:$I$4661,5,FALSE),IF($B105="SINAPI",VLOOKUP($C105,SINAPI!$A$7:$D$12422,3,FALSE),"ERRO")) -> M3 | F105: =1*0.6*1.2 -> 0.72 | G105: 17.21 | H105: =G105*F105 -> 12.3912
B106: SINAPI | C106: 101616 | D106: =IF($B106="COT",VLOOKUP($C106,COTAÇÃO!$A$3:$I$4661,4,FALSE),IF($B106="SINAPI",VLOOKUP($C106,SINAPI!$A$7:$D$11796,2,FALSE),"ERRO")) -> PREPARO DE FUNDO DE VALA COM LARGURA MENOR QUE 1,5 M (ACERTO DO SOLO NATURAL). AF_08/2020 | E106: =IF($B106="COT",VLOOKUP($C106,COTAÇÃO!$A$3:$I$4661,5,FALSE),IF($B106="SINAPI",VLOOKUP($C106,SINAPI!$A$7:$D$12422,3,FALSE),"ERRO")) -> M2 | F106: =1*0.6 -> 0.6 | G106: 8.8 | H106: =G106*F106 -> 5.28
B107: SINAPI | C107: 93382 | D107: =IF($B107="COT",VLOOKUP($C107,COTAÇÃO!$A$3:$I$4661,4,FALSE),IF($B107="SINAPI",VLOOKUP($C107,SINAPI!$A$7:$D$12531,2,FALSE),"ERRO")) -> REATERRO MANUAL DE VALAS, COM COMPACTADOR DE SOLOS DE PERCUSSÃO. AF_08/2023 | E107: =IF($B107="COT",VLOOKUP($C107,COTAÇÃO!$A$3:$I$4661,5,FALSE),IF($B107="SINAPI",VLOOKUP($C107,SINAPI!$A$7:$D$12422,3,FALSE),"ERRO")) -> M3 | F107: =F105 -> 0.72 | G107: 30.82 | H107: =G107*F107 -> 22.1904
B108: SINAPI | C108: 36365 | D108: =IF($B108="COT",VLOOKUP($C108,COTAÇÃO!$A$3:$I$4661,4,FALSE),IF($B108="SINAPI",VLOOKUP($C108,SINAPI!$A$7:$D$12531,2,FALSE),"ERRO")) -> TUBO COLETOR DE ESGOTO PVC, JEI, DN 100 MM (NBR 7362) | E108: =IF($B108="COT",VLOOKUP($C108,COTAÇÃO!$A$3:$I$4661,5,FALSE),IF($B108="SINAPI",VLOOKUP($C108,SINAPI!$A$7:$D$12422,3,FALSE),"ERRO")) -> M | F108: 1 | G108: 43.49 | H108: =G108*F108 -> 43.49
B109: SINAPI | C109: 88267 | D109: =IF($B109="COT",VLOOKUP($C109,COTAÇÃO!$A$3:$I$4661,4,FALSE),IF($B109="SINAPI",VLOOKUP($C109,SINAPI!$A$7:$D$11796,2,FALSE),"ERRO")) -> ENCANADOR OU BOMBEIRO HIDRÁULICO COM ENCARGOS COMPLEMENTARES | E109: =IF($B109="COT",VLOOKUP($C109,COTAÇÃO!$A$3:$I$4661,5,FALSE),IF($B109="SINAPI",VLOOKUP($C109,SINAPI!$A$7:$D$12422,3,FALSE),"ERRO")) -> H | F109: 0.16 | G109: 32.99 | H109: =G109*F109 -> 5.2784
H112: PREÇO REFERENCIAL
A113: CÓDIGO | D113: DESCRIÇÃO DO SERVIÇO OU FORNECIMENTO | E113: UNIDADE | F113: DATA BASE | G113: FONTE | H113: CUSTO TOTAL
A114: CC12 | D114: LIGAÇÃO DOMICILIAR DE ESGOTO - REDE DN 150 AO RAMAL, FORNECIMENTO E INSTALAÇÃO - PADRÃO SAE, EXCLUSIVE SELIM | E114: UNID | G114: SINAPI | H114: =SUM(H116:H120) -> 65.71709
B115: FONTE | C115: CÓDIGO | D115: DESCRIÇÃO DO INSUMO | E115: UNIDADE | F115: COEFICIENTE | G115: CUSTO UNITÁRIO
B116: SINAPI | C116: 104082 | D116: =IF($B116="COT",VLOOKUP($C116,COTAÇÃO!$A$3:$I$4661,4,FALSE),IF($B116="SINAPI",VLOOKUP($C116,SINAPI!$A$7:$D$12531,2,FALSE),"ERRO")) -> PLUG, PVC OCRE, JUNTA ELÁSTICA, DN 100 MM, PARA COLETOR PREDIAL DE ESGOTO. AF_06/2022 | E116: =IF($B116="COT",VLOOKUP($C116,COTAÇÃO!$A$3:$I$4661,5,FALSE),IF($B116="SINAPI",VLOOKUP($C116,SINAPI!$A$7:$D$12422,3,FALSE),"ERRO")) -> UN | F116: 1 | G116: 31.67 | H116: =G116*F116 -> 31.67
B117: SINAPI | C117: 9836 | D117: =IF($B117="COT",VLOOKUP($C117,COTAÇÃO!$A$3:$I$4661,4,FALSE),IF($B117="SINAPI",VLOOKUP($C117,SINAPI!$A$7:$D$12531,2,FALSE),"ERRO")) -> TUBO PVC SERIE NORMAL, DN 100 MM, PARA ESGOTO PREDIAL (NBR 5688) | E117: =IF($B117="COT",VLOOKUP($C117,COTAÇÃO!$A$3:$I$4661,5,FALSE),IF($B117="SINAPI",VLOOKUP($C117,SINAPI!$A$7:$D$12422,3,FALSE),"ERRO")) -> M | F117: 0.2 | G117: 16.15 | H117: =G117*F117 -> 3.23
B118: SINAPI | C118: 20088 | D118: =IF($B118="COT",VLOOKUP($C118,COTAÇÃO!$A$3:$I$4661,4,FALSE),IF($B118="SINAPI",VLOOKUP($C118,SINAPI!$A$7:$D$12531,2,FALSE),"ERRO")) -> CAP PVC, SERIE R, DN 100 MM, PARA ESGOTO PREDIAL | E118: =IF($B118="COT",VLOOKUP($C118,COTAÇÃO!$A$3:$I$4661,5,FALSE),IF($B118="SINAPI",VLOOKUP($C118,SINAPI!$A$7:$D$12422,3,FALSE),"ERRO")) -> UN | F118: 1 | G118: 13.92 | H118: =G118*F118 -> 13.92
B119: SINAPI | C119: 20078 | D119: =IF($B119="COT",VLOOKUP($C119,COTAÇÃO!$A$3:$I$4661,4,FALSE),IF($B119="SINAPI",VLOOKUP($C119,SINAPI!$A$7:$D$12531,2,FALSE),"ERRO")) -> PASTA LUBRIFICANTE PARA TUBOS E CONEXOES COM JUNTA ELASTICA, EMBALAGEM DE *400* GR (USO EM PVC, ACO, POLIETILENO E OUTROS) | E119: =IF($B119="COT",VLOOKUP($C119,COTAÇÃO!$A$3:$I$4661,5,FALSE),IF($B119="SINAPI",VLOOKUP($C119,SINAPI!$A$7:$D$12422,3,FALSE),"ERRO")) -> UN | F119: 0.013 | G119: 30.93 | H119: =G119*F119 -> 0.40209
B120: SINAPI | C120: 88267 | D120: =IF($B120="COT",VLOOKUP($C120,COTAÇÃO!$A$3:$I$4661,4,FALSE),IF($B120="SINAPI",VLOOKUP($C120,SINAPI!$A$7:$D$12531,2,FALSE),"ERRO")) -> ENCANADOR OU BOMBEIRO HIDRÁULICO COM ENCARGOS COMPLEMENTARES | E120: =IF($B120="COT",VLOOKUP($C120,COTAÇÃO!$A$3:$I$4661,5,FALSE),IF($B120="SINAPI",VLOOKUP($C120,SINAPI!$A$7:$D$12422,3,FALSE),"ERRO")) -> H | F120: 0.5 | G120: 32.99 | H120: =G120*F120 -> 16.495
H123: PREÇO REFERENCIAL
A124: CÓDIGO | D124: DESCRIÇÃO DO SERVIÇO OU FORNECIMENTO | E124: UNIDADE | F124: DATA BASE | G124: FONTE | H124: CUSTO TOTAL
A125: CC13 | D125: LIGAÇÃO DOMICILIAR DE ESGOTO - REDE DN 300 AO RAMAL, FORNECIMENTO E INSTALAÇÃO - PADRÃO SAE, EXCLUSIVE SELIM | E125: UNID | G125: SINAPI | H125: =SUM(H127:H130) -> 36.27709
B126: FONTE | C126: CÓDIGO | D126: DESCRIÇÃO DO INSUMO | E126: UNIDADE | F126: COEFICIENTE | G126: CUSTO UNITÁRIO
B127: SINAPI | C127: 9836 | D127: =IF($B127="COT",VLOOKUP($C127,COTAÇÃO!$A$3:$I$4661,4,FALSE),IF($B127="SINAPI",VLOOKUP($C127,SINAPI!$A$7:$D$12531,2,FALSE),"ERRO")) -> TUBO PVC SERIE NORMAL, DN 100 MM, PARA ESGOTO PREDIAL (NBR 5688) | E127: =IF($B127="COT",VLOOKUP($C127,COTAÇÃO!$A$3:$I$4661,5,FALSE),IF($B127="SINAPI",VLOOKUP($C127,SINAPI!$A$7:$D$12422,3,FALSE),"ERRO")) -> M | F127: 0.2 | G127: 16.15 | H127: =G127*F127 -> 3.23
B128: SINAPI | C128: 20088 | D128: =IF($B128="COT",VLOOKUP($C128,COTAÇÃO!$A$3:$I$4661,4,FALSE),IF($B128="SINAPI",VLOOKUP($C128,SINAPI!$A$7:$D$12531,2,FALSE),"ERRO")) -> CAP PVC, SERIE R, DN 100 MM, PARA ESGOTO PREDIAL | E128: =IF($B128="COT",VLOOKUP($C128,COTAÇÃO!$A$3:$I$4661,5,FALSE),IF($B128="SINAPI",VLOOKUP($C128,SINAPI!$A$7:$D$12422,3,FALSE),"ERRO")) -> UN | F128: 1 | G128: 16.15 | H128: =G128*F128 -> 16.15
B129: SINAPI | C129: 20078 | D129: =IF($B129="COT",VLOOKUP($C129,COTAÇÃO!$A$3:$I$4661,4,FALSE),IF($B129="SINAPI",VLOOKUP($C129,SINAPI!$A$7:$D$12531,2,FALSE),"ERRO")) -> PASTA LUBRIFICANTE PARA TUBOS E CONEXOES COM JUNTA ELASTICA, EMBALAGEM DE *400* GR (USO EM PVC, ACO, POLIETILENO E OUTROS) | E129: =IF($B129="COT",VLOOKUP($C129,COTAÇÃO!$A$3:$I$4661,5,FALSE),IF($B129="SINAPI",VLOOKUP($C129,SINAPI!$A$7:$D$12422,3,FALSE),"ERRO")) -> UN | F129: 0.013 | G129: 30.93 | H129: =G129*F129 -> 0.40209
B130: SINAPI | C130: 88267 | D130: =IF($B130="COT",VLOOKUP($C130,COTAÇÃO!$A$3:$I$4661,4,FALSE),IF($B130="SINAPI",VLOOKUP($C130,SINAPI!$A$7:$D$12531,2,FALSE),"ERRO")) -> ENCANADOR OU BOMBEIRO HIDRÁULICO COM ENCARGOS COMPLEMENTARES | E130: =IF($B130="COT",VLOOKUP($C130,COTAÇÃO!$A$3:$I$4661,5,FALSE),IF($B130="SINAPI",VLOOKUP($C130,SINAPI!$A$7:$D$12422,3,FALSE),"ERRO")) -> H | F130: 0.5 | G130: 32.99 | H130: =G130*F130 -> 16.495
H133: PREÇO REFERENCIAL
A134: CÓDIGO | D134: DESCRIÇÃO DO SERVIÇO OU FORNECIMENTO | E134: UNIDADE | F134: DATA BASE | G134: FONTE | H134: CUSTO TOTAL
A135: CC14 | D135: ASSENTAMENTO DE TAMPÃO EM FERRO FUNDIDO | E135: UNID. | G135: SINAPI | H135: =SUM(H137:H140) -> 134.64
B136: FONTE | C136: CÓDIGO | D136: DESCRIÇÃO DO INSUMO | E136: UNIDADE | F136: COEFICIENTE | G136: CUSTO UNITÁRIO
B137: SINAPI | C137: 370 | D137: =IF($B137="COT",VLOOKUP($C137,COTAÇÃO!$A$3:$I$4661,4,FALSE),IF($B137="SINAPI",VLOOKUP($C137,SINAPI!$A$7:$D$12531,2,FALSE),"ERRO")) -> AREIA MEDIA - POSTO JAZIDA/FORNECEDOR (RETIRADO NA JAZIDA, SEM TRANSPORTE) | E137: =IF($B137="COT",VLOOKUP($C137,COTAÇÃO!$A$3:$I$4661,5,FALSE),IF($B137="SINAPI",VLOOKUP($C137,SINAPI!$A$7:$D$12422,3,FALSE),"ERRO")) -> M3 | F137: 0.04 | G137: 171.5 | H137: =F137*G137 -> 6.86
B138: SINAPI | C138: 1379 | D138: =IF($B138="COT",VLOOKUP($C138,COTAÇÃO!$A$3:$I$4661,4,FALSE),IF($B138="SINAPI",VLOOKUP($C138,SINAPI!$A$7:$D$12531,2,FALSE),"ERRO")) -> CIMENTO PORTLAND COMPOSTO CP II-32 | E138: =IF($B138="COT",VLOOKUP($C138,COTAÇÃO!$A$3:$I$4661,5,FALSE),IF($B138="SINAPI",VLOOKUP($C138,SINAPI!$A$7:$D$12422,3,FALSE),"ERRO")) -> KG | F138: 14 | G138: 0.77 | H138: =G138*F138 -> 10.78
B139: SINAPI | C139: 88309 | D139: =IF($B139="COT",VLOOKUP($C139,COTAÇÃO!$A$3:$I$4661,4,FALSE),IF($B139="SINAPI",VLOOKUP($C139,SINAPI!$A$7:$D$12531,2,FALSE),"ERRO")) -> PEDREIRO COM ENCARGOS COMPLEMENTARES | E139: =IF($B139="COT",VLOOKUP($C139,COTAÇÃO!$A$3:$I$4661,5,FALSE),IF($B139="SINAPI",VLOOKUP($C139,SINAPI!$A$7:$D$12422,3,FALSE),"ERRO")) -> H | F139: 2 | G139: 33.62 | H139: =G139*F139 -> 67.24
B140: SINAPI | C140: 88316 | D140: =IF($B140="COT",VLOOKUP($C140,COTAÇÃO!$A$3:$I$4661,4,FALSE),IF($B140="SINAPI",VLOOKUP($C140,SINAPI!$A$7:$D$12531,2,FALSE),"ERRO")) -> SERVENTE COM ENCARGOS COMPLEMENTARES | E140: =IF($B140="COT",VLOOKUP($C140,COTAÇÃO!$A$3:$I$4661,5,FALSE),IF($B140="SINAPI",VLOOKUP($C140,SINAPI!$A$7:$D$12422,3,FALSE),"ERRO")) -> H | F140: 2 | G140: 24.88 | H140: =G140*F140 -> 49.76
H142: PREÇO REFERENCIAL
A143: CÓDIGO | D143: DESCRIÇÃO DO SERVIÇO OU FORNECIMENTO | E143: UNIDADE | F143: DATA BASE | G143: FONTE | H143: CUSTO TOTAL
A144: CC15 | D144: ADMINISTRAÇÃO LOCAL DE OBRAS DE ESGOTAMENTO SANITÁRIO - ENCARREGADO GERAL, TÉCNICO DE SEGURANÇA E ENGENHEIRO RT EXECUÇÃO | E144: GLOBAL | G144: SINAPI | H144: =SUM(H146:H148) -> 7937 | I144: 10
B145: FONTE | C145: CÓDIGO | D145: DESCRIÇÃO DO INSUMO | E145: UNIDADE | F145: COEFICIENTE | G145: CUSTO UNITÁRIO
B146: SINAPI | C146: 100309 | D146: =IF($B146="COT",VLOOKUP($C146,COTAÇÃO!$A$3:$I$4661,4,FALSE),IF($B146="SINAPI",VLOOKUP($C146,SINAPI!$A$7:$D$11796,2,FALSE),"ERRO")) -> TÉCNICO EM SEGURANÇA DO TRABALHO COM ENCARGOS COMPLEMENTARES | E146: =IF($B146="COT",VLOOKUP($C146,COTAÇÃO!$A$3:$I$4661,5,FALSE),IF($B146="SINAPI",VLOOKUP($C146,SINAPI!$A$7:$D$12422,3,FALSE),"ERRO")) -> H | F146: 20 | G146: 49.52 | H146: =ROUND((G146*F146),2) -> 990.4
B147: SINAPI | C147: 90776 | D147: =IF($B147="COT",VLOOKUP($C147,COTAÇÃO!$A$3:$I$4661,4,FALSE),IF($B147="SINAPI",VLOOKUP($C147,SINAPI!$A$7:$D$11796,2,FALSE),"ERRO")) -> ENCARREGADO GERAL COM ENCARGOS COMPLEMENTARES | E147: =IF($B147="COT",VLOOKUP($C147,COTAÇÃO!$A$3:$I$4661,5,FALSE),IF($B147="SINAPI",VLOOKUP($C147,SINAPI!$A$7:$D$12422,3,FALSE),"ERRO")) -> H | F147: 60 | G147: 66.73 | H147: =ROUND((G147*F147),2) -> 4003.8
...

Sheet SINAPI
A2: SINAPI - 11/2024
A5: CODIGO DA COMPOSICAO | B5: DESCRICAO DA COMPOSICAO | C5: UNIDADE | D5: CUSTO TOTAL
A7: 97141 | B7: ASSENTAMENTO DE TUBO DE FERRO FUNDIDO PARA REDE DE ÁGUA, DN 80 MM, JUNTA ELÁSTICA, INSTALADO EM LOCAL COM NÍVEL ALTO DE INTERFERÊNCIAS (NÃO INCLUI FORNECIMENTO). AF_05/2024 | C7: M | D7: 4.94
A8: 97142 | B8: ASSENTAMENTO DE TUBO DE FERRO FUNDIDO PARA REDE DE ÁGUA, DN 100 MM, JUNTA ELÁSTICA, INSTALADO EM LOCAL COM NÍVEL ALTO DE INTERFERÊNCIAS (NÃO INCLUI FORNECIMENTO). AF_05/2024 | C8: M | D8: 5.69
A9: 97143 | B9: ASSENTAMENTO DE TUBO DE FERRO FUNDIDO PARA REDE DE ÁGUA, DN 150 MM, JUNTA ELÁSTICA, INSTALADO EM LOCAL COM NÍVEL ALTO DE INTERFERÊNCIAS (NÃO INCLUI FORNECIMENTO). AF_05/2024 | C9: M | D9: 7.49
A10: 97144 | B10: ASSENTAMENTO DE TUBO DE FERRO FUNDIDO PARA REDE DE ÁGUA, DN 200 MM, JUNTA ELÁSTICA, INSTALADO EM LOCAL COM NÍVEL ALTO DE INTERFERÊNCIAS (NÃO INCLUI FORNECIMENTO). AF_05/2024 | C10: M | D10: 9.3
A11: 97145 | B11: ASSENTAMENTO DE TUBO DE FERRO FUNDIDO PARA REDE DE ÁGUA, DN 250 MM, JUNTA ELÁSTICA, INSTALADO EM LOCAL COM NÍVEL ALTO DE INTERFERÊNCIAS (NÃO INCLUI FORNECIMENTO). AF_05/2024 | C11: M | D11: 11.12
A12: 97146 | B12: ASSENTAMENTO DE TUBO DE FERRO FUNDIDO PARA REDE DE ÁGUA, DN 300 MM, JUNTA ELÁSTICA, INSTALADO EM LOCAL COM NÍVEL ALTO DE INTERFERÊNCIAS (NÃO INCLUI FORNECIMENTO). AF_05/2024 | C12: M | D12: 12.96
A13: 97147 | B13: ASSENTAMENTO DE TUBO DE FERRO FUNDIDO PARA REDE DE ÁGUA, DN 350 MM, JUNTA ELÁSTICA, INSTALADO EM LOCAL COM NÍVEL ALTO DE INTERFERÊNCIAS (NÃO INCLUI FORNECIMENTO). AF_05/2024 | C13: M | D13: 14.79
A14: 97148 | B14: ASSENTAMENTO DE TUBO DE FERRO FUNDIDO PARA REDE DE ÁGUA, DN 400 MM, JUNTA ELÁSTICA, INSTALADO EM LOCAL COM NÍVEL ALTO DE INTERFERÊNCIAS (NÃO INCLUI FORNECIMENTO). AF_05/2024 | C14: M | D14: 16.63
A15: 97149 | B15: ASSENTAMENTO DE TUBO DE FERRO FUNDIDO PARA REDE DE ÁGUA, DN 450 MM, JUNTA ELÁSTICA, INSTALADO EM LOCAL COM NÍVEL ALTO DE INTERFERÊNCIAS (NÃO INCLUI FORNECIMENTO). AF_05/2024 | C15: M | D15: 18.49
A16: 97150 | B16: ASSENTAMENTO DE TUBO DE FERRO FUNDIDO PARA REDE DE ÁGUA, DN 500 MM, JUNTA ELÁSTICA, INSTALADO EM LOCAL COM NÍVEL ALTO DE INTERFERÊNCIAS (NÃO INCLUI FORNECIMENTO). AF_05/2024 | C16: M | D16: 23.05
A17: 97151 | B17: ASSENTAMENTO DE TUBO DE FERRO FUNDIDO PARA REDE DE ÁGUA, DN 600 MM, JUNTA ELÁSTICA, INSTALADO EM LOCAL COM NÍVEL ALTO DE INTERFERÊNCIAS (NÃO INCLUI FORNECIMENTO). AF_05/2024 | C17: M | D17: 27.17
A18: 97152 | B18: ASSENTAMENTO DE TUBO DE FERRO FUNDIDO PARA REDE DE ÁGUA, DN 700 MM, JUNTA ELÁSTICA, INSTALADO EM LOCAL COM NÍVEL ALTO DE INTERFERÊNCIAS (NÃO INCLUI FORNECIMENTO). AF_05/2024 | C18: M | D18: 31.04
... A347: 95567 | B347: TUBO DE CONCRETO (SIMPLES) PARA REDES COLETORAS DE ÁGUAS PLUVIAIS, DIÂMETRO DE 300 MM, JUNTA RÍGIDA, INSTALADO EM LOCAL COM BAIXO NÍVEL DE INTERFERÊNCIAS - FORNECIMENTO E ASSENTAMENTO. AF_03/2024 | C347: M | D347: 125.96
A348: 95568 | B348: TUBO DE CONCRETO (SIMPLES) PARA REDES COLETORAS DE ÁGUAS PLUVIAIS, DIÂMETRO DE 400 MM, JUNTA RÍGIDA, INSTALADO EM LOCAL COM BAIXO NÍVEL DE INTERFERÊNCIAS - FORNECIMENTO E ASSENTAMENTO. AF_03/2024 | C348: M | D348: 153.89 | F348: =8*4*2 -> 64 | G348: =F348*D348 -> 9848.96
A349: 95569 | B349: TUBO DE CONCRETO (SIMPLES) PARA REDES COLETORAS DE ÁGUAS PLUVIAIS, DIÂMETRO DE 500 MM, JUNTA RÍGIDA, INSTALADO EM LOCAL COM BAIXO NÍVEL DE INTERFERÊNCIAS - FORNECIMENTO E ASSENTAMENTO. AF_03/2024 | C349: M | D349: 222.48 | G349: =F348*D349 -> 14238.72
A350: 95570 | B350: TUBO DE CONCRETO (SIMPLES) PARA REDES COLETORAS DE ÁGUAS PLUVIAIS, DIÂMETRO DE 300 MM, JUNTA RÍGIDA, INSTALADO EM LOCAL COM ALTO NÍVEL DE INTERFERÊNCIAS - FORNECIMENTO E ASSENTAMENTO. AF_03/2024 | C350: M | D350: 128.37
A351: 95571 | B351: TUBO DE CONCRETO (SIMPLES) PARA REDES COLETORAS DE ÁGUAS PLUVIAIS, DIÂMETRO DE 400 MM, JUNTA RÍGIDA, INSTALADO EM LOCAL COM ALTO NÍVEL DE INTERFERÊNCIAS - FORNECIMENTO E ASSENTAMENTO. AF_03/2024 | C351: M | D351: 157.31
A352: 95572 | B352: TUBO DE CONCRETO (SIMPLES) PARA REDES COLETORAS DE ÁGUAS PLUVIAIS, DIÂMETRO DE 500 MM, JUNTA RÍGIDA, INSTALADO EM LOCAL COM ALTO NÍVEL DE INTERFERÊNCIAS - FORNECIMENTO E ASSENTAMENTO. AF_03/2024 | C352: M | D352: 226.94
A353: 97127 | B353: ASSENTAMENTO DE TUBO DE PVC DEFOFO OU PRFV OU RPVC PARA REDE DE ÁGUA, DN 150 MM, JUNTA ELÁSTICA INTEGRADA, INSTALADO EM LOCAL COM NÍVEL ALTO DE INTERFERÊNCIAS (NÃO INCLUI FORNECIMENTO). AF_05/2024 | C353: M | D353: 4.74
A354: 97128 | B354: ASSENTAMENTO DE TUBO DE PVC DEFOFO OU PRFV OU RPVC PARA REDE DE ÁGUA, DN 200 MM, JUNTA ELÁSTICA INTEGRADA, INSTALADO EM LOCAL COM NÍVEL ALTO DE INTERFERÊNCIAS (NÃO INCLUI FORNECIMENTO). AF_05/2024 | C354: M | D354: 9.85
A355: 97129 | B355: ASSENTAMENTO DE TUBO DE PVC DEFOFO OU PRFV OU RPVC PARA REDE DE ÁGUA, DN 250 MM, JUNTA ELÁSTICA INTEGRADA, INSTALADO EM LOCAL COM NÍVEL ALTO DE INTERFERÊNCIAS (NÃO INCLUI FORNECIMENTO). AF_05/2024 | C355: M | D355: 11.66
A356: 97130 | B356: ASSENTAMENTO DE TUBO DE PVC DEFOFO OU PRFV OU RPVC PARA REDE DE ÁGUA, DN 300 MM, JUNTA ELÁSTICA INTEGRADA, INSTALADO EM LOCAL COM NÍVEL ALTO DE INTERFERÊNCIAS (NÃO INCLUI FORNECIMENTO). AF_05/2024 | C356: M | D356: 13.48
A357: 97131 | B357: ASSENTAMENTO DE TUBO DE PVC DEFOFO OU PRFV OU RPVC PARA REDE DE ÁGUA, DN 350 MM, JUNTA ELÁSTICA INTEGRADA, INSTALADO EM LOCAL COM NÍVEL ALTO DE INTERFERÊNCIAS (NÃO INCLUI FORNECIMENTO). AF_05/2024 | C357: M | D357: 15.3
A358: 97132 | B358: ASSENTAMENTO DE TUBO DE PVC DEFOFO OU PRFV OU RPVC PARA REDE DE ÁGUA, DN 400 MM, JUNTA ELÁSTICA INTEGRADA, INSTALADO EM LOCAL COM NÍVEL ALTO DE INTERFERÊNCIAS (NÃO INCLUI FORNECIMENTO). AF_05/2024 | C358: M | D358: 17.14
A359: 97133 | B359: ASSENTAMENTO DE TUBO DE PVC DEFOFO OU PRFV OU RPVC PARA REDE DE ÁGUA, DN 500 MM, JUNTA ELÁSTICA INTEGRADA, INSTALADO EM LOCAL COM NÍVEL ALTO DE INTERFERÊNCIAS (NÃO INCLUI FORNECIMENTO). AF_05/2024 | C359: M | D359: 20.77
A360: 97134 | B360: ASSENTAMENTO DE TUBO DE PVC DEFOFO OU PRFV OU RPVC PARA REDE DE ÁGUA, DN 150 MM, JUNTA ELÁSTICA INTEGRADA, INSTALADO EM LOCAL COM NÍVEL BAIXO DE INTERFERÊNCIAS (NÃO INCLUI FORNECIMENTO). AF_05/2024 | C360: M | D360: 3.91
A361: 97135 | B361: ASSENTAMENTO DE TUBO DE PVC DEFOFO OU PRFV OU RPVC PARA REDE DE ÁGUA, DN 200 MM, JUNTA ELÁSTICA INTEGRADA, INSTALADO EM LOCAL COM NÍVEL BAIXO DE INTERFERÊNCIAS (NÃO INCLUI FORNECIMENTO). AF_05/2024 | C361: M | D361: 7.46
... A7559: 95315 | B7559: CURSO DE CAPACITAÇÃO PARA ASSENTADOR DE TUBOS (ENCARGOS COMPLEMENTARES) - HORISTA | C7559: H | D7559: 0.28
A7560: 95316 | B7560: CURSO DE CAPACITAÇÃO PARA AUXILIAR DE ELETRICISTA (ENCARGOS COMPLEMENTARES) - HORISTA | C7560: H | D7560: 0,70
A7561: 95317 | B7561: CURSO DE CAPACITAÇÃO PARA AUXILIAR DE ENCANADOR OU BOMBEIRO HIDRÁULICO (ENCARGOS COMPLEMENTARES) - HORISTA | C7561: H | D7561: 0,33
A7562: 95318 | B7562: CURSO DE CAPACITAÇÃO PARA AUXILIAR DE LABORATÓRIO (ENCARGOS COMPLEMENTARES) - HORISTA | C7562: H | D7562: 0,26
A7563: 95319 | B7563: CURSO DE CAPACITAÇÃO PARA AUXILIAR DE MECÂNICO (ENCARGOS COMPLEMENTARES) - HORISTA | C7563: H | D7563: 0,21
A7564: 95320 | B7564: CURSO DE CAPACITAÇÃO PARA AUXILIAR DE SERRALHEIRO (ENCARGOS COMPLEMENTARES) - HORISTA | C7564: H | D7564: 0,21
A7565: 95321 | B7565: CURSO DE CAPACITAÇÃO PARA AUXILIAR DE SERVIÇOS GERAIS (ENCARGOS COMPLEMENTARES) - HORISTA | C7565: H | D7565: 0,19
A7566: 95322 | B7566: CURSO DE CAPACITAÇÃO PARA AUXILIAR DE TOPÓGRAFO (ENCARGOS COMPLEMENTARES) - HORISTA | C7566: H | D7566: 0,17
A7567: 95323 | B7567: CURSO DE CAPACITAÇÃO PARA AUXILIAR TÉCNICO DE ENGENHARIA (ENCARGOS COMPLEMENTARES) - HORISTA | C7567: H | D7567: 0,32
A7568: 95324 | B7568: CURSO DE CAPACITAÇÃO PARA AZULEJISTA OU LADRILHISTA (ENCARGOS COMPLEMENTARES) - HORISTA | C7568: H | D7568: 0,39
A7569: 95325 | B7569: CURSO DE CAPACITAÇÃO PARA BLASTER, DINAMITADOR OU CABO DE FOGO (ENCARGOS COMPLEMENTARES) - HORISTA | C7569: H | D7569: 0,40
A7570: 95328 | B7570: CURSO DE CAPACITAÇÃO PARA CALCETEIRO (ENCARGOS COMPLEMENTARES) - HORISTA | C7570: H | D7570: 0,20
A7571: 95329 | B7571: CURSO DE CAPACITAÇÃO PARA CARPINTEIRO DE ESQUADRIA (ENCARGOS COMPLEMENTARES) - HORISTA | C7571: H | D7571: 0,42
... A10226: 3825 | B10226: LUVA DE CORRER PVC PBA, JE, DN 50 / DE 60 MM, PARA REDE DE AGUA | C10226: UN | D10226: 13,56
A10227: 3827 | B10227: LUVA DE CORRER PVC PBA, JE, DN 75 / DE 85 MM, PARA REDE DE AGUA | C10227: UN | D10227: 29.63
A10228: 3830 | B10228: LUVA DE CORRER PVC, JE, DN 250 MM, PARA REDE COLETORA DE ESGOTO | C10228: UN | D10228: 179,19
A10229: 37981 | B10229: LUVA DE CORRER, CPVC, SOLDAVEL, 15 MM, PARA AGUA QUENTE PREDIAL | C10229: UN | D10229: 5,98
A10230: 37982 | B10230: LUVA DE CORRER, CPVC, SOLDAVEL, 22 MM, PARA AGUA QUENTE PREDIAL | C10230: UN | D10230: 8,68
A10231: 37983 | B10231: LUVA DE CORRER, CPVC, SOLDAVEL, 28 MM, PARA AGUA QUENTE PREDIAL | C10231: UN | D10231: 12,83
A10232: 37984 | B10232: LUVA DE CORRER, CPVC, SOLDAVEL, 35 MM, PARA AGUA QUENTE PREDIAL | C10232: UN | D10232: 18,02
A10233: 37985 | B10233: LUVA DE CORRER, CPVC, SOLDAVEL, 42 MM, PARA AGUA QUENTE PREDIAL | C10233: UN | D10233: 25,60
A10234: 20165 | B10234: LUVA DE CORRER, PVC SERIE R, 100 MM, PARA ESGOTO PREDIAL | C10234: UN | D10234: 22,21
A10235: 20166 | B10235: LUVA DE CORRER, PVC SERIE R, 150 MM, PARA ESGOTO PREDIAL | C10235: UN | D10235: 67,84
A10236: 20164 | B10236: LUVA DE CORRER, PVC SERIE R, 75 MM, PARA ESGOTO PREDIAL | C10236: UN | D10236: 10,67
A10237: 3893 | B10237: LUVA DE CORRER, PVC, DN 100 MM, PARA ESGOTO PREDIAL | C10237: UN | D10237: 16,72
A10238: 3848 | B10238: LUVA DE CORRER, PVC, DN 50 MM, PARA ESGOTO PREDIAL | C10238: UN | D10238: 10,20
A10239: 3895 | B10239: LUVA DE CORRER, PVC, DN 75 MM, PARA ESGOTO PREDIAL | C10239: UN | D10239: 11,33
... A12445: 41096 | B12445: VIGIA DIURNO (MENSALISTA) | C12445: MES | D12445: 2.956,67
A12446: 13896 | B12446: VIBRADOR DE IMERSAO, DIAMETRO DA PONTEIRA DE *45* MM, COM MOTOR ELETRICO TRIFASICO DE 2 HP (2 CV) | C12446: UN | D12446: 3202.6
A12447: 13475 | B12447: VIBRADOR DE IMERSAO, DIAMETRO DA PONTEIRA DE *45* MM, COM MOTOR 4 TEMPOS A GASOLINA DE 5,5 HP (5,5 CV) | C12447: UN | D12447: 3901.15
A12448: 44491 | B12448: VIBROACABADORA DE ASFALTO SOBRE ESTEIRAS, LARG. PAVIM. MAX. 8,00 M, POT. 100 KW/ 134 HP, CAP. 600 T/ H | C12448: UN | D12448: 4561370
A12449: 44470 | B12449: VIBROACABADORA DE ASFALTO SOBRE ESTEIRAS, LARG. PAVIM. 2,13 M A 4,55 M, POT. 74 KW/ 100 HP, CAP. 400 T/ H | C12449: UN | D12449: 1920283.8
A12450: 13476 | B12450: VIBROACABADORA DE ASFALTO SOBRE ESTEIRAS, LARG. PAVIM. 2,60 M A 5,75 M, POT. 110 HP, CAP. 450 T/ H | C12450: UN | D12450: 1934199.1
A12451: 10488 | B12451: VIBROACABADORA DE ASFALTO SOBRE ESTEIRAS, LARG. PAVIMENT. 1,90 A 5,3 M, POT. 78 KW/105 HP, CAP. 450 T/H | C12451: UN | D12451: 2343303
A12452: 13606 | B12452: VIBROACABADORA DE ASFALTO SOBRE RODAS, LARGURA DE PAVIMENTACAO DE 1,70 A 4,20 M, POTENCIA 78 KW/105 HP, CAPACIDADE 300 T/H | C12452: UN | D12452: 2076132.9
A12453: 10489 | B12453: VIDRACEIRO (HORISTA) | C12453: H | D12453: 16.11
A12454: 41073 | B12454: VIDRACEIRO (MENSALISTA) | C12454: MES | D12454: 2846.18
A12455: 34391 | B12455: VIDRO COMUM LAMINADO LISO INCOLOR DUPLO, ESPESSURA TOTAL 8 MM (CADA CAMADA DE 4 MM) - COLOCADO | C12455: M2 | D12455: 617.58
A12456: 10496 | B12456: VIDRO COMUM LAMINADO, LISO, INCOLOR, DUPLO, ESPESSURA TOTAL 6 MM (CADA CAMADA E= 3 MM) - COLOCADO | C12456: M2 | D12456: 537.5
A12457: 10497 | B12457: VIDRO COMUM LAMINADO, LISO, INCOLOR, TRIPLO, ESPESSURA TOTAL 12 MM (CADA CAMADA E= 4 MM) - COLOCADO | C12457: M2 | D12457: 1397.49
... A12531: 41776 | B12531: VIGIA NOTURNO, HORA EFETIVAMENTE TRABALHADA DE 22 H AS 5 H (COM ADICIONAL NOTURNO) | C12531: H | D12531: 18.58

Sheet SETOP
A1: TABELA REFERENCIAL DE PREÇOS UNITÁRIOS PARA OBRAS DE EDIFICAÇÃO
A2: REGIÃO TRIÂNGULO E ALTO PARANAÍBA
B3: S/ DESONERAÇÃO
A5: CÓDIGO | B5: DESCRIÇÃO DO SERVIÇO
A6: 8662 | B6: MOBILIZAÇÃO E DESMOBILIZAÇÃO DE OBRA
A7: 8700 | B7: OBRAS EM CENTRO URBANO OU REGIÃO LIMÍTROFE
A8: ED-50394 | B8: MOBILIZAÇÃO E DESMOBILIZAÇÃO DE OBRA EM CENTRO URBANO OU REGIÃO LIMÍTROFE COM VALOR ACIMA DE 3.000.000,01 | C8: % | D8: 0.2
A9: ED-50392 | B9: MOBILIZAÇÃO E DESMOBILIZAÇÃO DE OBRA EM CENTRO URBANO OU REGIÃO LIMÍTROFE COM VALOR ATÉ O VALOR DE 1.000.000,00 | C9: % | D9: 0.5
A10: ED-50393 | B10: MOBILIZAÇÃO E DESMOBILIZAÇÃO DE OBRA EM CENTRO URBANO OU REGIÃO LIMÍTROFE COM VALOR ENTRE 1.000.000,01 E 3.000.000,00 | C10: % | D10: 0.3
A11: 8701 | B11: OBRA DISTANTE DE CENTRO URBANO
A12: ED-50391 | B12: MOBILIZAÇÃO E DESMOBILIZAÇÃO OBRA DISTANTE DE CENTRO URBANO COM ACIMA DE 3.000.000,01 | C12: % | D12: 1
A13: ED-50390 | B13: MOBILIZAÇÃO E DESMOBILIZAÇÃO OBRA DISTANTE DE CENTRO URBANO COM ENTRE 1.000.000,01 E 3.000.000,00 | C13: % | D13: 1.5
A14: ED-50389 | B14: MOBILIZAÇÃO E DESMOBILIZAÇÃO OBRA DISTANTE DE CENTRO URBANO COM VALOR ATÉ O VALOR DE 1.000.000,00 | C14: % | D14: 2
A15: 8663 | B15: SERVIÇOS PRELIMINARES
A16: 8702 | B16: LIMPEZA DO TERRENO
A17: ED-50701 | B17: CAPINA MANUAL DO TERRENO, EXCLUSIVE RASTELAMENTO E QUEIMA | C17: m2 | D17: 1.31
A18: ED-28163 | B18: DESTOCAMENTO E AFASTAMENTO DE REMANESCENTE ARBÓREO, INCLUSIVE TRANSPORTE E RETIRADA DO MATERIAL ESCAVADO (EM CAÇAMBA) | C18: un | D18: 459.35
A19: ED-50703 | B19: LIMPEZA DE TERRENO, INCLUSIVE CAPINA, RASTELAMENTO COM AFASTAMENTO ATÉ VINTE (20) METROS E QUEIMA CONTROLADA | C19: m2 | D19: 2.32
A20: ED-8143 | B20: RASTELAMENTO DE ÁREA COM AFASTAMENTO DE ATÉ VINTE (20) METROS, EXCLUSIVE CAPINA OU ROÇADA MANUAL | C20: m2 | D20: 0.87
A21: ED-28162 | B21: ROÇADA MANUAL DE TERRENO COM ROÇADEIRA COSTAL, EXCLUSIVE RASTELAMENTO E QUEIMA | C21: m2 | D21: 0.19
A22: 8703 | B22: DESMATAMENTO E DESTOCAMENTO
A23: ED-50702 | B23: DESMATAMENTO, DESTOCAMENTO E LIMPEZA, INCLUSIVE TRANSPORTE ATÉ CINQUENTA (50) METROS | C23: m2 | D23: 0.52
A24: 8704 | B24: SUPRESSÃO DE ÁRVORE
A25: ED-50699 | B25: CORTE DE ÁRVORE COM MOTOSSERRA, DIÂMETRO DO TRONCO ACIMA DE TRINTA (30) CENTÍMETROS ATÉ CINQUENTA (50) CENTÍMETROS, EXCLUSIVE DESTOCAMENTO E AFASTAMENTO | C25: un | D25: 90.47
A26: ED-50697 | B26: CORTE DE ÁRVORE COM MOTOSSERRA, DIÂMETRO DO TRONCO DE QUINZE (15) CENTÍMETROS ATÉ TRINTA (30) CENTÍMETROS, EXCLUSIVE DESTOCAMENTO E AFASTAMENTO | C26: un | D26: 54.28
A27: 8706 | B27: REMOÇÃO DE TELHADO
A28: ED-48438 | B28: REMOÇÃO DE CALHA EM CHAPA GALVANIZADA OU EM PVC, COM REAPROVEITAMENTO, INCLUSIVE AFASTAMENTO E EMPILHAMENTO, EXCLUSIVE TRANSPORTE E RETIRADA DO MATERIAL REMOVIDO NÃO REAPROVEITÁVEL | C28: m | D28: 4.6
A29: ED-48446 | B29: REMOÇÃO MANUAL DE CONDUTOR EM PVC OU METÁLICO, COM REAPROVEITAMENTO, INCLUSIVE AFASTAMENTO E EMPILHAMENTO, EXCLUSIVE TRANSPORTE E RETIRADA DO MATERIAL REMOVIDO NÃO REAPROVEITÁVEL | C29: m | D29: 5.5
A30: ED-48455 | B30: REMOÇÃO MANUAL DE ENGRADAMENTO PARA TELHA TIPO CALHA ESTRUTURAL EM FIBROCIMENTO, COM REAPROVEITAMENTO, INCLUSIVE AFASTAMENTO E EMPILHAMENTO, EXCLUSIVE TRANSPORTE E RETIRADA DO MATERIAL REMOVIDO NÃO REAPROVEITÁVEL | C30: m2 | D30: 11.12
A31: ED-48457 | B31: REMOÇÃO MANUAL DE ENGRADAMENTO PARA TELHA TIPO CERÂMICA OU CONCRETO, INCLUSIVE AFASTAMENTO E EMPILHAMENTO, EXCLUSIVE TRANSPORTE E RETIRADA DO MATERIAL REMOVIDO NÃO REAPROVEITÁVEL | C31: m2 | D31: 22.25
A32: ED-48454 | B32: REMOÇÃO MANUAL DE ENGRADAMENTO PARA TELHA TIPO METÁLICA, PVC OU FIBROCIMENTO, COM REAPROVEITAMENTO, INCLUSIVE AFASTAMENTO E EMPILHAMENTO, EXCLUSIVE TRANSPORTE E RETIRADA DO MATERIAL REMOVIDO NÃO REAPROVEITÁVEL | C32: m2 | D32: 14.83
A33: ED-48506 | B33: REMOÇÃO MANUAL DE RUFO METÁLICO, COM REAPROVEITAMENTO, INCLUSIVE AFASTAMENTO E EMPILHAMENTO, EXCLUSIVE TRANSPORTE E RETIRADA DO MATERIAL REMOVIDO NÃO REAPROVEITÁVEL | C33: m | D33: 6.76
A34: ED-48512 | B34: REMOÇÃO MANUAL DE TELHA EM FIBROCIMENTO, TIPO ONDULADA, COM REAPROVEITAMENTO, INCLUSIVE AFASTAMENTO E EMPILHAMENTO, EXCLUSIVE TRANSPORTE E RETIRADA DO MATERIAL REMOVIDO NÃO REAPROVEITÁVEL | C34: m2 | D34: 12.71
A35: ED-48514 | B35: REMOÇÃO MANUAL DE TELHA CERÂMICA, COM REAPROVEITAMENTO, INCLUSIVE AFASTAMENTO E EMPILHAMENTO, EXCLUSIVE TRANSPORTE E RETIRADA DO MATERIAL REMOVIDO NÃO REAPROVEITÁVEL | C35: m2 | D35: 23.9
A36: ED-48510 | B36: REMOÇÃO MANUAL DE TELHA EM FIBROCIMENTO, TIPO CALHA ESTRUTURAL, COM REAPROVEITAMENTO, INCLUSIVE IÇAMENTO, AFASTAMENTO E EMPILHAMENTO, EXCLUSIVE TRANSPORTE E RETIRADA DO MATERIAL REMOVIDO NÃO REAPROVEITÁVEL | C36: m2 | D36: 24.96
A37: ED-48509 | B37: REMOÇÃO MANUAL DE TELHA METÁLICA OU PVC, COM REAPROVEITAMENTO, INCLUSIVE AFASTAMENTO E EMPILHAMENTO, EXCLUSIVE TRANSPORTE E RETIRADA DO MATERIAL REMOVIDO NÃO REAPROVEITÁVEL | C37: m2 | D37: 8.9
A38: 8707 | B38: DEMOLIÇÃO E REMOÇÃO DE INSTALAÇÃO
A39: ED-48500 | B39: DEMOLIÇÃO MANUAL DE TUBULAÇÕES EMBUTIDAS DE REDE (ÁGUA, ELÉTRICA, GASES, ETC.), INCLUSIVE RASGO EM ALVENARIA, REMOÇÃO DE ACESSÓRIOS DE FIXAÇÃO, AFASTAMENTO E EMPILHAMENTO, EXCLUSIVE TRANSPORTE E RETIRADA DO MATERIAL DEMOLIDO | C39: m | D39: 8.24
A40: ED-48466 | B40: REMOÇÃO MANUAL DE INTERFONE, COM REAPROVEITAMENTO, INCLUSIVE AFASTAMENTO E EMPILHAMENTO, EXCLUSIVE TRANSPORTE E RETIRADA DO MATERIAL REMOVIDO NÃO REAPROVEITÁVEL | C40: un | D40: 43.59
A41: ED-48468 | B41: REMOÇÃO MANUAL DE LUMINÁRIA COMERCIAL, EMBUTIDA OU SOBREPOR, COM REAPROVEITAMENTO, INCLUSIVE AFASTAMENTO E EMPILHAMENTO, EXCLUSIVE TRANSPORTE E RETIRADA DO MATERIAL REMOVIDO NÃO REAPROVEITÁVEL | C41: un | D41: 10.5
A42: ED-48469 | B42: REMOÇÃO MANUAL DE LUMINÁRIA COMPACTA (PLAFON, PAINEL LED, ETC.) EMBUTIDA OU SOBREPOR, COM REAPROVEITAMENTO, INCLUSIVE AFASTAMENTO E EMPILHAMENTO, EXCLUSIVE TRANSPORTE E RETIRADA DO MATERIAL REMOVIDO NÃO REAPROVEITÁVEL | C42: un | D42: 6.12
A43: ED-48499 | B43: REMOÇÃO MANUAL DE REDES DE DUTOS PARA CLIMATIZAÇÃO, INCLUSIVE AFASTAMENTO E EMPILHAMENTO, EXCLUSIVE TRANSPORTE E RETIRADA DO MATERIAL REMOVIDO NÃO REAPROVEITÁVEL | C43: m | D43: 9.16
A44: ED-48515 | B44: REMOÇÃO MANUAL DE TUBULAÇÕES EMBUTIDAS DE REDE (ÁGUA, ELÉTRICA, GASES, ETC.), COM REAPROVEITAMENTO, INCLUSIVE RASGO EM ALVENARIA, REMOÇÃO DE ACESSÓRIOS DE FIXAÇÃO, AFASTAMENTO E EMPILHAMENTO, EXCLUSIVE TRANSPORTE E RETIRADA DO MATERIAL REMOVIDO NÃO REAPROVEITÁVEL | C44: m | D44: 11.89
A45: 8708 | B45: DEMOLIÇÃO DE FORRO
A46: ED-48463 | B46: DEMOLIÇÃO MANUAL DE FORRO DE CHAPA OU PLACA DE GESSO, INCLUSIVE DEMOLIÇÃO DA ESTRUTURA DE SUSTENTAÇÃO, AFASTAMENTO E EMPILHAMENTO, EXCLUSIVE TRANSPORTE E RETIRADA DO MATERIAL DEMOLIDO | C46: m2 | D46: 5.46
A47: 8709 | B47: REMOÇÃO DE FORRO
A48: ED-48460 | B48: REMOÇÃO MANUAL DE FORRO DE PLACAS (GESSO, MINERAL, FIBRA, ISOPOR, COLMEIA, PVC, ETC.), COM REAPROVEITAMENTO, INCLUSIVE AFASTAMENTO E EMPILHAMENTO, EXCLUSIVE DEMOLIÇÃO DA ESTRUTURA DE SUSTENTAÇÃO, TRANSPORTE E RETIRADA DO MATERIAL REMOVIDO NÃO REAPROVEITÁVEL | C48: m2 | D48: 2.06
A49: ED-48459 | B49: REMOÇÃO MANUAL DE FORRO DE PLACAS (GESSO, MINERAL, FIBRA, ISOPOR, COLMEIA, PVC, ETC.), COM REAPROVEITAMENTO, INCLUSIVE DEMOLIÇÃO ESTRUTURA DE SUSTENTAÇÃO, AFASTAMENTO E EMPILHAMENTO, EXCLUSIVE TRANSPORTE E RETIRADA DO MATERIAL REMOVIDO NÃO REAPROVEITÁVEL | C49: m2 | D49: 6.18
A50: ED-48464 | B50: REMOÇÃO MANUAL DE FORRO DE TÁBUAS DE PINHO, COM REAPROVEITAMENTO, INCLUSIVE AFASTAMENTO E EMPILHAMENTO, EXCLUSIVE REMOÇÃO DA ESTRUTURA DE SUSTENTAÇÃO, TRANSPORTE E RETIRADA DO MATERIAL REMOVIDO NÃO REAPROVEITÁVEL | C50: m2 | D50: 9.75
A51: ED-28355 | B51: REMOÇÃO MANUAL ESTRUTURA OU TRAMA DE SUSTENTAÇÃO DE MADEIRA OU METÁLICA PARA FORRO, COM REAPROVEITAMENTO, INCLUSIVE AFASTAMENTO E EMPILHAMENTO, EXCLUSIVE TRANSPORTE E RETIRADA DO MATERIAL REMOVIDO NÃO REAPROVEITÁVEL | C51: m2 | D51: 4.12
A52: 8710 | B52: REMOÇÃO DE ESQUADRIA
A53: ED-48496 | B53: REMOÇÃO MANUAL DE CONJUNTO DE ALIZARES, COM REAPROVEITAMENTO, INCLUSIVE AFASTAMENTO E EMPILHAMENTO, EXCLUSIVE TRANSPORTE E RETIRADA DO MATERIAL REMOVIDO NÃO REAPROVEITÁVEL | C53: cj | D53: 3.45
A54: ED-48458 | B54: REMOÇÃO MANUAL DE CONJUNTO DE FERRAGENS (DOBRADIÇAS, FECHADURA E MAÇANETAS), COM REAPROVEITAMENTO, INCLUSIVE AFASTAMENTO E EMPILHAMENTO, EXCLUSIVE TRANSPORTE E RETIRADA DO MATERIAL REMOVIDO NÃO REAPROVEITÁVEL | C54: un | D54: 21.19
A55: ED-48493 | B55: REMOÇÃO MANUAL DE ESQUADRIA EM MADEIRA, COM REAPROVEITAMENTO, INCLUSIVE REMOÇÃO DE MARCO/ALIZAR/GUARNIÇÕES, AFASTAMENTO E EMPILHAMENTO, EXCLUSIVE TRANSPORTE E RETIRADA DO MATERIAL REMOVIDO NÃO REAPROVEITÁVEL | C55: m2 | D55: 13.2
A56: ED-48497 | B56: REMOÇÃO MANUAL DE ESQUADRIA METÁLICA, COM REAPROVEITAMENTO, INCLUSIVE MARCO/ALIZAR/GUARNIÇÕES, AFASTAMENTO E EMPILHAMENTO, EXCLUSIVE TRANSPORTE E RETIRADA DO MATERIAL REMOVIDO NÃO REAPROVEITÁVEL | C56: m2 | D56: 18.33
A57: ED-48494 | B57: REMOÇÃO MANUAL DE FOLHA DE PORTA OU JANELA DE MADEIRA OU METÁLICA, COM REAPROVEITAMENTO, INCLUSIVE AFASTAMENTO E EMPILHAMENTO, EXCLUSIVE TRANSPORTE E RETIRADA DO MATERIAL REMOVIDO NÃO REAPROVEITÁVEL | C57: m2 | D57: 8.91
A58: ED-48495 | B58: REMOÇÃO MANUAL DE MARCO EM MADEIRA OU METÁLICO, COM REAPROVEITAMENTO, INCLUSIVE AFASTAMENTO E EMPILHAMENTO, EXCLUSIVE TRANSPORTE E RETIRADA DO MATERIAL REMOVIDO NÃO REAPROVEITÁVEL | C58: un | D58: 17.97
A59: 8711 | B59: DEMOLIÇÃO DE IMPERMEABILIZAÇÃO
A60: ED-48465 | B60: DEMOLIÇÃO MANUAL DE IMPERMEABILIZAÇÃO E PROTEÇÃO MECÂNICA, INCLUSIVE AFASTAMENTO E EMPILHAMENTO, EXCLUSIVE TRANSPORTE E RETIRADA DO MATERIAL DEMOLIDO | C60: m2 | D60: 27.28
A61: 8712 | B61: REMOÇÃO DE LOUÇA E ACESSÓRIOS
A62: ED-48467 | B62: REMOÇÃO DE LOUÇAS (LAVATÓRIO, BANHEIRA, PIA, VASO SANITÁRIO, TANQUE), COM REAPROVEITAMENTO, INCLUSIVE AFASTAMENTO E EMPILHAMENTO, EXCLUSIVE TRANSPORTE E RETIRADA DO MATERIAL REMOVIDO NÃO REAPROVEITÁVEL | C62: un | D62: 42.58
A63: ED-48470 | B63: REMOÇÃO MANUAL DE METAIS COMUNS E ACABAMENTOS (TORNEIRA, ACABAMENTO PARA REGISTRO, SIFÃO, ENGATE FLEXÍVEL, ETC.), COM REAPROVEITAMENTO, INCLUSIVE AFASTAMENTO E EMPILHAMENTO, EXCLUSIVE TRANSPORTE E RETIRADA DO MATERIAL REMOVIDO NÃO REAPROVEITÁVEL | C63: un | D63: 6.35
A64: ED-48471 | B64: REMOÇÃO MANUAL DE METAIS EMBUTIDOS (BASE DE REGISTRO, VÁLVULA DE DESCARGA, TORNEIRA ANTIVANDALISMO, ETC.), COM REAPROVEITAMENTO, INCLUSIVE AFASTAMENTO E EMPILHAMENTO, EXCLUSIVE TRANSPORTE E RETIRADA DO MATERIAL REMOVIDO NÃO REAPROVEITÁVEL | C64: un | D64: 20.22
A65: 8713 | B65: DEMOLIÇÃO E REMOÇÃO DE DIVISÓRIA E BANCADA
A66: ED-48452 | B66: DEMOLIÇÃO MANUAL DE ALVENARIA/DIVISÓRIA DE ELEMENTOS VAZADOS (COBOGÓ, ETC. ), INCLUSIVE AFASTAMENTO E EMPILHAMENTO, EXCLUSIVE TRANSPORTE E RETIRADA DO MATERIAL DEMOLIDO | C66: m2 | D66: 17.36
A67: ED-48453 | B67: DEMOLIÇÃO MANUAL DE DIVISÓRIA COMERCIAL EM LAMINADO, INCLUSIVE AFASTAMENTO E EMPILHAMENTO, EXCLUSIVE TRANSPORTE E RETIRADA DO MATERIAL DEMOLIDO | C67: m2 | D67: 7.01
A68: ED-8024 | B68: DEMOLIÇÃO MANUAL DE DIVISÓRIA DE MADEIRA, INCLUSIVE AFASTAMENTO E EMPILHAMENTO, EXCLUSIVE TRANSPORTE E RETIRADA DO MATERIAL DEMOLIDO | C68: m2 | D68: 10.7
A69: ED-48437 | B69: REMOÇÃO MANUAL DE BANCADA DE PEDRA (MÁRMORE, GRANITO, ARDÓSIA, MARMORITE, ETC.), COM REAPROVEITAMENTO, INCLUSIVE RASGO EM ALVENARIA, REMOÇÃO DE ACESSÓRIOS DE FIXAÇÃO, AFASTAMENTO E EMPILHAMENTO, EXCLUSIVE TRANSPORTE E RETIRADA DO MATERIAL REMOVIDO NÃO REAPROVEITÁVEL | C69: m2 | D69: 53.08
A70: ED-28348 | B70: REMOÇÃO MANUAL DE DIVISÓRIA EM PEDRA (MÁRMORE, GRANITO, ARDÓSIA, MARMORITE, ETC.), COM REAPROVEITAMENTO, INCLUSIVE RASGO EM ALVENARIA, REMOÇÃO DE ACESSÓRIOS DE FIXAÇÃO, AFASTAMENTO E EMPILHAMENTO, EXCLUSIVE TRANSPORTE E RETIRADA DO MATERIAL REMOVIDO NÃO REAPROVEITÁVEL | C70: m2 | D70: 44.31
A71: 8714 | B71: DEMOLIÇÃO DE ALVENARIA
A72: ED-48436 | B72: DEMOLIÇÃO MANUAL DE ALVENARIA DE TIJOLO CERÂMICO MACIÇO, INCLUSIVE AFASTAMENTO E EMPILHAMENTO, EXCLUSIVE TRANSPORTE E RETIRADA DO MATERIAL DEMOLIDO | C72: m3 | D72: 150.03
A73: ED-48435 | B73: DEMOLIÇÃO MANUAL DE ALVENARIA DE TIJOLO CERÂMICO OU BLOCO DE CONCRETO, INCLUSIVE AFASTAMENTO E EMPILHAMENTO, EXCLUSIVE TRANSPORTE E RETIRADA DO MATERIAL DEMOLIDO | C73: m3 | D73: 103.14
A74: ED-28338 | B74: DEMOLIÇÃO MANUAL DE CONSTRUÇÃO EM ALVENARIAS DE VEDAÇÃO, COM ESPESSURA MÁXIMA DE 15CM, INCLUSIVE REMOÇÃO COM REAPROVEITAMENTO DE ESQUADRIAS, AFASTAMENTO E EMPILHAMENTO, EXCLUSIVE TRANSPORTE E RETIRADA DO MATERIAL DEMOLIDO/REMOVIDO NÃO REAPROVEITÁVEL | C74: m2 | D74: 16.4
A75: 8715 | B75: DEMOLIÇÃO DE CONCRETO
A76: ED-48441 | B76: DEMOLIÇÃO MANUAL DE CONCRETO ARMADO, INCLUSIVE AFASTAMENTO E EMPILHAMENTO, EXCLUSIVE TRANSPORTE E RETIRADA DO MATERIAL DEMOLIDO | C76: m3 | D76: 471.52
A77: ED-48440 | B77: DEMOLIÇÃO MANUAL DE CONCRETO, SEM ARMAÇÃO, INCLUSIVE AFASTAMENTO E EMPILHAMENTO, EXCLUSIVE TRANSPORTE E RETIRADA DO MATERIAL DEMOLIDO | C77: m3 | D77: 285.77
A78: ED-48443 | B78: DEMOLIÇÃO MECANIZADA DE CONCRETO ARMADO, COM EQUIPAMENTO ELÉTRICO, INCLUSIVE AFASTAMENTO E EMPILHAMENTO, EXCLUSIVE TRANSPORTE E RETIRADA DO MATERIAL DEMOLIDO | C78: m3 | D78: 242.9
A79: ED-48445 | B79: DEMOLIÇÃO MECANIZADA DE CONCRETO ARMADO, COM EQUIPAMENTO PNEUMÁTICO, INCLUSIVE AFASTAMENTO E EMPILHAMENTO, EXCLUSIVE TRANSPORTE E RETIRADA DO MATERIAL DEMOLIDO | C79: m3 | D79: 309.79
A80: ED-48442 | B80: DEMOLIÇÃO MECANIZADA DE CONCRETO, SEM ARMAÇÃO, COM EQUIPAMENTO ELÉTRICO, INCLUSIVE AFASTAMENTO E EMPILHAMENTO, EXCLUSIVE TRANSPORTE E RETIRADA DO MATERIAL DEMOLIDO | C80: m3 | D80: 149.46
A81: ED-48444 | B81: DEMOLIÇÃO MECANIZADA DE CONCRETO, SEM ARMAÇÃO, COM EQUIPAMENTO PNEUMÁTICO, INCLUSIVE AFASTAMENTO E EMPILHAMENTO, EXCLUSIVE TRANSPORTE E RETIRADA DO MATERIAL DEMOLIDO | C81: m3 | D81: 190
A82: 8716 | B82: REMOÇÃO DE PADRÃO CONCESSIONÁRIA
A83: ED-48475 | B83: REMOÇÃO MANUAL DE PADRÃO DE ENTRADA DE ÁGUA, COM REAPROVEITAMENTO, INCLUSIVE AFASTAMENTO E EMPILHAMENTO, EXCLUSIVE TRANSPORTE E RETIRADA DO MATERIAL REMOVIDO NÃO REAPROVEITÁVEL | C83: un | D83: 97.34
A84: ED-48474 | B84: REMOÇÃO MANUAL DE PADRÃO DE ENTRADA DE ENERGIA, COM REAPROVEITAMENTO, INCLUSIVE AFASTAMENTO E EMPILHAMENTO, EXCLUSIVE TRANSPORTE E RETIRADA DO MATERIAL REMOVIDO NÃO REAPROVEITÁVEL | C84: un | D84: 245.12
A85: 8717 | B85: DEMOLIÇÃO E REMOÇÃO DE PAVIMENTAÇÃO
A86: ED-48487 | B86: DEMOLIÇÃO MANUAL DE LAJE DE CONCRETO ARMADO, COM ESPESSURA DE ATÉ 15CM, INCLUSIVE AFASTAMENTO E EMPILHAMENTO, EXCLUSIVE TRANSPORTE E RETIRADA DO MATERIAL DEMOLIDO | C86: m2 | D86: 41.25
A87: ED-48507 | B87: DEMOLIÇÃO MANUAL DE SARJETA OU SARJETÃO DE CONCRETO, INCLUSIVE AFASTAMENTO E EMPILHAMENTO, EXCLUSIVE TRANSPORTE E RETIRADA DO MATERIAL DEMOLIDO | C87: m2 | D87: 10.3
A88: ED-48489 | B88: DEMOLIÇÃO MECANIZADA DE LAJE DE CONCRETO ARMADO, COM ESPESSURA DE ATÉ 15CM, , COM EQUIPAMENTO ELÉTRICO, INCLUSIVE AFASTAMENTO E EMPILHAMENTO, EXCLUSIVE TRANSPORTE E RETIRADA DO MATERIAL DEMOLIDO | C88: m2 | D88: 22.02
A89: ED-48486 | B89: DEMOLIÇÃO MECANIZADA DE LAJE DE CONCRETO ARMADO, COM ESPESSURA DE ATÉ 15CM, , COM EQUIPAMENTO PNEUMÁTICO, INCLUSIVE AFASTAMENTO E EMPILHAMENTO, EXCLUSIVE TRANSPORTE E RETIRADA DO MATERIAL DEMOLIDO | C89: m2 | D89: 27.6
A90: ED-48492 | B90: DEMOLIÇÃO MECANIZADA DE REVESTIMENTO ASFÁLTICO, COM EQUIPAMENTO PNEUMÁTICO, INCLUSIVE AFASTAMENTO E EMPILHAMENTO, EXCLUSIVE TRANSPORTE E RETIRADA DO MATERIAL DEMOLIDO | C90: m2 | D90: 9.21
A91: ED-48490 | B91: REMOÇÃO MANUAL DE ALVENARIA POLIÉDRICA, COM REAPROVEITAMENTO, INCLUSIVE AFASTAMENTO E EMPILHAMENTO, EXCLUSIVE TRANSPORTE E RETIRADA DO MATERIAL REMOVIDO NÃO REAPROVEITÁVEL | C91: m2 | D91: 14.17
A92: ED-48488 | B92: REMOÇÃO MANUAL DE CALÇADA PORTUGUESA, COM REAPROVEITAMENTO, INCLUSIVE AFASTAMENTO E EMPILHAMENTO, EXCLUSIVE TRANSPORTE E RETIRADA DO MATERIAL REMOVIDO NÃO REAPROVEITÁVEL | C92: m2 | D92: 8.55
A93: ED-48473 | B93: REMOÇÃO MANUAL DE GUIA DE MEIO-FIO EM PEDRA (GNAISSE, BASALTO, ETC.), COM REAPROVEITAMENTO, INCLUSIVE AFASTAMENTO E EMPILHAMENTO, EXCLUSIVE TRANSPORTE E RETIRADA DO MATERIAL REMOVIDO NÃO REAPROVEITÁVEL | C93: m | D93: 20.62
A94: ED-48472 | B94: REMOÇÃO MANUAL DE GUIA DE MEIO-FIO PRÉ-MOLDADA EM CONCRETO, COM REAPROVEITAMENTO, INCLUSIVE AFASTAMENTO E EMPILHAMENTO, EXCLUSIVE TRANSPORTE E RETIRADA DO MATERIAL REMOVIDO NÃO REAPROVEITÁVEL | C94: m | D94: 11
A95: ED-48476 | B95: REMOÇÃO MANUAL DE PAVIMENTAÇÃO INTERTRAVADA OU SEXTAVADO EM PRÉ-MOLDADO DE CONCRETO, COM REAPROVEITAMENTO, INCLUSIVE AFASTAMENTO E EMPILHAMENTO, EXCLUSIVE TRANSPORTE E RETIRADA DO MATERIAL REMOVIDO NÃO REAPROVEITÁVEL | C95: m2 | D95: 14.17
A96: ED-48491 | B96: REMOÇÃO MANUAL DE PAVIMENTO PARALELEPÍPEDO, COM REAPROVEITAMENTO, INCLUSIVE AFASTAMENTO E EMPILHAMENTO, EXCLUSIVE TRANSPORTE E RETIRADA DO MATERIAL REMOVIDO NÃO REAPROVEITÁVEL | C96: m2 | D96: 15.75
A97: 8718 | B97: DEMOLIÇÃO E REMOÇÃO DE REVESTIMENTO
A98: ED-48504 | B98: DEMOLIÇÃO MANUAL DE LAMINADO MELAMÍNICO EM SUPERFÍCIE DE MADEIRA OU PAREDE, INCLUSIVE AFASTAMENTO E EMPILHAMENTO, EXCLUSIVE TRANSPORTE E RETIRADA DO MATERIAL DEMOLIDO | C98: m2 | D98: 10.3
A99: ED-48501 | B99: DEMOLIÇÃO MANUAL DE REBOCO OU EMBOÇO, COM ESPESSURA DE ATÉ 55MM, INCLUSIVE AFASTAMENTO E EMPILHAMENTO, EXCLUSIVE TRANSPORTE E RETIRADA DO MATERIAL DEMOLIDO | C99: m2 | D99: 9.81
A100: ED-48502 | B100: DEMOLIÇÃO MANUAL DE REVESTIMENTO CERÂMICO, AZULEJO OU LADRILHO HIDRÁULICO, INCLUSIVE AFASTAMENTO E EMPILHAMENTO, EXCLUSIVE DEMOLIÇÃO DO REBOCO OU EMBOÇO, TRANSPORTE E RETIRADA DO MATERIAL DEMOLIDO | C100: m2 | D100: 20.45
A101: ED-48503 | B101: DEMOLIÇÃO MANUAL DE REVESTIMENTO DE PEDRA (MÁRMORE, GRANITO, ARDÓSIA, ETC.), INCLUSIVE AFASTAMENTO E EMPILHAMENTO, EXCLUSIVE DEMOLIÇÃO DO REBOCO OU EMBOÇO, TRANSPORTE E RETIRADA DO MATERIAL DEMOLIDO | C101: m2 | D101: 24.55
...

Sheet Planilha Água
A1: PLANILHA DE SERVIÇOS
A2: OBJETO: | B2: EXECUÇÃO DE OBRA DE SUBSTITUIÇÃO DE REDES E RAMAIS DE ÁGUA E ESGOTO EM DIVERSAS VIAS PÚBLICAS NA CIDADE DE PASSOS | N2: DATA: | O2: 45343
G3: Data: | H3: 46076
A6: REDES E RAMAIS DE ÁGUA | C6: SINAPI 01/2026 | D6: SETOP 10/2025 | E6: BDI FORN.: | F6: 0.12 | G6: BDI SERV.: | H6: ='BDI-Serviços '!AI13 -> 0.2594 | I6: =H54 -> 863412.52 | K6: serviço
A7: ITEM | B7: DESCRIÇÃO DO ITEM | C7: QUANTID. | D7: UNIDADE | E7: CUSTO (R$) | I7: SINAPI, COTAÇÃO OU COMPOSIÇÃO | J7: SINAPI/SETOP-MG COMPOSIÇÃO OU COTAÇÃO? | L7: 1º Aditivo | R7: MEDIÇÃO 01 - | T7: MEDIÇÃO 02 - | V7: MEDIÇÃO 03 - | X7: MEDIÇÃO 04 - | Z7: ACUMULADO | AB7: SALDO
E8: UNIT. S/ BDI | F8: BDI | G8: UNIT. C/ BDI | H8: TOTAL | L8: Quantidade | N8: Valor (R$) | P8: Quant. Final | Q8: VALOR COM ADITIVO | R8: Executado no Período | T8: Executado no Período | V8: Executado no Período | X8: Executado no Período
A9: 1. | B9: MOBILIZAÇÃO E SERVIÇOS INICIAIS | H9: =SUM(H10,H11) -> 27751.38 | N9: =SUM(N10:N11) -> 0 | O9: =SUM(O10:O11) -> 0 | Q9: =SUM(Q10:Q11) -> 27751.38 | S9: =SUM(S10:S11) -> 0 | U9: =SUM(U10:U11) -> 0 | W9: =SUM(W10:W11) -> 0 | Y9: =SUM(Y10:Y11) -> 0 | AA9: =SUM(AA10:AA11) -> 0 | AC9: =SUM(AC10:AC11) -> 27751.38
A10: 1.1. | B10: =IFERROR(IF($J10="COT",VLOOKUP($I10,COTAÇÃO!$A$3:$I$4661,4,FALSE),IF($J10="COMP",VLOOKUP($I10,'Composições criadas'!$A$1:$H$656,4,FALSE),IF($J10="SINAPI",VLOOKUP($I10,SINAPI!$A$7:$D$12422,2,FALSE),IF(J10="SETOP",VLOOKUP($I10,SETOP!A:E,2,FALSE),"ERRO")))),"CÓDIGO DIGITADO INVÁLIDO") -> FORNECIMENTO E COLOCAÇÃO DE PLACA DE OBRA EM CHAPA GALVANIZADA #26, ESP. 0,45MM, DIMENSÃO (3X1,5)M, PLOTADA COM ADESIVO VINÍLICO, AFIXADA COM REBITES 4,8X40MM, EM ESTRUTURA METÁLICA DE METALON 20X20MM, ESP. 1,25MM, INCLUSIVE SUPORTE EM EUCALIPTO AUTOCLAVADO PINTADO COM TINTA PVA DUAS (2) DEMÃOS | C10: 1 | D10: UN | E10: 1179.41 | F10: 0.12 | G10: =ROUND(E10*(1+F10),2) -> 1320.94 | H10: =ROUND(C10*G10,2) -> 1320.94 | I10: ED-28427 | J10: SETOP | N10: =L10*G10 -> 0 | O10: =M10*G10 -> 0 | P10: =C10+L10-M10 -> 1 | Q10: =P10*G10 -> 1320.94 | S10: =R10*G10 -> 0 | U10: =T10*G10 -> 0 | W10: =V10*G10 -> 0 | Y10: =X10*G10 -> 0 | Z10: =R10+T10+V10+X10 -> 0 | AA10: =S10+U10+W10+Y10 -> 0 | AB10: =C10-Z10 -> 1 | AC10: =AB10*G10 -> 1320.94
A11: 1.2. | B11: =IFERROR(IF($J11="COT",VLOOKUP($I11,COTAÇÃO!$A$3:$I$4661,4,FALSE),IF($J11="COMP",VLOOKUP($I11,'Composições criadas'!$A$1:$H$656,4,FALSE),IF($J11="SINAPI",VLOOKUP($I11,SINAPI!$A$7:$D$12422,2,FALSE),IF(J11="SETOP",VLOOKUP($I11,SETOP!A:E,2,FALSE),"ERRO")))),"CÓDIGO DIGITADO INVÁLIDO") -> CANTEIRO DE OBRAS, COMPOSTO POR CONTÊINER PARA DEPÓSITO DE FERRAMENTAS (6,00x2,30x2,50) E BANHEIRO QUÍMICO, INCLUSIVE MANUTENÇÃO, MOBILIZAÇÃO E DESMOBILIZAÇÃO | C11: 4 | D11: SV | E11: =IFERROR(IF($J11="COT",VLOOKUP($I11,COTAÇÃO!$A$3:$I$4661,9,FALSE),IF($J11="COMP",VLOOKUP($I11,'Composições criadas'!$A$1:$H$656,8,FALSE),IF($J11="SINAPI",VLOOKUP($I11,SINAPI!$A$7:$D$12422,4,FALSE),IF(J11="SETOP",VLOOKUP($I11,SETOP!A:D,4,FALSE),0)))),0) -> 5246.63 | F11: =H6 -> 0.2594 | G11: =ROUND(E11*(1+F11),2) -> 6607.61 | H11: =C11*G11 -> 26430.44 | I11: CC1 | J11: COMP | N11: =L11*G11 -> 0 | O11: =M11*G11 -> 0 | P11: =C11+L11-M11 -> 4 | Q11: =P11*G11 -> 26430.44 | S11: =R11*G11 -> 0 | U11: =T11*G11 -> 0 | W11: =V11*G11 -> 0 | Y11: =X11*G11 -> 0 | Z11: =R11+T11+V11+X11 -> 0 | AA11: =S11+U11+W11+Y11 -> 0 | AB11: =C11-Z11 -> 4 | AC11: =AB11*G11 -> 26430.44
A12: 2 | B12: SUBSTITUIÇÃO DE REDES E RAMAIS DE ÁGUA E ESGOTO | H12: =SUM(H13:H49) -> 773013.02 | Q12: =SUM(Q13:Q48) -> 572419.33 | S12: =SUM(S13:S48) -> 0 | U12: =SUM(U13:U48) -> 0 | W12: =SUM(W13:W48) -> 0 | Y12: =SUM(Y13:Y48) -> 0 | Z12: =R12+T12+V12+X12 -> 0 | AA12: =SUM(AA13:AA48) -> 0 | AB12: =#REF!-Z12 -> #REF! | AC12: =SUM(AC13:AC49) -> 572419.33
A13: 2.1. | B13: =IFERROR(IF($J13="COT",VLOOKUP($I13,COTAÇÃO!$A$3:$I$4661,4,FALSE),IF($J13="COMP",VLOOKUP($I13,'Composições criadas'!$A$1:$H$656,4,FALSE),IF($J13="SINAPI",VLOOKUP($I13,SINAPI!$A$7:$D$12422,2,FALSE),IF(J13="SETOP",VLOOKUP($I13,SETOP!A:E,2,FALSE),"ERRO")))),"CÓDIGO DIGITADO INVÁLIDO") -> LOCAÇÃO DE REDE DE ÁGUA OU ESGOTO. AF_03/2024 | C13: 2390 | D13: M | E13: 11.1 | F13: =IF(M13=$N$8,$F$6,$H$6) -> 0.2594 | G13: =ROUND(E13*(1+F13),2) -> 13.98 | H13: =ROUND(C13*G13,2) -> 33412.2 | I13: 99063 | J13: SINAPI | N13: =L13*G13 -> 0 | O13: =M13*G13 -> 0 | P13: =C13+L13-M13 -> 2390 | Q13: =P13*G13 -> 33412.2 | S13: =R13*G13 -> 0 | U13: =T13*G13 -> 0 | W13: =V13*G13 -> 0 | Y13: =X13*G13 -> 0 | Z13: =R13+T13+V13+X13 -> 0 | AA13: =S13+U13+W13+Y13 -> 0 | AB13: =C13-Z13 -> 2390 | AC13: =AB13*G13 -> 33412.2
A14: 2.2. | B14: =IFERROR(IF($J14="COT",VLOOKUP($I14,COTAÇÃO!$A$3:$I$4661,4,FALSE),IF($J14="COMP",VLOOKUP($I14,'Composições criadas'!$A$1:$H$656,4,FALSE),IF($J14="SINAPI",VLOOKUP($I14,SINAPI!$A$7:$D$12422,2,FALSE),IF(J14="SETOP",VLOOKUP($I14,SETOP!A:E,2,FALSE),"ERRO")))),"CÓDIGO DIGITADO INVÁLIDO") -> DEMOLIÇÃO PARCIAL DE PAVIMENTO ASFÁLTICO, DE FORMA MECANIZADA, SEM REAPROVEITAMENTO. AF_09/2023 | C14: =2070*0.6 -> 1242 | D14: M2 | E14: 24.63 | F14: =IF(M14=$N$8,$F$6,$H$6) -> 0.2594 | G14: =ROUND(E14*(1+F14),2) -> 31.02 | H14: =ROUND(C14*G14,2) -> 38526.84 | I14: 97636 | J14: SINAPI | N14: =L14*G14 -> 0 | O14: =M14*G14 -> 0 | P14: =C14+L14-M14 -> 1242 | Q14: =P14*G14 -> 38526.84 | S14: =R14*G14 -> 0 | U14: =T14*G14 -> 0 | W14: =V14*G14 -> 0 | Y14: =X14*G14 -> 0 | Z14: =R14+T14+V14+X14 -> 0 | AA14: =S14+U14+W14+Y14 -> 0 | AB14: =C14-Z14 -> 1242 | AC14: =AB14*G14 -> 38526.84
A15: 2.3. | B15: =IFERROR(IF($J15="COT",VLOOKUP($I15,COTAÇÃO!$A$3:$I$4661,4,FALSE),IF($J15="COMP",VLOOKUP($I15,'Composições criadas'!$A$1:$H$656,4,FALSE),IF($J15="SINAPI",VLOOKUP($I15,SINAPI!$A$7:$D$12422,2,FALSE),IF(J15="SETOP",VLOOKUP($I15,SETOP!A:E,2,FALSE),"ERRO")))),"CÓDIGO DIGITADO INVÁLIDO") -> DEMOLIÇÃO MANUAL DE PISO CIMENTADO OU CONTRAPISO DE ARGAMASSA, COM ESPESSURA MÁXIMA DE 10CM, INCLUSIVE AFASTAMENTO E EMPILHAMENTO, EXCLUSIVE TRANSPORTE E RETIRADA DO MATERIAL DEMOLIDO | C15: 190.4 | D15: M2 | E15: 20.05 | F15: =IF(M15=$N$8,$F$6,$H$6) -> 0.2594 | G15: =ROUND(E15*(1+F15),2) -> 25.25 | H15: =ROUND(C15*G15,2) -> 4807.6 | I15: ED-48479 | J15: SETOP | N15: =L15*G15 -> 0 | O15: =M15*G15 -> 0 | P15: =C15+L15-M15 -> 190.4 | Q15: =P15*G15 -> 4807.6 | S15: =R15*G15 -> 0 | U15: =T15*G15 -> 0 | W15: =V15*G15 -> 0 | Y15: =X15*G15 -> 0 | Z15: =R15+T15+V15+X15 -> 0 | AA15: =S15+U15+W15+Y15 -> 0 | AB15: =C15-Z15 -> 190.4 | AC15: =AB15*G15 -> 4807.6
A16: 2.4. | B16: =IFERROR(IF($J16="COT",VLOOKUP($I16,COTAÇÃO!$A$3:$I$4661,4,FALSE),IF($J16="COMP",VLOOKUP($I16,'Composições criadas'!$A$1:$H$656,4,FALSE),IF($J16="SINAPI",VLOOKUP($I16,SINAPI!$A$7:$D$12422,2,FALSE),IF(J16="SETOP",VLOOKUP($I16,SETOP!A:E,2,FALSE),"ERRO")))),"CÓDIGO DIGITADO INVÁLIDO") -> CARGA, MANOBRA E DESCARGA DE ENTULHO EM CAMINHÃO BASCULANTE 6 M³ - CARGA COM ESCAVADEIRA HIDRÁULICA (CAÇAMBA DE 0,80 M³ / 111 HP) E DESCARGA LIVRE (UNIDADE: M3). AF_07/2020 | C16: =(C14+C15)*1 -> 1432.4 | D16: M3 | E16: 9.92 | F16: =IF(M16=$N$8,$F$6,$H$6) -> 0.2594 | G16: =ROUND(E16*(1+F16),2) -> 12.49 | H16: =ROUND(C16*G16,2) -> 17890.68 | I16: 100981 | J16: SINAPI | N16: =L16*G16 -> 0 | O16: =M16*G16 -> 0 | P16: =C16+L16-M16 -> 1432.4 | Q16: =P16*G16 -> 17890.676 | S16: =R16*G16 -> 0 | U16: =T16*G16 -> 0 | W16: =V16*G16 -> 0 | Y16: =X16*G16 -> 0 | Z16: =R16+T16+V16+X16 -> 0 | AA16: =S16+U16+W16+Y16 -> 0 | AB16: =C16-Z16 -> 1432.4 | AC16: =AB16*G16 -> 17890.676
A17: 2.5. | B17: =IFERROR(IF($J17="COT",VLOOKUP($I17,COTAÇÃO!$A$3:$I$4661,4,FALSE),IF($J17="COMP",VLOOKUP($I17,'Composições criadas'!$A$1:$H$656,4,FALSE),IF($J17="SINAPI",VLOOKUP($I17,SINAPI!$A$7:$D$12422,2,FALSE),IF(J17="SETOP",VLOOKUP($I17,SETOP!A:E,2,FALSE),"ERRO")))),"CÓDIGO DIGITADO INVÁLIDO") -> TRANSPORTE COM CAMINHÃO BASCULANTE DE 6 M³, EM VIA URBANA PAVIMENTADA, DMT ATÉ 30 KM (UNIDADE: M3XKM). AF_07/2020 | C17: =((C14+C15)/6)*6 -> 1432.4 | D17: =IFERROR(IF($J17="COT",VLOOKUP($I17,COTAÇÃO!$A$3:$I$4661,5,FALSE),IF($J17="COMP",VLOOKUP($I17,'Composições criadas'!$A$1:$H$656,5,FALSE),IF($J17="SINAPI",VLOOKUP($I17,SINAPI!$A$7:$D$12422,3,FALSE),IF(J17="SETOP",VLOOKUP($I17,SETOP!A:D,3,FALSE),"ERRO")))),"ERRO") -> M3XKM | E17: 3.12 | F17: =IF(M17=$N$8,$F$6,$H$6) -> 0.2594 | G17: =ROUND(E17*(1+F17),2) -> 3.93 | H17: =ROUND(C17*G17,2) -> 5629.33 | I17: 97914 | J17: SINAPI | N17: =L17*G17 -> 0 | O17: =M17*G17 -> 0 | P17: =C17+L17-M17 -> 1432.4 | Q17: =P17*G17 -> 5629.332 | S17: =R17*G17 -> 0 | U17: =T17*G17 -> 0 | W17: =V17*G17 -> 0 | Y17: =X17*G17 -> 0 | Z17: =R17+T17+V17+X17 -> 0 | AA17: =S17+U17+W17+Y17 -> 0 | AB17: =C17-Z17 -> 1432.4 | AC17: =AB17*G17 -> 5629.332
A18: 2.6. | B18: =IFERROR(IF($J18="COT",VLOOKUP($I18,COTAÇÃO!$A$3:$I$4661,4,FALSE),IF($J18="COMP",VLOOKUP($I18,'Composições criadas'!$A$1:$H$656,4,FALSE),IF($J18="SINAPI",VLOOKUP($I18,SINAPI!$A$7:$D$12422,2,FALSE),IF(J18="SETOP",VLOOKUP($I18,SETOP!A:E,2,FALSE),"ERRO")))),"CÓDIGO DIGITADO INVÁLIDO") -> ESCAVAÇÃO MECANIZADA DE VALA COM PROF. ATÉ 1,5 M (MÉDIA MONTANTE E JUSANTE/UMA COMPOSIÇÃO POR TRECHO), RETROESCAV. (0,26 M3), LARG. MENOR QUE 0,8 M, EM SOLO DE 1A CATEGORIA, EM LOCAIS COM ALTO NÍVEL DE INTERFERÊNCIA. AF_09/2024 | C18: =(C13*0.6)*1 -> 1434 | D18: M3 | E18: 17.21 | F18: =IF(M18=$N$8,$F$6,$H$6) -> 0.2594 | G18: =ROUND(E18*(1+F18),2) -> 21.67 | H18: =ROUND(C18*G18,2) -> 31074.78 | I18: 90099 | J18: SINAPI | N18: =L18*G18 -> 0 | O18: =M18*G18 -> 0 | P18: =C18+L18-M18 -> 1434 | Q18: =P18*G18 -> 31074.78 | S18: =R18*G18 -> 0 | U18: =T18*G18 -> 0 | W18: =V18*G18 -> 0 | Y18: =X18*G18 -> 0 | Z18: =R18+T18+V18+X18 -> 0 | AA18: =S18+U18+W18+Y18 -> 0 | AB18: =C18-Z18 -> 1434 | AC18: =AB18*G18 -> 31074.78
A19: 2.7. | B19: =IFERROR(IF($J19="COT",VLOOKUP($I19,COTAÇÃO!$A$3:$I$4661,4,FALSE),IF($J19="COMP",VLOOKUP($I19,'Composições criadas'!$A$1:$H$656,4,FALSE),IF($J19="SINAPI",VLOOKUP($I19,SINAPI!$A$7:$D$12422,2,FALSE),IF(J19="SETOP",VLOOKUP($I19,SETOP!A:E,2,FALSE),"ERRO")))),"CÓDIGO DIGITADO INVÁLIDO") -> PREPARO DE FUNDO DE VALA COM LARGURA MENOR QUE 1,5 M (ACERTO DO SOLO NATURAL). AF_08/2020 | C19: =C13*0.6 -> 1434 | D19: M2 | E19: 8.8 | F19: =IF(M19=$N$8,$F$6,$H$6) -> 0.2594 | G19: =ROUND(E19*(1+F19),2) -> 11.08 | H19: =ROUND(C19*G19,2) -> 15888.72 | I19: 101616 | J19: SINAPI | N19: =L19*G19 -> 0 | O19: =M19*G19 -> 0 | P19: =C19+L19-M19 -> 1434 | Q19: =P19*G19 -> 15888.72 | S19: =R19*G19 -> 0 | U19: =T19*G19 -> 0 | W19: =V19*G19 -> 0 | Y19: =X19*G19 -> 0 | Z19: =R19+T19+V19+X19 -> 0 | AA19: =S19+U19+W19+Y19 -> 0 | AB19: =C19-Z19 -> 1434 | AC19: =AB19*G19 -> 15888.72
A20: 2.8. | B20: =IFERROR(IF($J20="COT",VLOOKUP($I20,COTAÇÃO!$A$3:$I$4661,4,FALSE),IF($J20="COMP",VLOOKUP($I20,'Composições criadas'!$A$1:$H$656,4,FALSE),IF($J20="SINAPI",VLOOKUP($I20,SINAPI!$A$7:$D$12422,2,FALSE),IF(J20="SETOP",VLOOKUP($I20,SETOP!A:E,2,FALSE),"ERRO")))),"CÓDIGO DIGITADO INVÁLIDO") -> TUBO PVC PBA JEI, CLASSE 20, DN 50 MM, PARA REDE DE AGUA (NBR 5647) | C20: =C13-160 -> 2230 | D20: M | E20: 30.04 | F20: 0.12 | G20: =ROUND(E20*(1+F20),2) -> 33.64 | H20: =ROUND(C20*G20,2) -> 75017.2 | I20: 36378 | J20: SINAPI | N20: =L20*G20 -> 0 | O20: =M20*G20 -> 0 | P20: =C20+L20-M20 -> 2230 | Q20: =P20*G20 -> 75017.2 | S20: =R20*G20 -> 0 | U20: =T20*G20 -> 0 | W20: =V20*G20 -> 0 | Y20: =X20*G20 -> 0 | Z20: =R20+T20+V20+X20 -> 0 | AA20: =S20+U20+W20+Y20 -> 0 | AB20: =C20-Z20 -> 2230 | AC20: =AB20*G20 -> 75017.2
A21: 2.9. | B21: =IFERROR(IF($J21="COT",VLOOKUP($I21,COTAÇÃO!$A$3:$I$4661,4,FALSE),IF($J21="COMP",VLOOKUP($I21,'Composições criadas'!$A$1:$H$656,4,FALSE),IF($J21="SINAPI",VLOOKUP($I21,SINAPI!$A$7:$D$12422,2,FALSE),IF(J21="SETOP",VLOOKUP($I21,SETOP!A:E,2,FALSE),"ERRO")))),"CÓDIGO DIGITADO INVÁLIDO") -> ASSENTAMENTO DE TUBO DE PVC PBA PARA REDE DE ÁGUA, DN 50 MM, JUNTA ELÁSTICA INTEGRADA, INSTALADO EM LOCAL COM NÍVEL ALTO DE INTERFERÊNCIAS (NÃO INCLUI FORNECIMENTO). AF_05/2024 | C21: =C20 -> 2230 | D21: M | E21: 3.38 | F21: =IF(M21=$N$8,$F$6,$H$6) -> 0.2594 | G21: =ROUND(E21*(1+F21),2) -> 4.26 | H21: =ROUND(C21*G21,2) -> 9499.8 | I21: 97121 | J21: SINAPI | N21: =L21*G21 -> 0 | O21: =M21*G21 -> 0 | P21: =C21+L21-M21 -> 2230 | Q21: =P21*G21 -> 9499.8 | S21: =R21*G21 -> 0 | U21: =T21*G21 -> 0 | W21: =V21*G21 -> 0 | Y21: =X21*G21 -> 0 | Z21: =R21+T21+V21+X21 -> 0 | AA21: =S21+U21+W21+Y21 -> 0 | AB21: =C21-Z21 -> 2230 | AC21: =AB21*G21 -> 9499.8
A22: 2.10. | B22: =IFERROR(IF($J22="COT",VLOOKUP($I22,COTAÇÃO!$A$3:$I$4661,4,FALSE),IF($J22="COMP",VLOOKUP($I22,'Composições criadas'!$A$1:$H$656,4,FALSE),IF($J22="SINAPI",VLOOKUP($I22,SINAPI!$A$7:$D$12422,2,FALSE),IF(J22="SETOP",VLOOKUP($I22,SETOP!A:E,2,FALSE),"ERRO")))),"CÓDIGO DIGITADO INVÁLIDO") -> TUBO PVC PBA JEI, CLASSE 20, DN 75 MM, PARA REDE DE AGUA (NBR 5647) | C22: 160 | D22: M | E22: 60.55 | F22: 0.12 | G22: =ROUND(E22*(1+F22),2) -> 67.82 | H22: =ROUND(C22*G22,2) -> 10851.2 | I22: 36379 | J22: SINAPI | N22: =L22*G22 -> 0 | O22: =M22*G22 -> 0 | P22: =C22+L22-M22 -> 160 | Q22: =P22*G22 -> 10851.2 | S22: =R22*G22 -> 0 | U22: =T22*G22 -> 0 | W22: =V22*G22 -> 0 | Y22: =X22*G22 -> 0 | Z22: =R22+T22+V22+X22 -> 0 | AA22: =S22+U22+W22+Y22 -> 0 | AB22: =C22-Z22 -> 160 | AC22: =AB22*G22 -> 10851.2
A23: 2.11. | B23: =IFERROR(IF($J23="COT",VLOOKUP($I23,COTAÇÃO!$A$3:$I$4661,4,FALSE),IF($J23="COMP",VLOOKUP($I23,'Composições criadas'!$A$1:$H$656,4,FALSE),IF($J23="SINAPI",VLOOKUP($I23,SINAPI!$A$7:$D$12422,2,FALSE),IF(J23="SETOP",VLOOKUP($I23,SETOP!A:E,2,FALSE),"ERRO")))),"CÓDIGO DIGITADO INVÁLIDO") -> ASSENTAMENTO DE TUBO DE PVC PBA PARA REDE DE ÁGUA, DN 75 MM, JUNTA ELÁSTICA INTEGRADA, INSTALADO EM LOCAL COM NÍVEL ALTO DE INTERFERÊNCIAS (NÃO INCLUI FORNECIMENTO). AF_05/2024 | C23: 160 | D23: M | E23: 4.07 | F23: =IF(M23=$N$8,$F$6,$H$6) -> 0.2594 | G23: =ROUND(E23*(1+F23),2) -> 5.13 | H23: =ROUND(C23*G23,2) -> 820.8 | I23: 97122 | J23: SINAPI | N23: =L23*G23 -> 0 | O23: =M23*G23 -> 0 | P23: =C23+L23-M23 -> 160 | Q23: =P23*G23 -> 820.8 | S23: =R23*G23 -> 0 | U23: =T23*G23 -> 0 | W23: =V23*G23 -> 0 | Y23: =X23*G23 -> 0 | Z23: =R23+T23+V23+X23 -> 0 | AA23: =S23+U23+W23+Y23 -> 0 | AB23: =C23-Z23 -> 160 | AC23: =AB23*G23 -> 820.8
A24: 2.12. | B24: =IFERROR(IF($J24="COT",VLOOKUP($I24,COTAÇÃO!$A$3:$I$4661,4,FALSE),IF($J24="COMP",VLOOKUP($I24,'Composições criadas'!$A$1:$H$656,4,FALSE),IF($J24="SINAPI",VLOOKUP($I24,SINAPI!$A$7:$D$12422,2,FALSE),IF(J24="SETOP",VLOOKUP($I24,SETOP!A:E,2,FALSE),"ERRO")))),"CÓDIGO DIGITADO INVÁLIDO") -> TUBO DE POLIETILENO DE ALTA DENSIDADE (PEAD), PE-80, DE = 20 MM X 2,3 MM DE PAREDE, PARA LIGACAO DE AGUA PREDIAL (NBR 15561) | C24: 2400 | D24: M | E24: 5.15 | F24: 0.12 | G24: =ROUND(E24*(1+F24),2) -> 5.77 | H24: =ROUND(C24*G24,2) -> 13848 | I24: 9813 | J24: SINAPI | N24: =L24*G24 -> 0 | O24: =M24*G24 -> 0 | P24: =C24+L24-M24 -> 2400 | Q24: =P24*G24 -> 13848 | S24: =R24*G24 -> 0 | U24: =T24*G24 -> 0 | W24: =V24*G24 -> 0 | Y24: =X24*G24 -> 0 | Z24: =R24+T24+V24+X24 -> 0 | AA24: =S24+U24+W24+Y24 -> 0 | AB24: =C24-Z24 -> 2400 | AC24: =AB24*G24 -> 13848
A25: 2.13. | B25: =IFERROR(IF($J25="COT",VLOOKUP($I25,COTAÇÃO!$A$3:$I$4661,4,FALSE),IF($J25="COMP",VLOOKUP($I25,'Composições criadas'!$A$1:$H$656,4,FALSE),IF($J25="SINAPI",VLOOKUP($I25,SINAPI!$A$7:$D$12422,2,FALSE),IF(J25="SETOP",VLOOKUP($I25,SETOP!A:E,2,FALSE),"ERRO")))),"CÓDIGO DIGITADO INVÁLIDO") -> RAMAL DOMICILIAR DE ÁGUA EM TUBO PEAD 20MM, INSTALAÇÃO, INCLUINDO ESCAVAÇÃO E REATERRO, EXCLUSIVE TUBO PEAD | C25: 2400 | D25: M | E25: 41.29 | F25: =IF(M25=$N$8,$F$6,$H$6) -> 0.2594 | G25: =ROUND(E25*(1+F25),2) -> 52 | H25: =ROUND(C25*G25,6) -> 124800 | I25: CC3 | J25: COMP | N25: =L25*G25 -> 0 | O25: =M25*G25 -> 0 | P25: =C25+L25-M25 -> 2400 | Q25: =P25*G25 -> 124800 | S25: =R25*G25 -> 0 | U25: =T25*G25 -> 0 | W25: =V25*G25 -> 0 | Y25: =X25*G25 -> 0 | Z25: =R25+T25+V25+X25 -> 0 | AA25: =S25+U25+W25+Y25 -> 0 | AB25: =C25-Z25 -> 2400 | AC25: =AB25*G25 -> 124800
A26: 2.14. | B26: =IFERROR(IF($J26="COT",VLOOKUP($I26,COTAÇÃO!$A$3:$I$4661,4,FALSE),IF($J26="COMP",VLOOKUP($I26,'Composições criadas'!$A$1:$H$656,4,FALSE),IF($J26="SINAPI",VLOOKUP($I26,SINAPI!$A$7:$D$12422,2,FALSE),IF(J26="SETOP",VLOOKUP($I26,SETOP!A:E,2,FALSE),"ERRO")))),"CÓDIGO DIGITADO INVÁLIDO") -> SERVIÇO DE LIGAÇÃO DOMICILIAR DE ÁGUA - REDE AO RAMAL / RAMAL AO PADRÃO - PADRÃO SAE | C26: 238 | D26: UN | E26: 13.95 | F26: =IF(M26=$N$8,$F$6,$H$6) -> 0.2594 | G26: =ROUND(E26*(1+F26),2) -> 17.57 | H26: =ROUND(C26*G26,2) -> 4181.66 | I26: CC4 | J26: COMP | N26: =L26*G26 -> 0 | O26: =M26*G26 -> 0 | P26: =C26+L26-M26 -> 238 | Q26: =P26*G26 -> 4181.66 | S26: =R26*G26 -> 0 | U26: =T26*G26 -> 0 | W26: =V26*G26 -> 0 | Y26: =X26*G26 -> 0 | Z26: =R26+T26+V26+X26 -> 0 | AA26: =S26+U26+W26+Y26 -> 0 | AB26: =C26-Z26 -> 238 | AC26: =AB26*G26 -> 4181.66
A27: 2.15. | B27: =IFERROR(IF($J27="COT",VLOOKUP($I27,COTAÇÃO!$A$3:$I$4661,4,FALSE),IF($J27="COMP",VLOOKUP($I27,'Composições criadas'!$A$1:$H$656,4,FALSE),IF($J27="SINAPI",VLOOKUP($I27,SINAPI!$A$7:$D$12422,2,FALSE),IF(J27="SETOP",VLOOKUP($I27,SETOP!A:E,2,FALSE),"ERRO")))),"CÓDIGO DIGITADO INVÁLIDO") -> TE DE SERVICO INTEGRADO, EM POLIPROPILENO (PP), PARA TUBOS EM PEAD/PVC, 60 X 20 MM - LIGACAO PREDIAL DE AGUA | C27: 238 | D27: UN | E27: 60.59 | F27: 0.12 | G27: =ROUND(E27*(1+F27),2) -> 67.86 | H27: =ROUND(C27*G27,2) -> 16150.68 | I27: 37420 | J27: SINAPI
A28: 2.16. | B28: =IFERROR(IF($J28="COT",VLOOKUP($I28,COTAÇÃO!$A$3:$I$4661,4,FALSE),IF($J28="COMP",VLOOKUP($I28,'Composições criadas'!$A$1:$H$656,4,FALSE),IF($J28="SINAPI",VLOOKUP($I28,SINAPI!$A$7:$D$12422,2,FALSE),IF(J28="SETOP",VLOOKUP($I28,SETOP!A:E,2,FALSE),"ERRO")))),"CÓDIGO DIGITADO INVÁLIDO") -> ADAPTADOR CURTO COM BOLSA E ROSCA PARA REGISTRO, PVC, SOLDÁVEL, DN 20MM X 1/2 , INSTALADO EM RAMAL OU SUB-RAMAL DE ÁGUA - FORNECIMENTO E INSTALAÇÃO. AF_06/2022 | C28: 238 | D28: UN | E28: 6.6 | F28: 0.12 | G28: =ROUND(E28*(1+F28),2) -> 7.39 | H28: =ROUND(C28*G28,2) -> 1758.82 | I28: 89376 | J28: SINAPI
A29: 2.17. | B29: =IFERROR(IF($J29="COT",VLOOKUP($I29,COTAÇÃO!$A$3:$I$4661,4,FALSE),IF($J29="COMP",VLOOKUP($I29,'Composições criadas'!$A$1:$H$656,4,FALSE),IF($J29="SINAPI",VLOOKUP($I29,SINAPI!$A$7:$D$12422,2,FALSE),IF(J29="SETOP",VLOOKUP($I29,SETOP!A:E,2,FALSE),"ERRO")))),"CÓDIGO DIGITADO INVÁLIDO") -> LUVA COM BUCHA DE LATÃO, PVC, SOLDÁVEL, DN 20MM X 1/2", INSTALADO EM RAMAL OU SUB-RAMAL DE ÁGUA - FORNECIMENTO E INSTALAÇÃO. AF_06/2022 | C29: 238 | D29: UN | E29: 11.13 | F29: 0.12 | G29: =ROUND(E29*(1+F29),2) -> 12.47 | H29: =ROUND(C29*G29,2) -> 2967.86 | I29: 89374 | J29: SINAPI
A30: 2.18. | B30: =IFERROR(IF($J30="COT",VLOOKUP($I30,COTAÇÃO!$A$3:$I$4661,4,FALSE),IF($J30="COMP",VLOOKUP($I30,'Composições criadas'!$A$1:$H$656,4,FALSE),IF($J30="SINAPI",VLOOKUP($I30,SINAPI!$A$7:$D$12422,2,FALSE),IF(J30="SETOP",VLOOKUP($I30,SETOP!A:E,2,FALSE),"ERRO")))),"CÓDIGO DIGITADO INVÁLIDO") -> UNIAO EM POLIPROPILENO (PP), PARA TUBO EM PEAD, 20 MM - LIGACAO PREDIAL DE AGUA | C30: 238 | D30: UN | E30: 7.21 | F30: 0.12 | G30: =ROUND(E30*(1+F30),2) -> 8.08 | H30: =ROUND(C30*G30,2) -> 1923.04 | I30: 64 | J30: SINAPI
A31: 2.19. | B31: =IFERROR(IF($J31="COT",VLOOKUP($I31,COTAÇÃO!$A$3:$I$4661,4,FALSE),IF($J31="COMP",VLOOKUP($I31,'Composições criadas'!$A$1:$H$656,4,FALSE),IF($J31="SINAPI",VLOOKUP($I31,SINAPI!$A$7:$D$12422,2,FALSE),IF(J31="SETOP",VLOOKUP($I31,SETOP!A:E,2,FALSE),"ERRO")))),"CÓDIGO DIGITADO INVÁLIDO") -> JOELHO 90 GRAUS, PVC, SOLDÁVEL, DN 20MM, INSTALADO EM RAMAL OU SUB-RAMAL DE ÁGUA - FORNECIMENTO E INSTALAÇÃO. AF_06/2022 | C31: 476 | D31: UN | E31: 9.41 | F31: 0.12 | G31: =ROUND(E31*(1+F31),2) -> 10.54 | H31: =ROUND(C31*G31,2) -> 5017.04 | I31: 89358 | J31: SINAPI
A32: 2.20. | B32: =IFERROR(IF($J32="COT",VLOOKUP($I32,COTAÇÃO!$A$3:$I$4661,4,FALSE),IF($J32="COMP",VLOOKUP($I32,'Composições criadas'!$A$1:$H$656,4,FALSE),IF($J32="SINAPI",VLOOKUP($I32,SINAPI!$A$7:$D$12422,2,FALSE),IF(J32="SETOP",VLOOKUP($I32,SETOP!A:E,2,FALSE),"ERRO")))),"CÓDIGO DIGITADO INVÁLIDO") -> TE DE SERVIÇO INTEGRADO, EM POLIPROPILENO, PARA TUBOS PVC, 75 X 20 MM - LIGAÇÃO PREDIAL DE ÁGUA | C32: 15 | D32: UN | E32: =IFERROR(IF($J32="COT",VLOOKUP($I32,COTAÇÃO!$A$3:$I$4661,9,FALSE),IF($J32="COMP",VLOOKUP($I32,'Composições criadas'!$A$1:$H$656,8,FALSE),IF($J32="SINAPI",VLOOKUP($I32,SINAPI!$A$7:$D$12422,4,FALSE),IF(J32="SETOP",VLOOKUP($I32,SETOP!A:D,4,FALSE),0)))),0) -> 47.23 | F32: 0.12 | G32: =ROUND(E32*(1+F32),2) -> 52.9 | H32: =ROUND(C32*G32,2) -> 793.5 | I32: 1 | J32: COT
A33: 2.21. | B33: =IFERROR(IF($J33="COT",VLOOKUP($I33,COTAÇÃO!$A$3:$I$4661,4,FALSE),IF($J33="COMP",VLOOKUP($I33,'Composições criadas'!$A$1:$H$656,4,FALSE),IF($J33="SINAPI",VLOOKUP($I33,SINAPI!$A$7:$D$12422,2,FALSE),IF(J33="SETOP",VLOOKUP($I33,SETOP!A:E,2,FALSE),"ERRO")))),"CÓDIGO DIGITADO INVÁLIDO") -> UNIÃO, POLIPROPILENO, PARA TUBOS EM PEAD, 20 MM, PARA LIGAÇÃO PREDIAL DE ÁGUA. AF_06/2022 | C33: 15 | D33: UN | E33: 11.47 | F33: 0.12 | G33: =ROUND(E33*(1+F33),2) -> 12.85 | H33: =ROUND(C33*G33,2) -> 192.75 | I33: 104053 | J33: SINAPI
A34: 2.22. | B34: =IFERROR(IF($J34="COT",VLOOKUP($I34,COTAÇÃO!$A$3:$I$4661,4,FALSE),IF($J34="COMP",VLOOKUP($I34,'Composições criadas'!$A$1:$H$656,4,FALSE),IF($J34="SINAPI",VLOOKUP($I34,SINAPI!$A$7:$D$12422,2,FALSE),IF(J34="SETOP",VLOOKUP($I34,SETOP!A:E,2,FALSE),"ERRO")))),"CÓDIGO DIGITADO INVÁLIDO") -> ADAPTADOR PEAD AZUL PARA LIGAÇÃO RAMAL PREDIAL COM REGISTRO EM PVC 20MM X 3/4". PN 1,0 MPA. NBR - 11306 | C34: 252 | D34: UN | E34: =IFERROR(IF($J34="COT",VLOOKUP($I34,COTAÇÃO!$A$3:$I$4661,9,FALSE),IF($J34="COMP",VLOOKUP($I34,'Composições criadas'!$A$1:$H$656,8,FALSE),IF($J34="SINAPI",VLOOKUP($I34,SINAPI!$A$7:$D$12422,4,FALSE),IF(J34="SETOP",VLOOKUP($I34,SETOP!A:D,4,FALSE),0)))),0) -> 22.1 | F34: 0.12 | G34: =ROUND(E34*(1+F34),2) -> 24.75 | H34: =ROUND(C34*G34,2) -> 6237 | I34: 2 | J34: COT
A35: 2.23. | B35: =IFERROR(IF($J35="COT",VLOOKUP($I35,COTAÇÃO!$A$3:$I$4661,4,FALSE),IF($J35="COMP",VLOOKUP($I35,'Composições criadas'!$A$1:$H$656,4,FALSE),IF($J35="SINAPI",VLOOKUP($I35,SINAPI!$A$7:$D$12422,2,FALSE),IF(J35="SETOP",VLOOKUP($I35,SETOP!A:E,2,FALSE),"ERRO")))),"CÓDIGO DIGITADO INVÁLIDO") -> LUVA DE CORRER PVC PBA, JE, DN 50 / DE 60 MM, PARA REDE DE AGUA | C35: 30 | D35: UN | E35: 17.82 | F35: 0.12 | G35: =ROUND(E35*(1+F35),2) -> 19.96 | H35: =ROUND(C35*G35,2) -> 598.8 | I35: 3825 | J35: SINAPI
A36: 2.24. | B36: =IFERROR(IF($J36="COT",VLOOKUP($I36,COTAÇÃO!$A$3:$I$4661,4,FALSE),IF($J36="COMP",VLOOKUP($I36,'Composições criadas'!$A$1:$H$656,4,FALSE),IF($J36="SINAPI",VLOOKUP($I36,SINAPI!$A$7:$D$12422,2,FALSE),IF(J36="SETOP",VLOOKUP($I36,SETOP!A:E,2,FALSE),"ERRO")))),"CÓDIGO DIGITADO INVÁLIDO") -> LUVA DE CORRER PVC PBA, JE, DN 75 / DE 85 MM, PARA REDE DE AGUA | C36: 6 | D36: UN | E36: 38.93 | F36: 0.12 | G36: =ROUND(E36*(1+F36),2) -> 43.6 | H36: =ROUND(C36*G36,2) -> 261.6 | I36: 3827 | J36: SINAPI
A37: 2.25. | B37: TUBO P/ AGUA TK7JGS 250 6000 | C37: 160 | D37: M | E37: 782.25 | F37: 0.12 | G37: =ROUND(E37*(1+F37),2) -> 876.12 | H37: =ROUND(C37*G37,2) -> 140179.2 | I37: 5 | J37: COT
A38: 2.26. | B38: ASSENTAMENTO DE TUBO DE FERRO FUNDIDO PARA REDE DE ÁGUA, DN 250 MM, JUNTA ELÁSTICA, INSTALADO EM LOCAL COM NÍVEL ALTO DE INTERFERÊNCIAS (NÃO INCLUI FORNECIMENTO). AF_05/2024 | C38: 160 | D38: M | E38: 12.73 | F38: 0.12 | G38: =ROUND(E38*(1+F38),2) -> 14.26 | H38: =ROUND(C38*G38,2) -> 2281.6 | I38: 97145 | J38: SINAPI
A39: 2.27. | B39: COMPACTAÇÃO MANUAL DE ATERRO COM SOQUETE, INCLUSIVE ESPALHAMENTO MANUAL | C39: =(C13*0.4)*0.6 -> 573.6 | D39: M3 | E39: 77.29 | F39: =IF(M39=$N$8,$F$6,$H$6) -> 0.2594 | G39: =ROUND(E39*(1+F39),2) -> 97.34 | H39: =ROUND(C39*G39,2) -> 55834.22 | I39: ED-51097 | J39: SETOP | N39: =L39*G39 -> 0 | O39: =M39*G39 -> 0 | P39: =C39+L39-M39 -> 573.6 | Q39: =P39*G39 -> 55834.224 | S39: =R39*G39 -> 0 | U39: =T39*G39 -> 0 | W39: =V39*G39 -> 0 | Y39: =X39*G39 -> 0 | Z39: =R39+T39+V39+X39 -> 0 | AA39: =S39+U39+W39+Y39 -> 0 | AB39: =C39-Z39 -> 573.6 | AC39: =AB39*G39 -> 55834.224
A40: 2.28. | B40: =IFERROR(IF($J40="COT",VLOOKUP($I40,COTAÇÃO!$A$3:$I$4661,4,FALSE),IF($J40="COMP",VLOOKUP($I40,'Composições criadas'!$A$1:$H$656,4,FALSE),IF($J40="SINAPI",VLOOKUP($I40,SINAPI!$A$7:$D$12422,2,FALSE),IF(J40="SETOP",VLOOKUP($I40,SETOP!A:E,2,FALSE),"ERRO")))),"CÓDIGO DIGITADO INVÁLIDO") -> REATERRO MECANIZADO DE VALA COM RETROESCAVADEIRA (CAPACIDADE DA CAÇAMBA DA RETRO: 0,26 M³/POTÊNCIA: 88 HP), LARGURA ATÉ 0,8 M, PROFUNDIDADE ATÉ 1,5 M, COM SOLO (SEM SUBSTITUIÇÃO) DE 1ª CATEGORIA, COM COMPACTADOR DE SOLOS DE PERCUSSÃO. AF_08/2023 | C40: =(C13*0.6)*0.6 -> 860.4 | D40: M3 | E40: 27.85 | F40: =IF(M40=$N$8,$F$6,$H$6) -> 0.2594 | G40: =ROUND(E40*(1+F40),2) -> 35.07 | H40: =ROUND(C40*G40,2) -> 30174.23 | I40: 93378 | J40: SINAPI | N40: =L40*G40 -> 0 | O40: =M40*G40 -> 0 | P40: =C40+L40-M40 -> 860.4 | Q40: =P40*G40 -> 30174.228 | S40: =R40*G40 -> 0 | U40: =T40*G40 -> 0 | W40: =V40*G40 -> 0 | Y40: =X40*G40 -> 0 | Z40: =R40+T40+V40+X40 -> 0 | AA40: =S40+U40+W40+Y40 -> 0 | AB40: =C40-Z40 -> 860.4 | AC40: =AB40*G40 -> 30174.228
A41: 2.29. | B41: =IFERROR(IF($J41="COT",VLOOKUP($I41,COTAÇÃO!$A$3:$I$4661,4,FALSE),IF($J41="COMP",VLOOKUP($I41,'Composições criadas'!$A$1:$H$656,4,FALSE),IF($J41="SINAPI",VLOOKUP($I41,SINAPI!$A$7:$D$12422,2,FALSE),IF(J41="SETOP",VLOOKUP($I41,SETOP!A:E,2,FALSE),"ERRO")))),"CÓDIGO DIGITADO INVÁLIDO") -> EMBASAMENTO DE MATERIAL GRANULAR - PO DE PEDRA, ESPESSURA 10CM | C41: =(C13*0.1)*0.6 -> 143.4 | D41: M3 | E41: =IFERROR(IF($J41="COT",VLOOKUP($I41,COTAÇÃO!$A$3:$I$4661,9,FALSE),IF($J41="COMP",VLOOKUP($I41,'Composições criadas'!$A$1:$H$656,8,FALSE),IF($J41="SINAPI",VLOOKUP($I41,SINAPI!$A$7:$D$12422,4,FALSE),IF(J41="SETOP",VLOOKUP($I41,SETOP!A:D,4,FALSE),0)))),0) -> 193.84 | F41: =IF(M41=$N$8,$F$6,$H$6) -> 0.2594 | G41: =ROUND(E41*(1+F41),2) -> 244.12 | H41: =ROUND(C41*G41,2) -> 35006.81 | I41: CC7 | J41: COMP | N41: =L41*G41 -> 0 | O41: =M41*G41 -> 0 | P41: =C41+L41-M41 -> 143.4 | Q41: =P41*G41 -> 35006.808 | S41: =R41*G41 -> 0 | U41: =T41*G41 -> 0 | W41: =V41*G41 -> 0 | Y41: =X41*G41 -> 0 | Z41: =R41+T41+V41+X41 -> 0 | AA41: =S41+U41+W41+Y41 -> 0 | AB41: =C41-Z41 -> 143.4 | AC41: =AB41*G41 -> 35006.808
A42: 2.30. | B42: =IFERROR(IF($J42="COT",VLOOKUP($I42,COTAÇÃO!$A$3:$I$4661,4,FALSE),IF($J42="COMP",VLOOKUP($I42,'Composições criadas'!$A$1:$H$656,4,FALSE),IF($J42="SINAPI",VLOOKUP($I42,SINAPI!$A$7:$D$12422,2,FALSE),IF(J42="SETOP",VLOOKUP($I42,SETOP!A:E,2,FALSE),"ERRO")))),"CÓDIGO DIGITADO INVÁLIDO") -> RECOMPOSIÇÃO ASFÁLTICA CBUQ CAMADA DE 5 CM (130KG CBUQ POR M2) DESCARREGAMENTO MANUAL DO CAMINHÃO COM PÁ E ENXADA, COMPACTAÇÃO COM PLACA VIBRATÓRIA E APLICAÇÃO DE EMULSÃO 0,8L/M2 PARA ADERÊNCIA | C42: =120*0.6 -> 72 | D42: M2 | E42: 124.11 | F42: =IF(M42=$N$8,$F$6,$H$6) -> 0.2594 | G42: =ROUND(E42*(1+F42),2) -> 156.3 | H42: =ROUND(C42*G42,2) -> 11253.6 | I42: CC8 | J42: COMP | N42: =L42*G42 -> 0 | O42: =M42*G42 -> 0 | P42: =C42+L42-M42 -> 72 | Q42: =P42*G42 -> 11253.6 | S42: =R42*G42 -> 0 | U42: =T42*G42 -> 0 | W42: =V42*G42 -> 0 | Y42: =X42*G42 -> 0 | Z42: =R42+T42+V42+X42 -> 0 | AA42: =S42+U42+W42+Y42 -> 0 | AB42: =C42-Z42 -> 72 | AC42: =AB42*G42 -> 11253.6
A43: 2.31. | B43: =IFERROR(IF($J43="COT",VLOOKUP($I43,COTAÇÃO!$A$3:$I$4661,4,FALSE),IF($J43="COMP",VLOOKUP($I43,'Composições criadas'!$A$1:$H$656,4,FALSE),IF($J43="SINAPI",VLOOKUP($I43,SINAPI!$A$7:$D$12422,2,FALSE),IF(J43="SETOP",VLOOKUP($I43,SETOP!A:E,2,FALSE),"ERRO")))),"CÓDIGO DIGITADO INVÁLIDO") -> TRANSPORTE COM CAMINHÃO BASCULANTE DE 6 M³, EM VIA URBANA PAVIMENTADA, DMT ATÉ 30 KM (UNIDADE: M3XKM). AF_07/2020 | C43: =(1434/6)*10 -> 2390 | D43: M3XKM | E43: =IFERROR(IF($J43="COT",VLOOKUP($I43,COTAÇÃO!$A$3:$I$4661,9,FALSE),IF($J43="COMP",VLOOKUP($I43,'Composições criadas'!$A$1:$H$656,8,FALSE),IF($J43="SINAPI",VLOOKUP($I43,SINAPI!$A$7:$D$12422,4,FALSE),IF(J43="SETOP",VLOOKUP($I43,SETOP!A:D,4,FALSE),0)))),0) -> 2.96 | F43: =IF(M43=$N$8,$F$6,$H$6) -> 0.2594 | G43: 3.12 | H43: =ROUND(C43*G43,2) -> 7456.8 | I43: 97914 | J43: SINAPI | N43: =L43*G43 -> 0 | O43: =M43*G43 -> 0 | P43: =C43+L43-M43 -> 2390 | Q43: =P43*G43 -> 7456.8 | S43: =R43*G43 -> 0 | U43: =T43*G43 -> 0 | W43: =V43*G43 -> 0 | Y43: =X43*G43 -> 0 | Z43: =R43+T43+V43+X43 -> 0 | AA43: =S43+U43+W43+Y43 -> 0 | AB43: =C43-Z43 -> 2390 | AC43: =AB43*G43 -> 7456.8
A44: 2.32. | B44: =IFERROR(IF($J44="COT",VLOOKUP($I44,COTAÇÃO!$A$3:$I$4661,4,FALSE),IF($J44="COMP",VLOOKUP($I44,'Composições criadas'!$A$1:$H$656,4,FALSE),IF($J44="SINAPI",VLOOKUP($I44,SINAPI!$A$7:$D$12422,2,FALSE),IF(J44="SETOP",VLOOKUP($I44,SETOP!A:E,2,FALSE),"ERRO")))),"CÓDIGO DIGITADO INVÁLIDO") -> PISO EM CONCRETO, PREPARADO EM OBRA COM BETONEIRA, FCK 13,5MPA, SEM ARMAÇÃO, ACABAMENTO RÚSTICO, ESP. 8CM, INCLUSIVE FORNECIMENTO, LANÇAMENTO, ADENSAMENTO, SARRAFEAMENTO, EXCLUSIVE JUNTA DE DILATAÇÃO | C44: 190.4 | D44: M2 | E44: 96.98 | F44: =IF(M44=$N$8,$F$6,$H$6) -> 0.2594 | G44: =ROUND(E44*(1+F44),2) -> 122.14 | H44: =ROUND(C44*G44,2) -> 23255.46 | I44: ED-50571 | J44: SETOP | N44: =L44*G44 -> 0 | O44: =M44*G44 -> 0 | P44: =C44+L44-M44 -> 190.4 | Q44: =P44*G44 -> 23255.456 | S44: =R44*G44 -> 0 | U44: =T44*G44 -> 0 | W44: =V44*G44 -> 0 | Y44: =X44*G44 -> 0 | Z44: =R44+T44+V44+X44 -> 0 | AA44: =S44+U44+W44+Y44 -> 0 | AB44: =C44-Z44 -> 190.4 | AC44: =AB44*G44 -> 23255.456
A45: 2.33. | B45: =IFERROR(IF($J45="COT",VLOOKUP($I45,COTAÇÃO!$A$3:$I$4661,4,FALSE),IF($J45="COMP",VLOOKUP($I45,'Composições criadas'!$A$1:$H$656,4,FALSE),IF($J45="SINAPI",VLOOKUP($I45,SINAPI!$A$7:$D$12422,2,FALSE),IF(J45="SETOP",VLOOKUP($I45,SETOP!A:E,2,FALSE),"ERRO")))),"CÓDIGO DIGITADO INVÁLIDO") -> REMOÇÃO MANUAL COM REASSENTAMENTO DE CALÇADA PORTUGUESA, INCLUSIVE ARGAMASSA SECA, TIPO FAROFA COM PREPARO MECANIZADO, ASSENTAMENTO EM COLCHÃO DE AREIA E CIMENTO, ESPESSURA DE 6CM, REJUNTAMENTO, ACABAMENTO, AFASTAMENTO E EMPILHAMENTO, EXCLUSIVE TRANSPORTE E RETIRADA DO MATERIAL REMOVIDO NÃO REAPROVEITÁVEL | C45: 30 | D45: M2 | E45: =IFERROR(IF($J45="COT",VLOOKUP($I45,COTAÇÃO!$A$3:$I$4661,9,FALSE),IF($J45="COMP",VLOOKUP($I45,'Composições criadas'!$A$1:$H$656,8,FALSE),IF($J45="SINAPI",VLOOKUP($I45,SINAPI!$A$7:$D$12422,4,FALSE),IF(J45="SETOP",VLOOKUP($I45,SETOP!A:D,4,FALSE),0)))),0) -> 80.11 | F45: =IF(M45=$N$8,$F$6,$H$6) -> 0.2594 | G45: =ROUND(E45*(1+F45),2) -> 100.89 | H45: =ROUND(C45*G45,2) -> 3026.7 | I45: ED-50540 | J45: SETOP | N45: =L45*G45 -> 0 | O45: =M45*G45 -> 0 | P45: =C45+L45-M45 -> 30 | Q45: =P45*G45 -> 3026.7 | S45: =R45*G45 -> 0 | U45: =T45*G45 -> 0 | W45: =V45*G45 -> 0 | Y45: =X45*G45 -> 0 | Z45: =R45+T45+V45+X45 -> 0 | AA45: =S45+U45+W45+Y45 -> 0 | AB45: =C45-Z45 -> 30 | AC45: =AB45*G45 -> 3026.7
A46: 2.34. | B46: =IFERROR(IF($J46="COT",VLOOKUP($I46,COTAÇÃO!$A$3:$I$4661,4,FALSE),IF($J46="COMP",VLOOKUP($I46,'Composições criadas'!$A$1:$H$656,4,FALSE),IF($J46="SINAPI",VLOOKUP($I46,SINAPI!$A$7:$D$12422,2,FALSE),IF(J46="SETOP",VLOOKUP($I46,SETOP!A:E,2,FALSE),"ERRO")))),"CÓDIGO DIGITADO INVÁLIDO") -> CONTRAPISO DESEMPENADO COM ARGAMASSA, TRAÇO 1:3 (CIMENTO E AREIA), ESP. 30MM | C46: 190.4 | D46: M2 | E46: 47.45 | F46: =IF(M46=$N$8,$F$6,$H$6) -> 0.2594 | G46: =ROUND(E46*(1+F46),2) -> 59.76 | H46: =ROUND(C46*G46,2) -> 11378.3 | I46: ED-50568 | J46: SETOP | N46: =L46*G46 -> 0 | O46: =M46*G46 -> 0 | P46: =C46+L46-M46 -> 190.4 | Q46: =P46*G46 -> 11378.304 | S46: =R46*G46 -> 0 | U46: =T46*G46 -> 0 | W46: =V46*G46 -> 0 | Y46: =X46*G46 -> 0 | Z46: =R46+T46+V46+X46 -> 0 | AA46: =S46+U46+W46+Y46 -> 0 | AB46: =C46-Z46 -> 190.4 | AC46: =AB46*G46 -> 11378.304
A47: 2.35. | B47: =IFERROR(IF($J47="COT",VLOOKUP($I47,COTAÇÃO!$A$3:$I$4661,4,FALSE),IF($J47="COMP",VLOOKUP($I47,'Composições criadas'!$A$1:$H$656,4,FALSE),IF($J47="SINAPI",VLOOKUP($I47,SINAPI!$A$7:$D$12422,2,FALSE),IF(J47="SETOP",VLOOKUP($I47,SETOP!A:E,2,FALSE),"ERRO")))),"CÓDIGO DIGITADO INVÁLIDO") -> REVESTIMENTO COM CERÂMICA APLICADO EM PISO, ACABAMENTO ESMALTADO, AMBIENTE EXTERNO (ANTIDERRAPANTE), PADRÃO EXTRA, DIMENSÃO DA PEÇA ATÉ 2025 CM2, PEI V, ASSENTAMENTO COM ARGAMASSA INDUSTRIALIZADA, INCLUSIVE REJUNTAMENTO | C47: 60 | D47: M2 | E47: =IFERROR(IF($J47="COT",VLOOKUP($I47,COTAÇÃO!$A$3:$I$4661,9,FALSE),IF($J47="COMP",VLOOKUP($I47,'Composições criadas'!$A$1:$H$656,8,FALSE),IF($J47="SINAPI",VLOOKUP($I47,SINAPI!$A$7:$D$12422,4,FALSE),IF(J47="SETOP",VLOOKUP($I47,SETOP!A:D,4,FALSE),0)))),0) -> 68.81 | F47: =IF(M47=$N$8,$F$6,$H$6) -> 0.2594 | G47: =ROUND(E47*(1+F47),2) -> 86.66 | H47: =ROUND(C47*G47,2) -> 5199.6 | I47: ED-50543 | J47: SETOP | N47: =L47*G47 -> 0 | O47: =M47*G47 -> 0 | P47: =C47+L47-M47 -> 60 | Q47: =P47*G47 -> 5199.6 | S47: =R47*G47 -> 0 | U47: =T47*G47 -> 0 | W47: =V47*G47 -> 0 | Y47: =X47*G47 -> 0 | Z47: =R47+T47+V47+X47 -> 0 | AA47: =S47+U47+W47+Y47 -> 0 | AB47: =C47-Z47 -> 60 | AC47: =AB47*G47 -> 5199.6
A48: 2.36. | B48: =IFERROR(IF($J48="COT",VLOOKUP($I48,COTAÇÃO!$A$3:$I$4661,4,FALSE),IF($J48="COMP",VLOOKUP($I48,'Composições criadas'!$A$1:$H$656,4,FALSE),IF($J48="SINAPI",VLOOKUP($I48,SINAPI!$A$7:$D$12422,2,FALSE),IF(J48="SETOP",VLOOKUP($I48,SETOP!A:E,2,FALSE),"ERRO")))),"CÓDIGO DIGITADO INVÁLIDO") -> REVESTIMENTO COM LADRILHO HIDRÁULICO APLICADO EM PISO (20X20CM) COM JUNTA SECA, NA COR NATURAL, ASSENTAMENTO COM ARGAMASSA INDUSTRIALIZADA | C48: 40 | D48: M2 | E48: =IFERROR(IF($J48="COT",VLOOKUP($I48,COTAÇÃO!$A$3:$I$4661,9,FALSE),IF($J48="COMP",VLOOKUP($I48,'Composições criadas'!$A$1:$H$656,8,FALSE),IF($J48="SINAPI",VLOOKUP($I48,SINAPI!$A$7:$D$12422,4,FALSE),IF(J48="SETOP",VLOOKUP($I48,SETOP!A:D,4,FALSE),0)))),0) -> 71.16 | F48: =IF(M48=$N$8,$F$6,$H$6) -> 0.2594 | G48: =ROUND(E48*(1+F48),2) -> 89.62 | H48: =ROUND(C48*G48,2) -> 3584.8 | I48: ED-50580 | J48: SETOP | N48: =L48*G48 -> 0 | O48: =M48*G48 -> 0 | P48: =C48+L48-M48 -> 40 | Q48: =P48*G48 -> 3584.8 | S48: =R48*G48 -> 0 | U48: =T48*G48 -> 0 | W48: =V48*G48 -> 0 | Y48: =X48*G48 -> 0 | Z48: =R48+T48+V48+X48 -> 0 | AA48: =S48+U48+W48+Y48 -> 0 | AB48: =C48-Z48 -> 40 | AC48: =AB48*G48 -> 3584.8
A49: 2.37. | B49: =IFERROR(IF($J49="COT",VLOOKUP($I49,COTAÇÃO!$A$3:$I$4661,4,FALSE),IF($J49="COMP",VLOOKUP($I49,'Composições criadas'!$A$1:$H$656,4,FALSE),IF($J49="SINAPI",VLOOKUP($I49,SINAPI!$A$7:$D$12422,2,FALSE),IF(J49="SETOP",VLOOKUP($I49,SETOP!A:B,3,FALSE),"ERRO")))),"CÓDIGO DIGITADO INVÁLIDO") -> LAVAGEM DE RUA E PASSEIOS COM JATO DE ÁGUA, COM UTILIZAÇÃO DE CAMINHÃO PIPA | C49: =C14*10 -> 12420 | D49: M2 | E49: =IFERROR(IF($J49="COT",VLOOKUP($I49,COTAÇÃO!$A$3:$I$4661,9,FALSE),IF($J49="COMP",VLOOKUP($I49,'Composições criadas'!$A$1:$H$656,8,FALSE),IF($J49="SINAPI",VLOOKUP($I49,SINAPI!$A$7:$D$12422,4,FALSE),IF(J49="SETOP",VLOOKUP($I49,SETOP!A:B,5,FALSE),0)))),0) -> 1.42 | F49: =IF(M49=$N$8,$F$6,$H$6) -> 0.2594 | G49: =ROUND(E49*(1+F49),2) -> 1.79 | H49: =ROUND((C49*G49),2) -> 22231.8 | I49: CC9 | J49: COMP
A50: 3. | B50: ADMINISTRAÇÃO LOCAL | H50: =SUM(H51) -> 61409.48 | Q50: =SUM(#REF!) -> #REF! | S50: =SUM(#REF!) -> #REF! | U50: =SUM(#REF!) -> #REF! | W50: =SUM(#REF!) -> #REF! | Y50: =SUM(#REF!) -> #REF! | AA50: =SUM(#REF!) -> #REF! | AC50: =SUM(#REF!) -> #REF!
A51: 3.1. | B51: =IFERROR(IF($J51="COT",VLOOKUP($I51,COTAÇÃO!$A$3:$I$4661,4,FALSE),IF($J51="COMP",VLOOKUP($I51,'Composições criadas'!$A$1:$H$656,4,FALSE),IF($J51="SINAPI",VLOOKUP($I51,SINAPI!$A$7:$D$12422,2,FALSE),IF(J51="SETOP",VLOOKUP($I51,SETOP!A:B,3,FALSE),"ERRO")))),"CÓDIGO DIGITADO INVÁLIDO") -> ADMINISTRAÇÃO LOCAL DE OBRAS - ENCARREGADO GERAL, TÉCNICO DE SEGURANÇA E ENGENHEIRO RT EXECUÇÃO | C51: 1 | D51: SV | E51: =IFERROR(IF($J51="COT",VLOOKUP($I51,COTAÇÃO!$A$3:$I$4661,9,FALSE),IF($J51="COMP",VLOOKUP($I51,'Composições criadas'!$A$1:$H$656,8,FALSE),IF($J51="SINAPI",VLOOKUP($I51,SINAPI!$A$7:$D$12422,4,FALSE),IF(J51="SETOP",VLOOKUP($I51,SETOP!A:B,5,FALSE),0)))),0) -> 48760.9 | F51: =IF(M51=$N$8,$F$6,$H$6) -> 0.2594 | G51: =ROUND(E51*(1+F51),2) -> 61409.48 | H51: =ROUND((C51*G51),2) -> 61409.48 | I51: CC10 | J51: COMP | N51: =L51*G51 -> 0 | O51: =M51*G51 -> 0 | P51: =C51+L51-M51 -> 1 | Q51: =P51*G51 -> 61409.48 | S51: =R51*G51 -> 0 | U51: =T51*G51 -> 0 | W51: =V51*G51 -> 0 | Y51: =X51*G51 -> 0 | Z51: =R51+T51+V51+X51 -> 0 | AA51: =S51+U51+W51+Y51 -> 0 | AB51: =C51-Z51 -> 1 | AC51: =AB51*G51 -> 61409.48
A52: 4. | B52: AS BUILT | H52: =SUM(H53) -> 1238.64 | Q52: =SUM(Q53) -> 1238.64 | S52: =SUM(S53) -> 0 | U52: =SUM(U53) -> 0 | W52: =SUM(W53) -> 0 | Y52: =SUM(Y53) -> 0 | AA52: =SUM(AA53) -> 0 | AC52: =SUM(AC53) -> 1238.64
A53: 4.1. | B53: =IFERROR(IF($J53="COT",VLOOKUP($I53,COTAÇÃO!$A$3:$I$4661,4,FALSE),IF($J53="COMP",VLOOKUP($I53,'Composições criadas'!$A$1:$H$656,4,FALSE),IF($J53="SINAPI",VLOOKUP($I53,SINAPI!$A$7:$D$12422,2,FALSE),IF(J53="SETOP",VLOOKUP($I53,SETOP!A:B,3,FALSE),"ERRO")))),"CÓDIGO DIGITADO INVÁLIDO") -> DESENHISTA PROJETISTA COM ENCARGOS COMPLEMENTARES | C53: =3*8 -> 24 | D53: =IFERROR(IF($J53="COT",VLOOKUP($I53,COTAÇÃO!$A$3:$I$4661,5,FALSE),IF($J53="COMP",VLOOKUP($I53,'Composições criadas'!$A$1:$H$656,5,FALSE),IF($J53="SINAPI",VLOOKUP($I53,SINAPI!$A$7:$D$12422,3,FALSE),IF(J53="SETOP",VLOOKUP($I53,SETOP!A:B,4,FALSE),"ERRO")))),"ERRO") -> H | E53: =IFERROR(IF($J53="COT",VLOOKUP($I53,COTAÇÃO!$A$3:$I$4661,9,FALSE),IF($J53="COMP",VLOOKUP($I53,'Composições criadas'!$A$1:$H$656,8,FALSE),IF($J53="SINAPI",VLOOKUP($I53,SINAPI!$A$7:$D$12422,4,FALSE),IF(J53="SETOP",VLOOKUP($I53,SETOP!A:B,5,FALSE),0)))),0) -> 44.51 | F53: =IF(M53=$N$8,$F$6,$H$6) -> 0.2594 | G53: 51.61 | H53: =ROUND(C53*G53,2) -> 1238.64 | I53: 90775 | J53: SINAPI | N53: =L53*G53 -> 0 | O53: =M53*G53 -> 0 | P53: =C53+L53-M53 -> 24 | Q53: =P53*G53 -> 1238.64 | S53: =R53*G53 -> 0 | U53: =T53*G53 -> 0 | W53: =V53*G53 -> 0 | Y53: =X53*G53 -> 0 | Z53: =R53+T53+V53+X53 -> 0 | AA53: =S53+U53+W53+Y53 -> 0 | AB53: =C53-Z53 -> 24 | AC53: =AB53*G53 -> 1238.64
B54: TOTAL | H54: =SUM(H9+H12+H50+H52) -> 863412.52 | N54: =L54*F54 -> 0 | O54: =M54*F54 -> 0 | P54: =#REF!+L54-M54 -> #REF! | Q54: =SUM(Q9,Q12,Q50,Q52) -> #REF! | S54: =SUM(S9,S12,S50,S52) -> #REF! | U54: =SUM(U9,U12,U50,U52) -> #REF! | W54: =SUM(W9,W12,W50,W52) -> #REF! | Y54: =SUM(Y9,Y12,Y50,Y52) -> #REF! | AA54: =SUM(AA9,AA12,AA50,AA52) -> #REF! | AC54: =SUM(AC9,AC12,AC50,AC52) -> #REF!

Sheet Planilha Esgoto
A1: REDES E RAMAIS DE ÁGUA | C1: SINAPI 01/2026 | D1: SETOP 10/2025 | E1: BDI FORN.: | F1: 0.12 | G1: BDI SERV.: | H1: 0.2594 | I1: =H23 -> 188677.01
A2: ITEM | B2: DESCRIÇÃO DO ITEM | C2: QUANTID. | D2: UNIDADE | E2: CUSTO (R$) | I2: SINAPI, COTAÇÃO OU COMPOSIÇÃO | J2: SINAPI/SETOP-MG COMPOSIÇÃO OU COTAÇÃO?
E3: UNIT. S/ BDI | F3: BDI | G3: UNIT. C/ BDI | H3: TOTAL
A4: 1 | B4: SUBSTITUIÇÃO DE REDES E RAMAIS DE ÁGUA E ESGOTO | H4: =SUM(H5:H18) -> 178423.1
A5: 1.1. | B5: =IFERROR(IF($J5="COT",VLOOKUP($I5,COTAÇÃO!$A$3:$I$4661,4,FALSE),IF($J5="COMP",VLOOKUP($I5,'Composições criadas'!$A$1:$H$656,4,FALSE),IF($J5="SINAPI",VLOOKUP($I5,SINAPI!$A$7:$D$12422,2,FALSE),IF(J5="SETOP",VLOOKUP($I5,SETOP!A:E,2,FALSE),"ERRO")))),"CÓDIGO DIGITADO INVÁLIDO") -> LOCAÇÃO DE REDE DE ÁGUA OU ESGOTO. AF_03/2024 | C5: 880 | D5: M | E5: 11.1 | F5: 0.2594 | G5: 11.1 | H5: =C5*G5 -> 9768 | I5: 99063 | J5: SINAPI
A6: 1.2. | B6: =IFERROR(IF($J6="COT",VLOOKUP($I6,COTAÇÃO!$A$3:$I$4661,4,FALSE),IF($J6="COMP",VLOOKUP($I6,'Composições criadas'!$A$1:$H$656,4,FALSE),IF($J6="SINAPI",VLOOKUP($I6,SINAPI!$A$7:$D$12422,2,FALSE),IF(J6="SETOP",VLOOKUP($I6,SETOP!A:E,2,FALSE),"ERRO")))),"CÓDIGO DIGITADO INVÁLIDO") -> TRANSPORTE COM CAMINHÃO BASCULANTE DE 6 M³, EM VIA URBANA PAVIMENTADA, DMT ATÉ 30 KM (UNIDADE: M3XKM). AF_07/2020 | C6: =(C7/3)*6 -> 1056 | D6: M3XKM | E6: 3.12 | F6: 0.2594 | G6: 3.93 | H6: =C6*G6 -> 4150.08 | I6: 97914 | J6: SINAPI
A7: 1.3. | B7: =IFERROR(IF($J7="COT",VLOOKUP($I7,COTAÇÃO!$A$3:$I$4661,4,FALSE),IF($J7="COMP",VLOOKUP($I7,'Composições criadas'!$A$1:$H$656,4,FALSE),IF($J7="SINAPI",VLOOKUP($I7,SINAPI!$A$7:$D$12422,2,FALSE),IF(J7="SETOP",VLOOKUP($I7,SETOP!A:E,2,FALSE),"ERRO")))),"CÓDIGO DIGITADO INVÁLIDO") -> ESCAVAÇÃO MECANIZADA DE VALA COM PROF. ATÉ 1,5 M (MÉDIA MONTANTE E JUSANTE/UMA COMPOSIÇÃO POR TRECHO), RETROESCAV. (0,26 M3), LARG. MENOR QUE 0,8 M, EM SOLO DE 1A CATEGORIA, EM LOCAIS COM ALTO NÍVEL DE INTERFERÊNCIA. AF_09/2024 | C7: =(C5*0.6)*1 -> 528 | D7: M3 | E7: 17.21 | F7: 0.2594 | G7: =ROUND(E7*(1+F7),2) -> 21.67 | H7: =C7*G7 -> 11441.76 | I7: 90099 | J7: SINAPI
A8: 1.4. | B8: =IFERROR(IF($J8="COT",VLOOKUP($I8,COTAÇÃO!$A$3:$I$4661,4,FALSE),IF($J8="COMP",VLOOKUP($I8,'Composições criadas'!$A$1:$H$656,4,FALSE),IF($J8="SINAPI",VLOOKUP($I8,SINAPI!$A$7:$D$12422,2,FALSE),IF(J8="SETOP",VLOOKUP($I8,SETOP!A:E,2,FALSE),"ERRO")))),"CÓDIGO DIGITADO INVÁLIDO") -> PREPARO DE FUNDO DE VALA COM LARGURA MENOR QUE 1,5 M (ACERTO DO SOLO NATURAL). AF_08/2020 | C8: =C5*0.6 -> 528 | D8: M2 | E8: 8.8 | F8: 0.2594 | G8: 11.08 | H8: =C8*G8 -> 5850.24 | I8: 101616 | J8: SINAPI
A9: 1.5. | B9: ASSENTAMENTO DE TUBO DE PVC CORRUGADO DE DUPLA PAREDE PARA REDE COLETORA DE ESGOTO, DN 150 | C9: 880 | D9: M | E9: 6.48 | F9: 0.2594 | G9: 8.16 | H9: =C9*G9 -> 7180.8 | I9: 90742 | J9: SINAPI
A10: 1.6. | B10: TUBO PVC CORRUGADO, PAREDE DUPLA, JE, DN 150 MM/ DE 160 MM, REDE | C10: 880 | D10: M | E10: 63.81 | F10: 0.12 | G10: 71.47 | H10: =C10*G10 -> 62893.6 | I10: 38032 | J10: SINAPI
A11: 1.7. | B11: RAMAL DOMICILIAR DE ESGOTO PVC DN 100MM PAREDE MACIÇA, PADRÃO SAAE, FORNECIMENTO E INSTALAÇÃO, INCLUINDO ESCAVAÇÃO E REATERRO | C11: 90 | D11: SV | E11: 88.63 | F11: 0.2594 | G11: 111.62 | H11: =C11*G11 -> 10045.8 | I11: CC11 | J11: COMP
A12: 1.8. | B12: BASE PARA POÇO DE VISITA CIRCULAR PARA ESGOTO, EM CONCRETO PRÉ-MOLDADO, DIÂMETRO INTERNO = 0,80M, PROFUNDIDADE = 1,35 M, EXCLUINDO TAMPÃO. AF_12/2020 | C12: 10 | D12: SV | E12: 1068.49 | F12: 0.2594 | G12: 1345.66 | H12: =C12*G12 -> 13456.6 | I12: 97978 | J12: SINAPI
A13: 1.9. | B13: TAMPAO FOFO ARTICULADO, COM BASE / REQUADRO, CLASSE D400 CARGA MAX 40 T, REDONDO, TAMPA 600 MM (COM INSCRICAO EM RELEVO DO TIPO DE REDE) | C13: 10 | D13: UN | E13: 457.2 | F13: 0.12 | G13: 512.06 | H13: =C13*G13 -> 5120.6 | I13: 11301 | J13: SINAPI
A14: 1.10. | B14: ASSENTAMENTO DE TAMPÃO EM FERRO FUNDIDO | C14: 10 | D14: SV | E14: 134.64 | F14: 0.2594 | G14: 169.57 | H14: =C14*G14 -> 1695.7 | I14: CC14 | J14: COMP
A15: 1.11. | B15: ANEL EM CONCRETO ARMADO, LISO, PARA POCOS DE INSPECAO, SEM FUNDO, DIAMETRO INTERNO DE 0,80 M E ALTURA DE 0,50 M | C15: 15 | D15: UN | E15: 134.64 | F15: 0.12 | G15: 150.8 | H15: =C15*G15 -> 2262 | I15: 43442 | J15: SINAPI
A16: 1.12. | B16: COMPACTAÇÃO MANUAL DE ATERRO COM SOQUETE, INCLUSIVE ESPALHAMENTO MANUAL | C16: =(C5*0.4)*0.6 -> 211.2 | D16: M3 | E16: 77.29 | F16: 0.2594 | G16: 97.34 | H16: =C16*G16 -> 20558.208 | I16: ED-51097 | J16: SETOP
A17: 1.13. | B17: =IFERROR(IF($J17="COT",VLOOKUP($I17,COTAÇÃO!$A$3:$I$4661,4,FALSE),IF($J17="COMP",VLOOKUP($I17,'Composições criadas'!$A$1:$H$656,4,FALSE),IF($J17="SINAPI",VLOOKUP($I17,SINAPI!$A$7:$D$12422,2,FALSE),IF(J17="SETOP",VLOOKUP($I17,SETOP!A:E,2,FALSE),"ERRO")))),"CÓDIGO DIGITADO INVÁLIDO") -> REATERRO MECANIZADO DE VALA COM RETROESCAVADEIRA (CAPACIDADE DA CAÇAMBA DA RETRO: 0,26 M³/POTÊNCIA: 88 HP), LARGURA ATÉ 0,8 M, PROFUNDIDADE ATÉ 1,5 M, COM SOLO (SEM SUBSTITUIÇÃO) DE 1ª CATEGORIA, COM COMPACTADOR DE SOLOS DE PERCUSSÃO. AF_08/2023 | C17: =(C5*0.6)*0.6 -> 316.8 | D17: M3 | E17: 27.85 | F17: 0.2594 | G17: 35.07 | H17: =C17*G17 -> 11110.176 | I17: 93378 | J17: SINAPI
A18: 1.14. | B18: =IFERROR(IF($J18="COT",VLOOKUP($I18,COTAÇÃO!$A$3:$I$4661,4,FALSE),IF($J18="COMP",VLOOKUP($I18,'Composições criadas'!$A$1:$H$656,4,FALSE),IF($J18="SINAPI",VLOOKUP($I18,SINAPI!$A$7:$D$12422,2,FALSE),IF(J18="SETOP",VLOOKUP($I18,SETOP!A:E,2,FALSE),"ERRO")))),"CÓDIGO DIGITADO INVÁLIDO") -> EMBASAMENTO DE MATERIAL GRANULAR - PO DE PEDRA, ESPESSURA 10CM | C18: =(C5*0.1)*0.6 -> 52.8 | D18: M3 | E18: =IFERROR(IF($J18="COT",VLOOKUP($I18,COTAÇÃO!$A$3:$I$4661,9,FALSE),IF($J18="COMP",VLOOKUP($I18,'Composições criadas'!$A$1:$H$656,8,FALSE),IF($J18="SINAPI",VLOOKUP($I18,SINAPI!$A$7:$D$12422,4,FALSE),IF(J18="SETOP",VLOOKUP($I18,SETOP!A:D,4,FALSE),0)))),0) -> 193.84 | F18: 0.2594 | G18: 244.12 | H18: =C18*G18 -> 12889.536 | I18: CC7 | J18: COMP
A19: 2. | B19: ADMINISTRAÇÃO LOCAL | H19: =H20 -> 9995.86
A20: 2.1. | B20: =IFERROR(IF($J20="COT",VLOOKUP($I20,COTAÇÃO!$A$3:$I$4661,4,FALSE),IF($J20="COMP",VLOOKUP($I20,'Composições criadas'!$A$1:$H$656,4,FALSE),IF($J20="SINAPI",VLOOKUP($I20,SINAPI!$A$7:$D$12422,2,FALSE),IF(J20="SETOP",VLOOKUP($I20,SETOP!A:B,3,FALSE),"ERRO")))),"CÓDIGO DIGITADO INVÁLIDO") -> ADMINISTRAÇÃO LOCAL DE OBRAS - ENCARREGADO GERAL, TÉCNICO DE SEGURANÇA E ENGENHEIRO RT EXECUÇÃO | C20: 1 | D20: SV | E20: 7937 | F20: 0.2594 | G20: =ROUND(E20*(1+F20),2) -> 9995.86 | H20: =C20*G20 -> 9995.86 | I20: CC10 | J20: COMP
A21: 3. | B21: AS BUILT | H21: =H22 -> 258.05
A22: 3.1. | B22: =IFERROR(IF($J22="COT",VLOOKUP($I22,COTAÇÃO!$A$3:$I$4661,4,FALSE),IF($J22="COMP",VLOOKUP($I22,'Composições criadas'!$A$1:$H$656,4,FALSE),IF($J22="SINAPI",VLOOKUP($I22,SINAPI!$A$7:$D$12422,2,FALSE),IF(J22="SETOP",VLOOKUP($I22,SETOP!A:B,3,FALSE),"ERRO")))),"CÓDIGO DIGITADO INVÁLIDO") -> DESENHISTA PROJETISTA COM ENCARGOS COMPLEMENTARES | C22: 5 | D22: =IFERROR(IF($J22="COT",VLOOKUP($I22,COTAÇÃO!$A$3:$I$4661,5,FALSE),IF($J22="COMP",VLOOKUP($I22,'Composições criadas'!$A$1:$H$656,5,FALSE),IF($J22="SINAPI",VLOOKUP($I22,SINAPI!$A$7:$D$12422,3,FALSE),IF(J22="SETOP",VLOOKUP($I22,SETOP!A:B,4,FALSE),"ERRO")))),"ERRO") -> H | E22: =IFERROR(IF($J22="COT",VLOOKUP($I22,COTAÇÃO!$A$3:$I$4661,9,FALSE),IF($J22="COMP",VLOOKUP($I22,'Composições criadas'!$A$1:$H$656,8,FALSE),IF($J22="SINAPI",VLOOKUP($I22,SINAPI!$A$7:$D$12422,4,FALSE),IF(J22="SETOP",VLOOKUP($I22,SETOP!A:B,5,FALSE),0)))),0) -> 44.51 | F22: 0.2594 | G22: 51.61 | H22: =C22*G22 -> 258.05 | I22: 90775 | J22: SINAPI
B23: TOTAL | H23: =H21+H19+H4 -> 188677.01

Sheet Aux
I3: Mat | J3: MO | K3: Soma | L3: Total
C4: kg/m | D4: Barras/m | E4: kg/m² | F4: Área m² | G4: Peso kg | H4: Peso +10% | I4: R$/kg | J4: R$/kg | K4: R$/kg | L4: R$
B5: Gradeamento em aço inoxidável 2"x1/4" espaçamento 3 cm, 612x320 cm, inclusive inserções e instalação. | C5: =(2*0.0254)*(1/4*0.0254)*7850 -> 2.532253 | D5: =1/0.03 -> 33.333333 | E5: =C5*D5 -> 84.408433 | F5: =6.12*3.2 -> 19.584 | G5: =F5*E5 -> 1653.0548 | H5: =G5*1.1 -> 1818.3602 | I5: =807.47/(0.006*7850) -> 17.143737 | J5: =0.2*I5 -> 3.4287473 | K5: =ROUND(I5+J5,2) -> 20.57 | L5: =H5*K5 -> 37403.67
B6: Gradeamento em aço inoxidável 2"x1/4" espaçamento 10,27 cm, 612x320 cm, inclusive inserções e instalação. | C6: =(2*0.0254)*(1/4*0.0254)*7850 -> 2.532253 | D6: =1/0.1027 -> 9.7370983 | E6: =C6*D6 -> 24.656796 | F6: =6.12*3.2 -> 19.584 | G6: =F6*E6 -> 482.8787 | H6: =G6*1.1 -> 531.16657 | I6: =I5 -> 17.143737 | J6: =0.2*I6 -> 3.4287473 | K6: =ROUND(I6+J6,2) -> 20.57 | L6: =H6*K6 -> 10926.096
J10: TUBO | T10: FLANGES | V10: TOTAL
D11: D | E11: d | F11: e | G11: h | H11: (D-2e) | I11: (d-2e) | J11: Re | K11: re | L11: Ri | M11: ri | N11: h | O11: VE | P11: VI | Q11: V | R11: dens | S11: Peso | T11: D | U11: d | V11: kg
D12: 800 | E12: 350 | F12: 18.2 | G12: 1000 | H12: =(D12-2*F12)/1000 -> 0.7636 | I12: =(E12-2*F12)/1000 -> 0.3136 | J12: =D12/2000 -> 0.4 | K12: =E12/2000 -> 0.175 | L12: =H12/2 -> 0.3818 | M12: =I12/2 -> 0.1568 | N12: =G12/1000 -> 1 | O12: =PI()*N12/3*(J12^2+J12*K12+K12^2) -> 0.27292586 | P12: =PI()*N12/3*(L12^2+L12*M12+M12^2) -> 0.24108972 | Q12: =O12-P12 -> 0.031836146 | R12: 7050 | S12: =ROUND(Q12*R12,0) -> 224 | T12: 117 | U12: 26 | V12: =S12+T12+U12 -> 367
D13: 600 | E13: 250 | F13: 18.2 | G13: 280 | H13: =(D13-2*F13)/1000 -> 0.5636 | I13: =(E13-2*F13)/1000 -> 0.2136 | J13: =D13/2000 -> 0.3 | K13: =E13/2000 -> 0.125 | L13: =H13/2 -> 0.2818 | M13: =I13/2 -> 0.1068 | N13: =G13/1000 -> 0.28 | O13: =PI()*N13/3*(J13^2+J13*K13+K13^2) -> 0.041966442 | P13: =PI()*N13/3*(L13^2+L13*M13+M13^2) -> 0.035453754 | Q13: =O13-P13 -> 0.0065126874 | R13: 7051 | S13: =ROUND(Q13*R13,0) -> 46 | T13: 82 | U13: 14.5 | V13: =S13+T13+U13 -> 142.5
E15: m ou m² | F15: k/m ou m² | G15: kg
D16: L 1.1/2x1/4 | E16: =2.037*2+7.064*2+7.064*2 -> 32.33 | F16: 3.548 | G16: =E16*F16 -> 114.70684
D17: L 2.1/2x1/4 | E17: =2.037 -> 2.037 | F17: 6.129 | G17: =E17*F17 -> 12.484773
D18: T 1.1/2x3/16 | E18: =2.037*4+7.064 -> 15.212 | F18: 2.72 | G18: =E18*F18 -> 41.37664
D19: Tela Inox 1/8*10mm | E19: =2.037*7.064 -> 14.389368 | F19: =PI()*(1/8*0.0254)^2/4*1.25*7850/0.01*2 -> 15.53771 | G19: =E19*F19 -> 223.57782
G20: =SUM(G16:G19) -> 392.14608

Sheet Eq
C4: Peso kg | D4: R$/pç | E4: R$/kg
B5: Curva 90° com flanges - Linha Clássica DN 800 PN 16 - 563 kg | C5: 563
B7: Curva 90º com flanges - C90FF16 400 | C7: =155/1 -> 155 | D7: 4483.9 | E7: =D7/C7 -> 28.928387
B8: Curva 90º com flanges - C90FF10 700 | C8: =1040/2 -> 520 | D8: 12229.05 | E8: =D8/C8 -> 23.517404
B10: Curva 90º com flanges - C90FF10 350 | C10: =378.8/4 -> 94.7 | D10: 1424.39 | E10: =D10/C10 -> 15.041077
B13: Curva 45º com flanges - C45FF16 600 | C13: =580/2 -> 290 | D13: 8213.48 | E13: =D13/C13 -> 28.322345
B15: Curva 45º com flanges - C45FF10 400 | C15: =97.5/1 -> 97.5 | D15: 1813.59 | E15: =D15/C15 -> 18.600923
B17: Curva 45º com flanges - C45FF10 600 | C17: =286/1 -> 286 | D17: 4874.04 | E17: =D17/C17 -> 17.042098

Sheet Composição Fase I
B1: COMPOSIÇÕES
A2: FASE I
H4: PREÇO REFERENCIAL
A5: CÓDIGO | D5: DESCRIÇÃO DO SERVIÇO OU FORNECIMENTO | E5: UNIDADE | F5: DATA BASE | G5: FONTE | H5: =SUM(H8:H11) -> 3161.5
A6: 001 | D6: ADAPTAÇÃO DAS GRADES DE PISO EXISTENTES, INCLUSIVE CORTES E SOLDAS, COM VISTAS AO SEU APROVEITAMENTO NA ESTRUTURA PROJETADA. | E6: Un. | F6: 42934 | G6: SINAPI | H6: CUSTO TOTAL
B7: FONTE | C7: CÓDIGO | D7: DESCRIÇÃO DO INSUMO | E7: UNIDADE | F7: COEFICIENTE | G7: CUSTO UNITÁRIO
B8: SINAPI | C8: 88315 | D8: SERRALHEIRO COM ENCARGOS COMPLEMENTARES | E8: H | F8: 40 | G8: 15.33 | H8: =G8*F8 -> 613.2
B9: SINAPI | C9: 88251 | D9: AUXILIAR DE SERRALHEIRO COM ENCARGOS COMPLEMENTARES | E9: H | F9: 40 | G9: 12.31 | H9: =G9*F9 -> 492.4
B10: SINAPI-I | C10: 00039914 | D10: SOLDA EM VARETA FOSCOPER, D = *2,5* MM X COMPRIMENTO 500 MM | E10: Kg | F10: 10 | G10: 134.71 | H10: =G10*F10 -> 1347.1
B11: SINAPI | C11: 88317 | D11: SOLDADOR COM ENCARGOS COMPLEMENTARES | E11: H | F11: 40 | G11: 17.72 | H11: =G11*F11 -> 708.8
A12: Observações:
H14: PREÇO REFERENCIAL
A15: CÓDIGO | D15: DESCRIÇÃO DO SERVIÇO OU FORNECIMENTO | E15: UNIDADE | F15: DATA BASE | G15: FONTE | H15: =SUM(H18:H22) -> #REF!
A16: 004 | D16: FORNECIMENTO E INSTALACAO DE TALHA E TROLE MANUAL DE 5 TONELADAS | E16: Un. | F16: 42940 | G16: SINAPI | H16: CUSTO TOTAL
B17: FONTE | C17: CÓDIGO | D17: DESCRIÇÃO DO INSUMO | E17: UNIDADE | F17: COEFICIENTE | G17: CUSTO UNITÁRIO
B18: SINAPI | C18: 88279 | D18: MONTADOR ELETROMECÂNICO COM ENCARGOS COMPLEMENTARES | E18: H | F18: 3 | G18: 21.03 | H18: =G18*F18 -> 63.09
B19: SINAPI | C19: 88316 | D19: SERVENTE COM ENCARGOS COMPLEMENTARES | E19: H | F19: 3 | G19: 11.64 | H19: =G19*F19 -> 34.92
B20: SINAPI | C20: 92145 | D20: CAMINHONETE CABINE SIMPLES COM MOTOR 1.6 FLEX, CÂMBIO MANUAL, POTÊNCIA 101/104 CV, 2 PORTAS - CHP DIURNO. | E20: CHP | F20: 8 | G20: 75.6 | H20: =G20*F20 -> 604.8
B21: Cotação | C21: 171 | D21: =COTAÇÃO!#REF! -> #REF! | E21: UN. | F21: 0.6 | G21: =COTAÇÃO!#REF! -> #REF! | H21: =G21*F21 -> #REF!
B22: Cotação | C22: 172 | D22: =COTAÇÃO!#REF! -> #REF! | E22: UN. | F22: 1 | G22: =COTAÇÃO!#REF! -> #REF! | H22: =G22*F22 -> #REF!
A23: Observações:
H25: PREÇO REFERENCIAL
A26: CÓDIGO | D26: DESCRIÇÃO DO SERVIÇO OU FORNECIMENTO | E26: UNIDADE | F26: DATA BASE | G26: FONTE | H26: =SUM(H29:H30) -> #REF!
A27: 005 | D27: PÓRTICO TALHA 5 T, 3 APOIOS, TROLE E TALHA MANUAL, COM DIMENSOES CONFORME PROJETO - FORNECIMENTO E INSTALAÇÃO | E27: Un. | F27: 42940 | G27: SINAPI | H27: CUSTO TOTAL
B28: FONTE | C28: CÓDIGO | D28: DESCRIÇÃO DO INSUMO | E28: UNIDADE | F28: COEFICIENTE | G28: CUSTO UNITÁRIO
B29: Cotação | C29: 021 | D29: =COTAÇÃO!#REF! -> #REF! | E29: UN. | F29: 1 | G29: =COTAÇÃO!#REF! -> #REF! | H29: =G29*F29 -> #REF!
B30: Composição | C30: 004 | D30: =D16 -> FORNECIMENTO E INSTALACAO DE TALHA E TROLE MANUAL DE 5 TONELADAS | E30: UN. | F30: 1 | G30: =H15 -> #REF! | H30: =G30*F30 -> #REF!
A31: Observações:
H33: PREÇO REFERENCIAL
A34: CÓDIGO | D34: DESCRIÇÃO DO SERVIÇO OU FORNECIMENTO | E34: UNIDADE | F34: DATA BASE | G34: FONTE | H34: =SUM(H37:H38) -> #REF!
A35: 006 | D35: PÓRTICO TALHA 1 T, 3 APOIOS, TROLE E TALHA MANUAL, COM DIMENSOES CONFORME PROJETO - FORNECIMENTO E INSTALAÇÃO | E35: Un. | F35: 42940 | G35: SINAPI | H35: CUSTO TOTAL
B36: FONTE | C36: CÓDIGO | D36: DESCRIÇÃO DO INSUMO | E36: UNIDADE | F36: COEFICIENTE | G36: CUSTO UNITÁRIO
B37: Cotação | C37: 115 | D37: =COTAÇÃO!#REF! -> #REF! | E37: UN. | F37: 1 | G37: =COTAÇÃO!#REF! -> #REF! | H37: =G37*F37 -> #REF!
B38: SINAPI | C38: 73661 | D38: FORNECIMENTO E INSTALACAO DE TALHA E TROLE MANUAL DE 1 TONELADA | E38: UN. | F38: 1 | G38: 1918.71 | H38: =G38*F38 -> 1918.71
A39: Observações:
